Workbook

Sheet Итого по видам (распредел.) 
A1: Сведения о предоставлении из бюджета Саратовской области межбюджетных трансфертов местным бюджетам
A2: за I полугодие 2018 года
F3: тыс. рублей
A4: № п/п | B4: Наименование | C4: Код бюджетной классификации | D4: Утвержденные бюджетные назначения* | E4: Исполнение | F4: % исполнение
A5: 1 | B5: 2 | C5: 3 | D5: 4 | E5: 5 | F5: 6
A6: 1. | B6: Дотации - всего | D6: =SUM(D7:D10) -> 3186054.2 | E6: =SUM(E7:E10) -> 1648506 | F6: =E6/D6*100 -> 51.741304
A7: 1.1. | B7: Дотации бюджетам городских округов области, связанные с особым режимом безопасного функционирования закрытых административно-территориальных образований | C7: 000 1401 6640170200 511 | D7: =Дотации!E56 -> 109224 | E7: =Дотации!F56 -> 54614 | F7: =Дотации!G56 -> 50.001831
A8: 1.2. | B8: Дотации на выравнивание бюджетной обеспеченности поселений области | C8: 000 1401 6640170100 511 | D8: =Дотации!H56 -> 38727.4 | E8: =Дотации!I56 -> 19362 | F8: =Дотации!J56 -> 49.99561
A9: 1.3. | B9: Дотации на выравнивание бюджетной обеспеченности муниципальных районов (городских округов) области | C9: 000 1401 6640150100 511 | D9: =Дотации!K56 -> 2858787.3 | E9: =Дотации!L56 -> 1484872 | F9: =Дотации!M56 -> 51.940625
A10: 1.4. | B10: Дотации на поддержку мер по обеспечению сбалансированности бюджетов | C10: 000 1401 6640170300 511 | D10: =Дотации!N56 -> 179315.5 | E10: =Дотации!O56 -> 89658 | F10: =Дотации!P56 -> 50.000139
A11: 2. | B11: Субсидии - всего | D11: =SUM(D12:D44) -> 5903131.9 | E11: =SUM(E12:E44) -> 999452.2 | F11: =E11/D11*100 -> 16.93088
A12: 2.1. | B12: Субсидии на создание в дошкольных образовательных организациях, организациях дополнительного образования детей (в том числе в организациях, осуществляющих образовательную деятельность по адаптированным основным общеобразовательным программам) условий для получения детьми-инвалидами качественного образования | C12: 000 0701 51107R0270 521 | D12: =Субсидии!E77 -> 1734 | E12: =Субсидии!F77 -> 73 | F12: =Субсидии!G77 -> 4.2099193
A13: 2.2. | B13: Субсидии на создание в организациях дополнительного образования детей, организациях дополнительного образования детей (в том числе в организациях, осуществляющих образовательную деятельность по адаптированным основным общеобразовательным программам) условий для получения детьми-инвалидами качественного образования | C13: 000 0703 51216R0270 521 | D13: =Субсидии!H77 -> 1853.9 | E13: =Субсидии!I77 -> 451.1 | F13: =Субсидии!J77 -> 24.332488
A14: 2.3. | B14: Субсидии на создание в общеобразовательных организациях, расположенных в сельской местности, условий для занятий физической культурой и спортом | C14: 000 0702 51207R0970 521 | D14: =Субсидии!K77 -> 19123.3 | E14: 0 | F14: 0
A15: 2.4. | B15: Субсидии на софинансирование капитальных вложений в объекты муниципальной собственности | C15: 000 0702 51801R1120 522 | D15: =Субсидии!N77 -> 652250.3 | E15: =Субсидии!O77 -> 32364.1 | F15: =Субсидии!P77 -> 4.9619142
A16: 2.5. | B16: Субсидии на реализацию мероприятий по содействию созданию (исходя из прогнозируемой потребности) новых мест в общеобразовательных организациях | C16: 000 0702 51801R5200 520 | D16: =Субсидии!Q77 -> 560151.3 | E16: 0 | F16: 0
A17: 2.6. | B17: Субсидии на исполнение муниципальных программ в целях реализации мероприятий по стимулированию программ развития жилищного строительства субъектов Российской Федерации в рамках приоритетного проекта «Ипотека и арендное жилье» | C17: 000 1403 531П3R0210 522 | D17: =Субсидии!T77 -> 311783.2 | E17: 0 | F17: 0
A18: 2.7. | B18: Субсидии на реализацию мероприятий по обеспечению жильем молодых семей | C18: 000 1003 53302R4970 521 | D18: =Субсидии!W77 -> 64605.5 | E18: 0 | F18: 0
A19: 2.8. | B19: Субсидии на поддержку творческой деятельности и укрепление материально-технической базы муниципальных театров в населенных пунктах с численностью населения до 300 тысяч человек | C19: 000 0801 55206R4660 520 | D19: =Субсидии!Z77 -> 11316.7 | E19: =Субсидии!AA77 -> 10096 | F19: =Субсидии!AB77 -> 89.213287
A20: 2.9. | B20: Субсидии на поддержку отрасли культуры на комплектование книжных фондов муниципальных общедоступных библиотек | C20: 000 0801 55402R5191 520 | D20: =Субсидии!AC77 -> 1289.4 | E20: =Субсидии!AD77 -> 959.4 | F20: =Субсидии!AE77 -> 74.406701
A21: 2.10. | B21: Субсидии на поддержку отрасли культуры на подключение муниципальных общедоступных библиотек к информационно-телекоммуникационной сети «Интернет» и развитие библиотечного дела с учетом задачи расширения информационных технологий и оцифровки | C21: 000 0801 55405R5193 520 | D21: =Субсидии!AF77 -> 4482.98 | E21: =Субсидии!AG77 -> 2995.8 | F21: =Субсидии!AH77 -> 66.826084
A22: 2.11. | B22: Субсидии на обеспечение развития и укрепления материально-технической базы домов культуры в населенных пунктах с числом жителей до 50 тысяч человек | C22: 000 0801 55А12R4670 521 | D22: =Субсидии!AI77 -> 47678.8 | E22: =Субсидии!AJ77 -> 7209 | F22: =Субсидии!AK77 -> 15.119928
A23: 2.12. | B23: Субсидии на поддержку отрасли культуры на оснащение музыкальными инструментами детских школ искусств | C23: 000 0801 55А15R5195 521 | D23: =Субсидии!AL77 -> 352 | E23: =Субсидии!AM77 -> 50 | F23: =Субсидии!AN77 -> 14.204545
A24: 2.13. | B24: Субсидии на поддержку отрасли культуры на государственную поддержку муниципальных учреждений культуры, находящихся на территории сельских поселений | C24: 000 0801 55Б04R5192 520 | D24: =Субсидии!AO77 -> 2400 | E24: =Субсидии!AP77 -> 1745.6 | F24: =Субсидии!AQ77 -> 72.733333
A25: 2.14. | B25: Субсидии на поддержку отрасли культуры на государственную поддержку лучших работников муниципальных учреждений культуры, находящихся на территории сельских поселений | C25: 000 0801 55Б04R5194 520 | D25: =Субсидии!AR77 -> 1050 | E25: =Субсидии!AS77 -> 800 | F25: =Субсидии!AT77 -> 76.190476
A26: 2.15. | B26: Субсидии на строительство и реконструкцию малобюджетных физкультурно-спортивных объектов шаговой доступности, плоскостных сооружений | C26: 000 1102 56401R4950 522 | D26: =Субсидии!AU77 -> 33252.3 | E26: 0 | F26: 0
A27: 2.16. | B27: Субсидии на закупку комплектов искусственных покрытий для футбольных полей для спортивных детско-юношеских школ области, включая их доставку и сертификацию полей | C27: 000 1101 56405R4950 521 | D27: =Субсидии!AX77 -> 10810.8 | E27: 0 | F27: 0
A28: 2.17. | B28: Субсидии на обеспечение деятельности муниципальных бизнес-инкубаторов | C28: 000 0412 5830171100 521 | D28: =Субсидии!BA77 -> 4860 | E28: =Субсидии!BB77 -> 2430 | F28: =Субсидии!BC77 -> 50
A29: 2.18. | B29: Субсидии на софинансирование расходных обязательств по реализации мероприятий муниципальных программ развития малого и среднего предпринимательства монопрофильных муниципальных образований | C29: 000 0412 58302R5270 520 | D29: =Субсидии!BD77 -> 6152.1 | E29: 0 | F29: 0
A30: 2.19. | B30: Субсидия на капитальный ремонт, ремонт и содержание автомобильных дорог общего пользования местного значения за счет средств областного дорожного фонда | C30: 000 0409 60202D7200 521 | D30: =Субсидии!BG77 -> 100000 | E30: =Субсидии!BH77 -> 100000 | F30: =Субсидии!BI77 -> 100
A31: 2.20. | B31: Субсидия на осуществление дорожной деятельности в отношении автомобильных дорог общего пользования местного значения Саратовской агломерации в границах городских округов области за счет средств областного дорожного фонда | C31: 000 0409 602П1D7600 521 | D31: =Субсидии!BJ77 -> 850170 | E31: =Субсидии!BK77 -> 245000 | F31: =Субсидии!BL77 -> 28.817766
A32: 2.21. | B32: Субсидии на комплексное обустройство объектами социальной и инженерной инфраструктуры населенных пунктов, расположенных в сельской местности, на строительство и реконструкцию автомобильных дорог | C32: 000 0409 61505R5670 522 | D32: =Субсидии!BM77 -> 22756.3 | E32: 0 | F32: 0
A33: 2.22. | B33: Субсидии на осуществление дорожной деятельности в отношении автомобильных дорог общего пользования местного значения Саратовской агломерации в границах городских поселений области | C33: 000 0409 060214D7800 521 | D33: =Субсидии!BP77 -> 149630 | E33: =Субсидии!BQ77 -> 38584.6 | F33: =Субсидии!BR77 -> 25.786674
A34: 2.23. | B34: Субсидии на капитальный ремонт, ремонт и содержание автомобильных дорог общего пользования местного значения за счет средств областного дорожного фонда | C34: 000 0409 60207D7300 521 | D34: =Субсидии!BS77 -> 258000 | E34: 0 | F34: 0
A35: 2.24. | B35: Субсидии на обеспечение расходных обязательств, связанных с повышением оплаты труда отдельным категориям работников бюджетной сферы в целях реализации Указа Президента Российской Федерации от 7 мая 2012 года № 597 «О мероприятиях по реализации государственной социальной политики» и Указа Президента Российской Федерации от 1 июня 2012 года № 761 «О национальной стратегии действий в интересах детей на 2012 - 2017 годы» | C35: 000 1403 6640171800 521 | D35: =Субсидии!BV77 -> 565108 | E35: =Субсидии!BW77 -> 228219.9 | F35: =Субсидии!BX77 -> 40.385183
A36: 2.25. | B36: Субсидии на обеспечение повышения оплаты труда некоторых категорий работников муниципальных учреждений | C36: 000 1403 6640172300 521 | D36: =Субсидии!BY77 -> 696076.1 | E36: =Субсидии!BZ77 -> 175574.5 | F36: =Субсидии!CA77 -> 25.223463
A37: 2.26. | B37: Субсидии на реализацию проектов развития муниципальных образований области, основанных на местных инициативах | C37: 000 0113 6640572100 521 | D37: =Субсидии!CB77 -> 50000
A38: 2.27. | B38: Субсидии на поддержку муниципальных программ формирования современной городской среды | C38: 000 0503 69101R5550 522 | D38: =Субсидии!CE77 -> 589461.1 | E38: 0 | F38: 0
A39: 2.28. | B39: Субсидии на поддержку обустройства мест массового отдыха населения (городских парков) | C39: 000 0505 53В02R5600 521 | D39: =Субсидии!CH77 -> 16274.5 | E39: 0 | F39: 0
A40: 2.29. | B40: Субсидии бюджетам муниципальных районов и городских округов области на реализацию расходных обязательств, возникающих при выполнении полномочий по решению вопросов местного значения | C40: 000 1403 6640172200 521 | D40: =Субсидии!CK77 -> 727825.1 | E40: =Субсидии!CL77 -> 110925.3 | F40: =Субсидии!CM77 -> 15.240653
A41: 2.30. | B41: Субсидии бюджетам муниципальных районов области на мероприятия по развитию сети общеобразовательных организаций в сельской местности ** | C41: 000 0702 61505W5670 521 | D41: =Субсидии!CN77 -> 4617.2 | E41: =Субсидии!CO77 -> 4617.2 | F41: =Субсидии!CP77 -> 100
A42: 2.31. | B42: Субсидии бюджетам городских округов области в целях реализации мероприятий в области обращения с отходами | C42: 000 0605 62403R5660 521 | D42: =Субсидии!CQ77 -> 99114.6 | E42: 0 | F42: 0
A43: 2.32. | B43: Субсидии на реализацию мероприятий по устойчивому развитию сельских территорий за счет средств резервного фонда Правительства Российской Федерации ** | C43: 000 0702 61505R567F 521 | D43: =Субсидии!CT77 -> 37356.7 | E43: =Субсидии!CU77 -> 37356.7 | F43: =Субсидии!CV77 -> 100
A44: 2.33. | B44: Субсидии на реализацию мероприятий по устойчивому развитию сельских территорий *** | C44: 000 0405 61504R5670 521 | D44: =Субсидии!CW77 -> 1595.7 | E44: 0 | F44: 0
A45: 3. | B45: Субвенции - всего | D45: 17243636 | E45: 9324782.4 | F45: 54.1
A46: 3.1. | B46: Субвенция на частичное финансирование расходов на присмотр и уход за детьми дошкольного возраста в муниципальных образовательных организациях, реализующих основную общеобразовательную программу дошкольного образования | C46: 000 0701 5110576900 530 | D46: ='Субвенции '!E364 -> 76887 | E46: ='Субвенции '!F364 -> 33575.9 | F46: ='Субвенции '!G364 -> 43.669151
A47: 3.2. | B47: Субвенция на осуществление органами местного самоуправления государственных полномочий по организации предоставления компенсации родительской платы за присмотр и уход за детьми в образовательных организациях, реализующих основную общеобразовательную программу дошкольного образования | C47: 000 0709 5110577800 530 | D47: ='Субвенции '!H364 -> 16258.7 | E47: ='Субвенции '!I364 -> 7077.6 | F47: ='Субвенции '!J364 -> 43.531156
A48: 3.3. | B48: Субвенция на компенсацию родительской платы за присмотр и уход за детьми в образовательных организациях, реализующих основную общеобразовательную программу дошкольного образования | C48: 000 1004 5110577900 530 | D48: ='Субвенции '!K364 -> 389273.8 | E48: ='Субвенции '!L364 -> 224947.7 | F48: ='Субвенции '!M364 -> 57.786499
A49: 3.4. | B49: Субвенция на финансовое обеспечение образовательной деятельности муниципальных дошкольных образовательных организаций | C49: 000 0701 5110676700 530 | D49: ='Субвенции '!N364 -> 4341578.3 | E49: ='Субвенции '!O364 -> 2132535.6 | F49: ='Субвенции '!P364 -> 99.143834
A50: 3.5. | B50: Субвенция на осуществление органами местного самоуправления отдельных государственных полномочий по предоставлению субсидий частным дошкольным образовательным организациям на возмещение затрат на обеспечение образовательной деятельности | C50: 000 0701 5110676800 530 | D50: ='Субвенции '!Q364 -> 31823.5 | E50: ='Субвенции '!R364 -> 13837.6 | F50: ='Субвенции '!S364 -> 43.482332
A51: 3.6. | B51: Субвенция на организацию осуществления органами местного самоуправления отдельных государственных полномочий по предоставлению субсидий частным дошкольным образовательным организациям на возмещение затрат на обеспечение образовательной деятельности | C51: 000 0709 5110677400 530 | D51: ='Субвенции '!T364 -> 318.2 | E51: ='Субвенции '!U364 -> 61.7 | F51: ='Субвенции '!V364 -> 19.390321
A52: 3.7. | B52: Субвенция на предоставление питания отдельным категориям обучающихся в муниципальных образовательных организациях, реализующих образовательные программы начального общего, основного общего и среднего общего образования | C52: 000 0702 5121377200 530 | D52: ='Субвенции '!W364 -> 268349.8 | E52: ='Субвенции '!X364 -> 114322.7 | F52: ='Субвенции '!Y364 -> 42.602119
A53: 3.8. | B53: Субвенция на осуществление органами местного самоуправления государственных полномочий по организации предоставления питания отдельным категориям обучающихся в муниципальных образовательных организациях, реализующих образовательные программы начального общего, основного общего и среднего общего образования, и частичному финансированию расходов на присмотр и уход за детьми дошкольного возраста в муниципальных образовательных организациях, реализующих основную общеобразовательную программу дошкольного образования | C53: 000 0709 5121377300 530 | D53: ='Субвенции '!Z364 -> 18202.1 | E53: ='Субвенции '!AA364 -> 7524.7429 | F53: ='Субвенции '!AB364 -> 41.339971
A54: 3.9. | B54: Субвенция на финансовое обеспечение образовательной деятельности муниципальных общеобразовательных учреждений | C54: 000 0702 5121477000 530 | D54: ='Субвенции '!AC364 -> 11033299 | E54: ='Субвенции '!AD364 -> 6254581.8 | F54: ='Субвенции '!AE364 -> 56.688231
A55: 3.10. | B55: Субвенция на осуществление органами местного самоуправления отдельных государственных полномочий по предоставлению субсидии частным общеобразовательным организациям, осуществляющим образовательную деятельность по имеющим государственную аккредитацию основным общеобразовательным программам, на возмещение затрат на обеспечение образовательной деятельности | C55: 000 0702 5121477100 530 | D55: ='Субвенции '!AF364 -> 77128.1 | E55: ='Субвенции '!AG364 -> 35838.9 | F55: ='Субвенции '!AH364 -> 46.466722
A56: 3.11. | B56: Субвенция на организацию осуществления органами местного самоуправления отдельных государственных полномочий по предоставлению субсидии частным общеобразовательным организациям, осуществляющим образовательную деятельность по имеющим государственную аккредитацию основным общеобразовательным программам, на возмещение затрат на обеспечение образовательной деятельности | C56: 000 0709 5121477500 530 | D56: ='Субвенции '!AI364 -> 771.3 | E56: ='Субвенции '!AJ364 -> 211.3 | F56: ='Субвенции '!AK364 -> 27.395307
A57: 3.12. | B57: Субвенция на осуществление органами местного самоуправления отдельных государственных полномочий по осуществлению деятельности по опеке и попечительству в отношении несовершеннолетних граждан в части расходов на оплату труда, уплату страховых взносов по обязательному социальному страхованию в государственные внебюджетные фонды Российской Федерации, обеспечение деятельности штатных работников | C57: 000 0709 5150177Е00 530 | D57: ='Субвенции '!AL364 -> 45498.1 | E57: ='Субвенции '!AM364 -> 21194.6 | F57: ='Субвенции '!AN364 -> 46.583484
A58: 3.13. | B58: Субвенция на осуществление органами местного самоуправления отдельных государственных полномочий по осуществлению деятельности по опеке и попечительству в отношении несовершеннолетних граждан в части расходов на обеспечение деятельности по сохранению, содержанию и ремонту пустующих жилых помещений, закрепленных за детьми-сиротами и детьми, оставшимися без попечения родителей | C58: 000 1004 5150177И00 530 | D58: ='Субвенции '!AO364 -> 1869.4 | E58: ='Субвенции '!AP364 -> 269.4 | F58: ='Субвенции '!AQ364 -> 14.411041
A59: 3.14. | B59: Субвенция на осуществление органами местного самоуправления государственных полномочий по организации предоставления гражданам субсидий на оплату жилого помещения и коммунальных услуг | C59: 000 1003 5212377Б00 530 | D59: ='Субвенции '!AR364 -> 41971.8 | E59: ='Субвенции '!AS364 -> 18553.9 | F59: ='Субвенции '!AT364 -> 44.205633
A60: 3.15. | B60: Субвенция на осуществление органами местного самоуправления государственных полномочий по предоставлению гражданам субсидий на оплату жилого помещения и коммунальных услуг | C60: 000 1003 5212477В00 530 | D60: ='Субвенции '!AU364 -> 717930.1 | E60: ='Субвенции '!AV364 -> 378825.1 | F60: ='Субвенции '!AW364 -> 52.766293
A61: 3.16. | B61: Субвенция на осуществление органами местного самоуправления государственных полномочий по созданию и организации деятельности комиссий по делам несовершеннолетних и защите их прав | C61: 000 0113 6511076600 530 000 0113 9610076600 530 | D61: ='Субвенции '!AX364 -> 18390.8 | E61: ='Субвенции '!AY364 -> 8112.4 | F61: ='Субвенции '!AZ364 -> 44.111186
A62: 3.17. | B62: Субвенция на осуществление органами местного самоуправления государственных полномочий по образованию и обеспечению деятельности административных комиссий, определению перечня должностных лиц, уполномоченных составлять протоколы об административных правонарушениях | C62: 000 0113 6511176500 530 000 0113 9610076500 530 | D62: ='Субвенции '!BA364 -> 11052.4 | E62: ='Субвенции '!BB364 -> 4521.6 | F62: ='Субвенции '!BC364 -> 40.910571
A63: 3.18. | B63: Субвенция на исполнение государственных полномочий по расчету и предоставлению дотаций поселениям | C63: 000 1403 6640176100 530 | D63: ='Субвенции '!BD364 -> 71120.1 | E63: ='Субвенции '!BE364 -> 35779.1 | F63: ='Субвенции '!BF364 -> 50.308
A64: 3.19. | B64: Субвенция на осуществление органами местного самоуправления отдельных государственных полномочий по санкционированию финансовыми органами муниципальных образований области кассовых выплат получателям средств областного бюджета, областным государственным автономным и бюджетным учреждениям, иным юридическим лицам, не являющимся участниками бюджетного процесса, расположенным на территориях муниципальных образований области | C64: 000 0106 6640177А00 530 | D64: ='Субвенции '!BG364 -> 9316 | E64: ='Субвенции '!BH364 -> 4263.7 | F64: ='Субвенции '!BI364 -> 45.767497
A65: 3.20. | B65: Субвенция на осуществление органами местного самоуправления поселений и органами местного самоуправления городских округов полномочий по первичному воинскому учету на территориях, где отсутствуют военные комиссариаты | C65: 000 0203 9020051180 530 | D65: ='Субвенции '!BJ364 -> 37350.6 | E65: ='Субвенции '!BK364 -> 15767.1 | F65: ='Субвенции '!BL364 -> 42.21378
A66: 3.21. | B66: Субвенция на осуществление государственных полномочий по составлению (изменению) списков кандидатов в присяжные заседатели федеральных судов общей юрисдикции в Российской Федерации | C66: 000 0105 9020051200 530 | D66: ='Субвенции '!BM364 -> 2821.7 | E66: ='Субвенции '!BN364 -> 2282.8 | F66: ='Субвенции '!BO364 -> 80.901584
A67: 3.22. | B67: Субвенция на осуществление органами местного самоуправления отдельных государственных полномочий по государственному управлению охраной труда | C67: 000 0401 9610076300 530 | D67: ='Субвенции '!BP364 -> 9718 | E67: ='Субвенции '!BQ364 -> 4146.6 | F67: ='Субвенции '!BR364 -> 42.669274
A68: 3.23. | B68: Субвенция на осуществление органами местного самоуправления отдельных государственных полномочий по осуществлению деятельности по опеке и попечительству в отношении совершеннолетних граждан | C68: 000 1006 9610076400 530 | D68: ='Субвенции '!BS364 -> 14130.3 | E68: ='Субвенции '!BT364 -> 5938 | F68: ='Субвенции '!BU364 -> 42.02317
A69: 3.24. | B69: Субвенция на осуществление органами местного самоуправления отдельных государственных полномочий на организацию проведения мероприятий по отлову и содержанию безнадзорных животных | C69: 000 0405 9610077Г00 530 | D69: ='Субвенции '!BV364 -> 129.1 | E69: ='Субвенции '!BW364 -> 2.7 | F69: ='Субвенции '!BX364 -> 2.091402
A70: 3.25. | B70: Субвенция на проведение мероприятий по отлову и содержанию безнадзорных животных | C70: 000 0405 9610077Д00 530 | D70: ='Субвенции '!BY364 -> 8448.5 | E70: ='Субвенции '!BZ364 -> 609.9 | F70: ='Субвенции '!CA364 -> 7.219033
A71: 4. | B71: Иные межбюджетные трансферты | D71: =SUM(D72:D80) -> 1126201.5 | E71: =SUM(E72:E80) -> 71555.6 | F71: =E71/D71*100 -> 6.353712
A72: 4.1. | B72: Иные межбюджетные трансферты на реализацию мероприятий по подготовке и проведению чемпионата мира по футболу в 2018 году в Российской Федерации | C72: 000 1102 5640851540 540 | D72: =Иные!E71 -> 99800 | E72: 0 | F72: 0
A73: 4.2. | B73: Иные межбюджетные трансферты на финансовое обеспечение дорожной деятельности **** | C73: 000 0409 602П153900 540 | D73: =Иные!H71 -> 270000 | E73: 0 | F73: 0
A74: 4.3. | B74: Иные межбюджетные трансферты на осуществление полномочий органов местного самоуправления в области энергосбережения и повышения энергетической эффективности | C74: 000 1403 6640178500 540 | D74: =Иные!K71 -> 100000 | E74: =Иные!L71 -> 22251.9 | F74: =Иные!M71 -> 22.2519
A75: 4.4. | B75: Иные межбюджетные трансферты в целях обеспечения надлежащего осуществления полномочий по решению вопросов местного значения | C75: 000 1403 6640179200 540 | D75: =Иные!N71 -> 12476 | E75: =Иные!O71 -> 4022.8 | F75: =Иные!P71 -> 32.244309
A76: 4.5. | B76: Иные межбюджетные трансферты на размещение социально значимой информации в печатных средствах массовой информации, учрежденных органами местного самоуправления | C76: 000 1204 6651778600 540 | D76: =Иные!Q71 -> 10000 | E76: 0 | F76: 0
A77: 4.6. | B77: Иные межбюджетные трансферты в целях проведения работ по благоустройству набережной и строительству эллингов, а также для благоустройства пешеходной зоны | C77: 000 0503 9930079100 540 | D77: =Иные!T71 -> 68011.6 | E77: =Иные!U71 -> 39280.9 | F77: =Иные!V71 -> 57.756177
A78: 4.7. | B78: Иные межбюджетные трансферты за счет средств, выделяемых из резервного фонда Правительства Саратовской области ***** | C78: 000 0406 6640379990 540 | D78: =Иные!W71 -> 6000 | E78: =Иные!X71 -> 6000 | F78: =Иные!Y71 -> 100
A79: 4.8. | B79: Иные межбюджетные трансферты бюджетам муниципальных районов и городских округов области стимулирующего (поощрительного) характера | C79: 000 1403 6640178A00 540 | D79: =Иные!Z71 -> 146500 | E79: 0 | F79: 0
A80: 4.9. | B80: Иные межбюджетные трансферты бюджетам муниципальных районов и городских округов области на создание дополнительных мест для детей в возрасте от 2 месяцев до 3 лет в образовательных организациях, осуществляющих образовательную деятельность по образовательным программам дошкольного образования | C80: 000 0701 51101R1590 540 | D80: =Иные!AC71 -> 413413.9 | E80: 0 | F80: 0
B81: ВСЕГО межбюджетных трансфертов местным бюджетам | D81: =D6+D11+D45+D71 -> 27459024 | E81: =E6+E11+E45+E71 -> 12044296 | F81: =E81/D81*100 -> 43.862798
A83: * в соответствии с Законом Саратовской области «Об областном бюджете на 2018 год и на плановый период 2019 и 2020 годов» в редакции от 28.05.2018 года и с распределениями, утвержденными правовыми актами области
A84: ** в соответствии с распределением, утвержденным постановлением Правительства Саратовской области от 7 июня 2018 года № 310-П «О распределении в 2018 году и порядке предоставления из областного бюджета субсидии бюджетам муниципальных районов области на мероприятия по развитию сети общеобразовательных организаций в сельской местности и условиях ее расходования»
A85: *** в соответствии с распределением, утвержденным постановлением Правительства Саратовской области от 1 августа 2017 года № 390-П (ред. от 20.06.2018 г.) «О распределении на 2018 год и порядке предоставления из областного бюджета субсидии бюджетам муниципальных районов области по грантовой поддержке местных инициатив граждан, проживающих в сельской местности, в рамках реализации муниципальных программ по устойчивому развитию сельских территорий и условиях ее расходования»
A86: **** в соответствии с распределением, утвержденным распоряжением Правительства Саратовской области от 28 февраля 2018 года № 54-Пр «О распределении на 2018 год иных межбюджетных трансфертов бюджетам поселений области на осуществление дорожной деятельности в отношении автомобильных дорог общего пользования местного значения Саратовской агломерации в границах поселений области в рамках приоритетного проекта «Безопасные и качественные дороги» за счет средств областного дорожного фонда»
A87: ***** в соответствии с распределением, утвержденным распоряжением Правительства Саратовской области от 4 апреля 2018 года № 90-Пр «О подготовке к безаварийному пропуску весеннего половодья в 2018 году»

Sheet Всего (с учетом нераспред)
A1: Сведения о предоставлении из бюджета Саратовской области межбюджетных трансфертов местным бюджетам за I полугодие 2018 года
O2: тыс.рублей
A3: Наименование муниципальных образований | B3: Всего | E3: в том числе
E4: Дотации | H4: Субсидии | K4: Субвенции | N4: Иные межбюджетные трансферты
B6: утвержденные бюджетные назначения | C6: исполнено | D6: % исполнения | E6: утвержденные бюджетные назначения* | F6: исполнено | G6: % исполнения | H6: утвержденные бюджетные назначения** | I6: исполнено | J6: % исполнения | K6: утвержденные бюджетные назначения* | L6: исполнено | M6: % исполнения | N6: утвержденные бюджетные назначения *** | O6: исполнено | P6: % исполнения
A7: Муниципальные районы области: | B7: 18759742 | C7: 8584856.8 | D7: 45.8 | E7: =Дотации!B7 -> 2959086.6 | F7: =Дотации!C7 -> 1535020 | G7: =Дотации!D7 -> 51.874791 | H7: =Субсидии!B8 -> 3345152.9 | I7: =Субсидии!C8 -> 506161.2 | J7: =Субсидии!D8 -> 15.131183 | K7: ='Субвенции '!B10 -> 12033217 | L7: ='Субвенции '!C10 -> 6516183 | M7: ='Субвенции '!D10 -> 54.151628 | N7: =Иные!B7 -> 422284.1 | O7: =Иные!C7 -> 27492.3 | P7: =Иные!D7 -> 6.5103801
A8: Александрово-Гайский | B8: 316892.9 | C8: 148288.4 | D8: 46.8 | E8: =Дотации!B8 -> 74035.7 | F8: =Дотации!C8 -> 37018 | G8: =Дотации!D8 -> 50.000203 | H8: =Субсидии!B9 -> 49156.88 | I8: =Субсидии!C9 -> 6659.2 | J8: =Субсидии!D9 -> 13.546832 | K8: ='Субвенции '!B11 -> 184708.8 | L8: ='Субвенции '!C11 -> 102463.66 | M8: ='Субвенции '!D11 -> 55.473081 | N8: =Иные!B8 -> 8991.5 | O8: =Иные!C8 -> 2147.5 | P8: =Иные!D8 -> 23.883668
A9: Аркадакский | B9: 286513 | C9: 145198 | D9: 50.7 | E9: =Дотации!B9 -> 79091.4 | F9: =Дотации!C9 -> 39546 | G9: =Дотации!D9 -> 50.000379 | H9: =Субсидии!B10 -> 28441.98 | I9: =Субсидии!C10 -> 6480.5 | J9: =Субсидии!D10 -> 22.784982 | K9: ='Субвенции '!B12 -> 175586.4 | L9: ='Субвенции '!C12 -> 99171.486 | M9: ='Субвенции '!D12 -> 56.480164 | N9: =Иные!B9 -> 3393.2 | O9: =Иные!C9 -> 0 | P9: =Иные!D9 -> 0
A10: Аткарский | B10: 442339.9 | C10: 226768.1 | D10: 51.3 | E10: =Дотации!B10 -> 100568.9 | F10: =Дотации!C10 -> 50286 | G10: =Дотации!D10 -> 50.001541 | H10: =Субсидии!B11 -> 52532.86 | I10: =Субсидии!C11 -> 14280.5 | J10: =Субсидии!D11 -> 27.183938 | K10: ='Субвенции '!B13 -> 288848 | L10: ='Субвенции '!C13 -> 162161.55 | M10: ='Субвенции '!D13 -> 56.140791 | N10: =Иные!B10 -> 390.1 | O10: =Иные!C10 -> 40 | P10: =Иные!D10 -> 10.253781
A11: Базарно-Карабулакский | B11: 399870.1 | C11: 198177.6 | D11: 49.6 | E11: =Дотации!B11 -> 113874.5 | F11: =Дотации!C11 -> 56938 | G11: =Дотации!D11 -> 50.000659 | H11: =Субсидии!B12 -> 36623.18 | I11: =Субсидии!C12 -> 7918.9 | J11: =Субсидии!D12 -> 21.622644 | K11: ='Субвенции '!B14 -> 245272.3 | L11: ='Субвенции '!C14 -> 133320.69 | M11: ='Субвенции '!D14 -> 54.356194 | N11: =Иные!B11 -> 4100.1 | O11: =Иные!C11 -> 0 | P11: =Иные!D11 -> 0
A12: Балаковский | B12: 1481018.6 | C12: 772838.5 | D12: 52.2 | E12: =Дотации!B12 -> 0 | F12: =Дотации!C12 -> 0 | G12: =Дотации!D12 -> 0 | H12: =Субсидии!B13 -> 84632.56 | I12: =Субсидии!C13 -> 17612.2 | J12: =Субсидии!D13 -> 20.810194 | K12: ='Субвенции '!B15 -> 1382813.4 | L12: ='Субвенции '!C15 -> 755183.28 | M12: ='Субвенции '!D15 -> 54.612088 | N12: =Иные!B12 -> 13572.6 | O12: =Иные!C12 -> 43 | P12: =Иные!D12 -> 0.31681476
A13: Балашовский | B13: 1106245.1 | C13: 557109.5 | D13: 50.4 | E13: =Дотации!B13 -> 169778.7 | F13: =Дотации!C13 -> 84888 | G13: =Дотации!D13 -> 49.999205 | H13: =Субсидии!B14 -> 199000.16 | I13: =Субсидии!C14 -> 64794.1 | J13: =Субсидии!D14 -> 32.559823 | K13: ='Субвенции '!B16 -> 730616 | L13: ='Субвенции '!C16 -> 401111.75 | M13: ='Субвенции '!D16 -> 54.900488 | N13: =Иные!B13 -> 6850.1 | O13: =Иные!C13 -> 6315.6 | P13: =Иные!D13 -> 92.197194
A14: Балтайский | B14: 203550.8 | C14: 88790.1 | D14: 43.6 | E14: =Дотации!B14 -> 49028.8 | F14: =Дотации!C14 -> 24516 | G14: =Дотации!D14 -> 50.003263 | H14: =Субсидии!B15 -> 41551.28 | I14: =Субсидии!C15 -> 3916.9 | J14: =Субсидии!D15 -> 9.4266651 | K14: ='Субвенции '!B17 -> 104772.3 | L14: ='Субвенции '!C17 -> 60207.217 | M14: ='Субвенции '!D17 -> 57.464823 | N14: =Иные!B14 -> 8198.4 | O14: =Иные!C14 -> 150 | P14: =Иные!D14 -> 1.8296253
A15: Вольский | B15: 808431.1 | C15: 400239 | D15: 49.5 | E15: =Дотации!B15 -> 67371.1 | F15: =Дотации!C15 -> 33686 | G15: =Дотации!D15 -> 50.000668 | H15: =Субсидии!B16 -> 104168.76 | I15: =Субсидии!C16 -> 23943.5 | J15: =Субсидии!D16 -> 22.985298 | K15: ='Субвенции '!B18 -> 635936.7 | L15: ='Субвенции '!C18 -> 342459.47 | M15: ='Субвенции '!D18 -> 53.851188 | N15: =Иные!B15 -> 954.6 | O15: =Иные!C15 -> 150 | P15: =Иные!D15 -> 15.713388
A16: Воскресенский | B16: 205393.3 | C16: 83579.4 | D16: 40.7 | E16: =Дотации!B16 -> 38416.6 | F16: =Дотации!C16 -> 19210 | G16: =Дотации!D16 -> 50.004425 | H16: =Субсидии!B17 -> 29849.88 | I16: =Субсидии!C17 -> 3603.4 | J16: =Субсидии!D17 -> 12.07174 | K16: ='Субвенции '!B19 -> 106240.4 | L16: ='Субвенции '!C19 -> 60765.987 | M16: ='Субвенции '!D19 -> 57.196685 | N16: =Иные!B16 -> 30886.4 | O16: =Иные!C16 -> 0 | P16: =Иные!D16 -> 0
A17: Дергачевский | B17: 309267.4 | C17: 148708.9 | D17: 48.1 | E17: =Дотации!B17 -> 91289.8 | F17: =Дотации!C17 -> 45642 | G17: =Дотации!D17 -> 49.996823 | H17: =Субсидии!B18 -> 36288.98 | I17: =Субсидии!C18 -> 6243.9 | J17: =Субсидии!D18 -> 17.20605 | K17: ='Субвенции '!B20 -> 179918.6 | L17: ='Субвенции '!C20 -> 96223.034 | M17: ='Субвенции '!D20 -> 53.481427 | N17: =Иные!B17 -> 1770 | O17: =Иные!C17 -> 600 | P17: =Иные!D17 -> 33.898305
A18: Духовницкий | B18: 178082.7 | C18: 85219.6 | D18: 47.9 | E18: =Дотации!B18 -> 30891.5 | F18: =Дотации!C18 -> 21244 | G18: =Дотации!D18 -> 68.769726 | H18: =Субсидии!B19 -> 32913.18 | I18: =Субсидии!C19 -> 4655.1 | J18: =Субсидии!D19 -> 14.143574 | K18: ='Субвенции '!B21 -> 102404.3 | L18: ='Субвенции '!C21 -> 58889.65 | M18: ='Субвенции '!D21 -> 57.507009 | N18: =Иные!B18 -> 11873.7 | O18: =Иные!C18 -> 430.8 | P18: =Иные!D18 -> 3.6281867
... A50: ЗАТО Шиханы | B50: 150138.3 | C50: 70974.8 | D50: 47.3 | E50: =Дотации!B50 -> 75974.1 | F50: =Дотации!C50 -> 37986 | G50: =Дотации!D50 -> 49.998618 | H50: =Субсидии!B51 -> 9044.9 | I50: =Субсидии!C51 -> 2020.5 | J50: =Субсидии!D51 -> 22.338555 | K50: ='Субвенции '!B53 -> 58057.8 | L50: ='Субвенции '!C53 -> 30888.783 | M50: ='Субвенции '!D53 -> 53.203502 | N50: =Иные!B50 -> 7061.5 | O50: =Иные!C50 -> 79.5 | P50: =Иные!D50 -> 1.1258231
A51: Поселения: | B51: 692449.1 | C51: 25108.2 | D51: 3.6 | E51: 0 | F51: 0 | G51: 0 | H51: 378132.3 | I51: 5582.6 | J51: 1.5 | K51: ='Субвенции '!B54 -> 36950.1 | L51: ='Субвенции '!C54 -> 15571.9 | M51: ='Субвенции '!D54 -> 42.143052 | N51: =Иные!B51 -> 277366.7 | O51: =Иные!C51 -> 3953.7 | P51: =Иные!D51 -> 1.4254415
A52: Александрово-Гайское муниципальное образование Александрово-Гайского муниципального района | B52: 500.1 | C52: 225.3 | D52: 45.1 | K52: ='Субвенции '!B55 -> 500.1 | L52: ='Субвенции '!C55 -> 225.3 | M52: ='Субвенции '!D55 -> 45.05099
A53: Новоалександровское муниципальное образование Александрово-Гайского муниципального района | B53: 67.1 | C53: 20 | D53: 29.8 | K53: ='Субвенции '!B56 -> 67.1 | L53: ='Субвенции '!C56 -> 20 | M53: ='Субвенции '!D56 -> 29.806259
A54: г. Аркадак муниципальное образование Аркадакского муниципального района | B54: 6222 | C54: 245.6 | D54: 3.9 | H54: =Субсидии!B53 -> 5721.9 | K54: ='Субвенции '!B57 -> 500.1 | L54: ='Субвенции '!C57 -> 245.6 | M54: ='Субвенции '!D57 -> 49.110178
A55: Большежуравское муниципальное образование Аркадакского муниципального района | B55: 67.1 | C55: 31.4 | D55: 46.8 | K55: ='Субвенции '!B58 -> 67.1 | L55: ='Субвенции '!C58 -> 31.4 | M55: ='Субвенции '!D58 -> 46.795827
A56: Краснознаменское муниципальное образование Аркадакского муниципального района | B56: 67.1 | C56: 31.4 | D56: 46.8 | K56: ='Субвенции '!B59 -> 67.1 | L56: ='Субвенции '!C59 -> 31.4 | M56: ='Субвенции '!D59 -> 46.795827
A57: Львовское муниципальное образование Аркадакского муниципального района | B57: 67.1 | C57: 31.4 | D57: 46.8 | K57: ='Субвенции '!B60 -> 67.1 | L57: ='Субвенции '!C60 -> 31.4 | M57: ='Субвенции '!D60 -> 46.795827
A58: Малиновское муниципальное образование Аркадакского муниципального района | B58: 67.1 | C58: 31.4 | D58: 46.8 | K58: 67.1 | L58: 67.1 | M58: 67.1
A59: Росташовское муниципальное образование Аркадакского муниципального района | B59: 166.7 | C59: 78.5 | D59: 47.1 | K59: 67.1 | L59: 67.1 | M59: 67.1
A60: Семеновское муниципальное образование Аркадакского муниципального района | B60: 67.1 | C60: 5.8 | D60: 8.6 | K60: 67.1 | L60: 67.1 | M60: 67.1
A61: Муниципальное образование город Аткарск Аткарского муниципального района | B61: 7559.2 | C61: 0 | D61: 0 | H61: =Субсидии!B54 -> 7559.2
A62: Барановское муниципальное образование Аткарского муниципального района | B62: 67.1 | C62: 28.9 | D62: 43.1 | K62: ='Субвенции '!B64 -> 67.1 | L62: ='Субвенции '!C64 -> 28.9 | M62: ='Субвенции '!D64 -> 43.070045
A63: Большеекатериновское муниципальное образование Аткарского муниципального района | B63: 67.1 | C63: 33.5 | D63: 49.9 | K63: ='Субвенции '!B65 -> 67.1 | L63: ='Субвенции '!C65 -> 33.5 | M63: ='Субвенции '!D65 -> 49.925484
A64: Даниловское муниципальное образование Аткарского муниципального района | B64: 67.1 | C64: 29.7 | D64: 44.3 | K64: ='Субвенции '!B66 -> 67.1 | L64: ='Субвенции '!C66 -> 29.7 | M64: ='Субвенции '!D66 -> 44.262295
A65: Ершовское муниципальное образование Аткарского муниципального района | B65: 67.1 | C65: 27.9 | D65: 41.6 | K65: ='Субвенции '!B67 -> 67.1 | L65: ='Субвенции '!C67 -> 27.9 | M65: ='Субвенции '!D67 -> 41.579732
A66: Кочетовское муниципальное образование Аткарского муниципального района | B66: 166.7 | C66: 73.7 | D66: 44.2 | K66: ='Субвенции '!B68 -> 166.7 | L66: ='Субвенции '!C68 -> 73.7 | M66: ='Субвенции '!D68 -> 44.211158
A67: Лопуховское муниципальное образование Аткарского муниципального района | B67: 67.1 | C67: 30 | D67: 44.7 | K67: ='Субвенции '!B69 -> 67.1 | L67: ='Субвенции '!C69 -> 30 | M67: ='Субвенции '!D69 -> 44.709389
A68: Озерное муниципальное образование Аткарского муниципального района | B68: 67.1 | C68: 29.8 | D68: 44.4 | K68: ='Субвенции '!B70 -> 67.1 | L68: ='Субвенции '!C70 -> 29.8 | M68: ='Субвенции '!D70 -> 44.411326
A69: Песчанское муниципальное образование Аткарского муниципального района | B69: 67.1 | C69: 32.8 | D69: 48.9 | K69: ='Субвенции '!B71 -> 67.1 | L69: ='Субвенции '!C71 -> 32.8 | M69: ='Субвенции '!D71 -> 48.882265
A70: Петровское муниципальное образование Аткарского муниципального района | B70: 67.1 | C70: 29.3 | D70: 43.7 | K70: ='Субвенции '!B72 -> 67.1 | L70: ='Субвенции '!C72 -> 29.3 | M70: ='Субвенции '!D72 -> 43.66617
A71: Тургеневское муниципальное образование Аткарского муниципального района | B71: 67.1 | C71: 33.5 | D71: 49.9 | K71: ='Субвенции '!B73 -> 67.1 | L71: ='Субвенции '!C73 -> 33.5 | M71: ='Субвенции '!D73 -> 49.925484
A72: Языковское муниципальное образование Аткарского муниципального района | B72: 67.1 | C72: 27.2 | D72: 40.5 | K72: ='Субвенции '!B74 -> 67.1 | L72: ='Субвенции '!C74 -> 27.2 | M72: ='Субвенции '!D74 -> 40.536513
A73: Алексеевское муниципальное образование Базарно-Карабулакского муниципального района | B73: 166.7 | C73: 67.7 | D73: 40.6 | K73: ='Субвенции '!B75 -> 166.7 | L73: ='Субвенции '!C75 -> 67.7 | M73: ='Субвенции '!D75 -> 40.611878
... A84: Яковлевское муниципальное образование Базарно-Карабулакского муниципального района | B84: 166.7 | C84: 68.4 | D84: 41 | K84: ='Субвенции '!B86 -> 166.7 | L84: ='Субвенции '!C86 -> 68.4 | M84: ='Субвенции '!D86 -> 41.031794
A85: муниципальное образование г. Балаково Балаковского муниципального района | B85: 64452.2 | C85: 4613.4 | D85: 7.2 | H85: =Субсидии!B56 -> 64452.2 | I85: =Субсидии!C56 -> 4613.4 | J85: =Субсидии!D56 -> 7.1578627
A86: Быково-Отрогское муниципальное образование Балаковского муниципального района | B86: 3233.4 | C86: 126.4 | D86: 3.9 | H86: =Субсидии!B55 -> 2900 | I86: 0 | K86: ='Субвенции '!B87 -> 333.4 | L86: ='Субвенции '!C87 -> 126.4 | M86: ='Субвенции '!D87 -> 37.912418
A87: Натальинское муниципальное образование Балаковского муниципального района | B87: 166.7 | C87: 66.8 | D87: 40.1 | K87: ='Субвенции '!B88 -> 166.7 | L87: ='Субвенции '!C88 -> 66.8 | M87: ='Субвенции '!D88 -> 40.071986
A88: Муниципальное образование город Балашов Балашовского муниципального района | B88: 26142.3 | C88: 0 | D88: 0 | H88: =Субсидии!B57 -> 26142.3 | I88: 0
A89: Барковское муниципальное образование Балашовского муниципального района | B89: 67.1 | C89: 28.6 | D89: 42.6 | K89: ='Субвенции '!B89 -> 67.1 | L89: ='Субвенции '!C89 -> 28.6 | M89: ='Субвенции '!D89 -> 42.622951
A90: Большемеликское муниципальное образование Балашовского муниципального района | B90: 166.7 | C90: 79.2 | D90: 47.5 | K90: ='Субвенции '!B90 -> 166.7 | L90: ='Субвенции '!C90 -> 79.2 | M90: ='Субвенции '!D90 -> 47.510498
A91: Лесновское муниципальное образование Балашовского муниципального района | B91: 67.1 | C91: 27.7 | D91: 41.3 | K91: ='Субвенции '!B91 -> 67.1 | L91: ='Субвенции '!C91 -> 27.7 | M91: ='Субвенции '!D91 -> 41.281669
A92: Малосеменовское муниципальное образование Балашовского муниципального района | B92: 67.1 | C92: 25.2 | D92: 37.6 | K92: ='Субвенции '!B92 -> 67.1 | L92: ='Субвенции '!C92 -> 25.2 | M92: ='Субвенции '!D92 -> 37.555887
A93: Новопокровское муниципальное образование Балашовского муниципального района | B93: 67.1 | C93: 28 | D93: 41.7 | K93: ='Субвенции '!B93 -> 67.1 | L93: ='Субвенции '!C93 -> 28 | M93: ='Субвенции '!D93 -> 41.728763
A94: Октябрьское муниципальное образование Балашовского муниципального района | B94: 166.7 | C94: 79.4 | D94: 47.6 | K94: ='Субвенции '!B94 -> 166.7 | L94: ='Субвенции '!C94 -> 79.4 | M94: ='Субвенции '!D94 -> 47.630474
A95: Пинеровское муниципальное образование Балашовского муниципального района | B95: 166.7 | C95: 76.9 | D95: 46.1 | K95: ='Субвенции '!B95 -> 166.7 | L95: ='Субвенции '!C95 -> 76.9 | M95: ='Субвенции '!D95 -> 46.130774
A96: Первомайское муниципальное образование Балашовского муниципального района | B96: 166.7 | C96: 57.9 | D96: 34.7 | K96: ='Субвенции '!B96 -> 166.7 | L96: ='Субвенции '!C96 -> 57.9 | M96: ='Субвенции '!D96 -> 34.733053
A97: Репинское муниципальное образование Балашовского муниципального района | B97: 166.7 | C97: 76.9 | D97: 46.1 | K97: ='Субвенции '!B97 -> 166.7 | L97: ='Субвенции '!C97 -> 76.9 | M97: ='Субвенции '!D97 -> 46.130774
A98: Родничковское муниципальное образование Балашовского муниципального района | B98: 166.7 | C98: 79.2 | D98: 47.5 | K98: ='Субвенции '!B98 -> 166.7 | L98: ='Субвенции '!C98 -> 79.2 | M98: ='Субвенции '!D98 -> 47.510498
A99: Соцземледельское муниципальное образование Балашовского муниципального района | B99: 166.7 | C99: 69.2 | D99: 41.5 | K99: ='Субвенции '!B99 -> 166.7 | L99: ='Субвенции '!C99 -> 69.2 | M99: ='Субвенции '!D99 -> 41.511698
A100: Старохоперское муниципальное образование Балашовского муниципального района | B100: 67.1 | C100: 28 | D100: 41.7 | K100: ='Субвенции '!B100 -> 67.1 | L100: ='Субвенции '!C100 -> 28 | M100: ='Субвенции '!D100 -> 41.728763
... A107: Царевщинское муниципальное образование Балтайского муниципального района | B107: 166.7 | C107: 80.1 | D107: 48.1 | K107: ='Субвенции '!B107 -> 166.7 | L107: ='Субвенции '!C107 -> 80.1 | M107: ='Субвенции '!D107 -> 48.05039
A108: муниципальное образование г. Вольск Вольского муниципального района | B108: 41222.4 | C108: 0 | D108: 0 | H108: =Субсидии!B58 -> 41222.3 | I108: 0
A109: Барановское муниципальное образование Вольского муниципального района | B109: 67.1 | C109: 29.5 | D109: 44 | K109: ='Субвенции '!B108 -> 67.1 | L109: ='Субвенции '!C108 -> 29.5 | M109: ='Субвенции '!D108 -> 43.964232
A110: Белогорновское муниципальное образование Вольского муниципального района | B110: 67.1 | C110: 33.5 | D110: 49.9 | K110: ='Субвенции '!B109 -> 67.1 | L110: ='Субвенции '!C109 -> 33.5 | M110: ='Субвенции '!D109 -> 49.925484
A111: Верхнечернавское муниципальное образование Вольского муниципального района | B111: 67.1 | C111: 32.6 | D111: 48.6 | K111: ='Субвенции '!B110 -> 67.1 | L111: ='Субвенции '!C110 -> 32.6 | M111: ='Субвенции '!D110 -> 48.584203
A112: Колоярское муниципальное образование Вольского муниципального района | B112: 67.1 | C112: 29.7 | D112: 44.3 | K112: ='Субвенции '!B111 -> 67.1 | L112: ='Субвенции '!C111 -> 29.7 | M112: ='Субвенции '!D111 -> 44.262295
A113: Кряжимское муниципальное образование Вольского муниципального района | B113: 67.1 | C113: 29.7 | D113: 44.3 | K113: ='Субвенции '!B112 -> 67.1 | L113: ='Субвенции '!C112 -> 29.7 | M113: ='Субвенции '!D112 -> 44.262295
A114: Куриловское муниципальное образование Вольского муниципального района | B114: 67.1 | C114: 24.9 | D114: 37.1 | K114: ='Субвенции '!B113 -> 67.1 | L114: ='Субвенции '!C113 -> 24.9 | M114: ='Субвенции '!D113 -> 37.108793
A115: Междуреченское муниципальное образование Вольского муниципального района | B115: 67.1 | C115: 29.7 | D115: 44.3 | K115: ='Субвенции '!B114 -> 67.1 | L115: ='Субвенции '!C114 -> 29.7 | M115: ='Субвенции '!D114 -> 44.262295
A116: Нижнечернавское муниципальное образование Вольского муниципального района | B116: 67.1 | C116: 26.6 | D116: 39.6 | K116: ='Субвенции '!B115 -> 67.1 | L116: ='Субвенции '!C115 -> 26.6 | M116: ='Субвенции '!D115 -> 39.642325
A117: Покровское муниципальное образование Вольского муниципального района | B117: 67.1 | C117: 29.7 | D117: 44.3 | K117: ='Субвенции '!B116 -> 67.1 | L117: ='Субвенции '!C116 -> 29.7 | M117: ='Субвенции '!D116 -> 44.262295
A118: Сенное муниципальное образование Вольского муниципального района | B118: 166.7 | C118: 71 | D118: 42.6 | K118: ='Субвенции '!B117 -> 166.7 | L118: ='Субвенции '!C117 -> 71 | M118: ='Субвенции '!D117 -> 42.591482
A119: Талалихинское муниципальное образование Вольского муниципального района | B119: 67.1 | C119: 27.4 | D119: 40.8 | K119: ='Субвенции '!B118 -> 67.1 | L119: ='Субвенции '!C118 -> 27.4 | M119: ='Субвенции '!D118 -> 40.834575
A120: Терсинское муниципальное образование Вольского муниципального района | B120: 166.7 | C120: 68.2 | D120: 40.9 | K120: ='Субвенции '!B119 -> 166.7 | L120: ='Субвенции '!C119 -> 68.2 | M120: ='Субвенции '!D119 -> 40.911818
... A153: Сластухинское муниципальное образование Екатериновского муниципального района | B153: 67.1 | C153: 18.8 | D153: 28 | K153: ='Субвенции '!B152 -> 67.1 | L153: ='Субвенции '!C152 -> 18.8 | M153: ='Субвенции '!D152 -> 28.017884
A154: Муниципальное образование город Ершов Ершовского муниципального района | B154: 50948.1 | C154: 0 | D154: 0 | H154: =Субсидии!B59 -> 50948.2 | I154: 0
A155: Антоновское муниципальное образование Ершовского муниципального района | B155: 67.1 | C155: 25.2 | D155: 37.6 | K155: ='Субвенции '!B153 -> 67.1 | L155: ='Субвенции '!C153 -> 25.2 | M155: ='Субвенции '!D153 -> 37.555887
A156: Декабристское муниципальное образование Ершовского муниципального района | B156: 166.7 | C156: 76.8 | D156: 46.1 | K156: ='Субвенции '!B154 -> 166.7 | L156: ='Субвенции '!C154 -> 76.8 | M156: ='Субвенции '!D154 -> 46.070786
A157: Кушумское муниципальное образование Ершовского муниципального района | B157: 67.1 | C157: 27.7 | D157: 41.3 | K157: ='Субвенции '!B155 -> 67.1 | L157: ='Субвенции '!C155 -> 27.7 | M157: ='Субвенции '!D155 -> 41.281669
A158: Марьевское муниципальное образование Ершовского муниципального района | B158: 67.1 | C158: 27.8 | D158: 41.4 | K158: ='Субвенции '!B156 -> 67.1 | L158: ='Субвенции '!C156 -> 27.8 | M158: ='Субвенции '!D156 -> 41.4307
A159: Миусское муниципальное образование Ершовского муниципального района | B159: 67.1 | C159: 29.5 | D159: 44 | K159: ='Субвенции '!B157 -> 67.1 | L159: ='Субвенции '!C157 -> 29.5 | M159: ='Субвенции '!D157 -> 43.964232
A160: Новокраснянское муниципальное образование Ершовского муниципального района | B160: 67.1 | C160: 28.7 | D160: 42.8 | K160: ='Субвенции '!B158 -> 67.1 | L160: ='Субвенции '!C158 -> 28.7 | M160: ='Субвенции '!D158 -> 42.771982
A161: Новорепинское муниципальное образование Ершовского муниципального района | B161: 166.7 | C161: 68.2 | D161: 40.9 | K161: ='Субвенции '!B159 -> 166.7 | L161: ='Субвенции '!C159 -> 68.2 | M161: ='Субвенции '!D159 -> 40.911818
A162: Новосельское муниципальное образование Ершовского муниципального района | B162: 67.1 | C162: 28.3 | D162: 42.2 | K162: ='Субвенции '!B160 -> 67.1 | L162: ='Субвенции '!C160 -> 28.3 | M162: ='Субвенции '!D160 -> 42.175857
A163: Перекопновское муниципальное образование Ершовского муниципального района | B163: 166.7 | C163: 68.7 | D163: 41.2 | K163: ='Субвенции '!B161 -> 166.7 | L163: ='Субвенции '!C161 -> 68.7 | M163: ='Субвенции '!D161 -> 41.211758
A164: Чапаевское муниципальное образование Ершовского муниципального района | B164: 67.1 | C164: 30.2 | D164: 45 | K164: ='Субвенции '!B162 -> 67.1 | L164: ='Субвенции '!C162 -> 30.2 | M164: ='Субвенции '!D162 -> 45.007452
A165: Бартеневское муниципальное образование Ивантеевского муниципального района | B165: 67.1 | C165: 27.2 | D165: 40.5 | K165: ='Субвенции '!B163 -> 67.1 | L165: ='Субвенции '!C163 -> 27.2 | M165: ='Субвенции '!D163 -> 40.536513
A166: Знаменское муниципальное образование Ивантеевского муниципального района | B166: 166.7 | C166: 69.3 | D166: 41.6 | K166: ='Субвенции '!B164 -> 166.7 | L166: ='Субвенции '!C164 -> 69.3 | M166: ='Субвенции '!D164 -> 41.571686
A167: Ивановское муниципальное образование Ивантеевского муниципального района | B167: 67.1 | C167: 149.9 | D167: 223.4 | K167: ='Субвенции '!B165 -> 67.1 | L167: ='Субвенции '!C165 -> 149.9 | M167: ='Субвенции '!D165 -> 223.39791
A168: Ивантеевское муниципальное образование Ивантеевского муниципального района | B168: 646.4 | C168: 28.9 | D168: 4.5 | K168: ='Субвенции '!B166 -> 333.4 | L168: ='Субвенции '!C166 -> 28.9 | M168: ='Субвенции '!D166 -> 8.6682663 | N168: =Иные!B52 -> 313
A169: Канаевское муниципальное образование Ивантеевского муниципального района | B169: 67.1 | C169: 27.8 | D169: 41.4 | K169: ='Субвенции '!B167 -> 67.1 | L169: ='Субвенции '!C167 -> 27.8 | M169: ='Субвенции '!D167 -> 41.4307
A170: Николаевское муниципальное образование Ивантеевского муниципального района | B170: 67.1 | C170: 27.8 | D170: 41.4 | K170: ='Субвенции '!B168 -> 67.1 | L170: ='Субвенции '!C168 -> 27.8 | M170: ='Субвенции '!D168 -> 41.4307
A171: Раевское муниципальное образование Ивантеевского муниципального района | B171: 67.1 | C171: 27.8 | D171: 41.4 | K171: ='Субвенции '!B169 -> 67.1 | L171: ='Субвенции '!C169 -> 27.8 | M171: ='Субвенции '!D169 -> 41.4307
A172: Чернавское муниципальное образование Ивантеевского муниципального района | B172: 67.1 | C172: 27.8 | D172: 41.4 | K172: ='Субвенции '!B170 -> 67.1 | L172: ='Субвенции '!C170 -> 27.8 | M172: ='Субвенции '!D170 -> 41.4307
A173: Яблоново-Гайское муниципальное образование Ивантеевского муниципального района | B173: 267.1 | C173: 27.8 | D173: 10.4 | K173: ='Субвенции '!B171 -> 67.1 | L173: ='Субвенции '!C171 -> 27.8 | M173: ='Субвенции '!D171 -> 41.4307 | N173: =Иные!B53 -> 200
A174: Муниципальное образование город Калининск Калининского муниципального района | B174: 5092 | C174: 0 | D174: 0 | H174: =Субсидии!B60 -> 5092 | I174: 0
A175: Ахтубинское муниципальное образование Калининского муниципального района | B175: 166.7 | C175: 82.5 | D175: 49.5 | K175: ='Субвенции '!B172 -> 166.7 | L175: ='Субвенции '!C172 -> 82.5 | M175: ='Субвенции '!D172 -> 49.490102
A176: Казачкинское муниципальное образование Калининского муниципального района | B176: 166.7 | C176: 82.2 | D176: 49.3 | K176: ='Субвенции '!B173 -> 166.7 | L176: ='Субвенции '!C173 -> 82.2 | M176: ='Субвенции '!D173 -> 49.310138
A177: Колокольцовское муниципальное образование Калининского муниципального района | B177: 67.1 | C177: 25.6 | D177: 38.2 | K177: ='Субвенции '!B174 -> 67.1 | L177: ='Субвенции '!C174 -> 25.6 | M177: ='Субвенции '!D174 -> 38.152012
A178: Малоекатериновское муниципальное образование Калининского муниципального района | B178: 67.1 | C178: 32.5 | D178: 48.4 | K178: ='Субвенции '!B175 -> 67.1 | L178: ='Субвенции '!C175 -> 32.5 | M178: ='Субвенции '!D175 -> 48.435171
A179: Озерское муниципальное образование Калининского муниципального района | B179: 67.1 | C179: 30.7 | D179: 45.8 | K179: ='Субвенции '!B176 -> 67.1 | L179: ='Субвенции '!C176 -> 30.7 | M179: ='Субвенции '!D176 -> 45.752608
A180: Свердловское муниципальное образование Калининского муниципального района | B180: 67.1 | C180: 29.9 | D180: 44.6 | K180: ='Субвенции '!B177 -> 67.1 | L180: ='Субвенции '!C177 -> 29.9 | M180: ='Субвенции '!D177 -> 44.560358
...

Sheet Дотации
A1: Сведения о предоставлении из бюджета Саратовской области межбюджетных трансфертов местным бюджетам за I полугодие 2018 года
O3: тыс.рублей
A4: Наименование муниципальных образований | B4: Дотации, всего
E5: дотации, связанные с особым режимом безопасного функционирования закрытых административно-территориальных образований | H5: на выравнивание бюджетной обеспеченности поселений области | K5: на выравнивание бюджетной обеспеченности муниципальных районов (городских округов) области | N5: на поддержку мер по обеспечению сбалансированности бюджетов
B6: утвержденные бюджетные назначения | C6: исполнено | D6: % исполнения | E6: утвержденные бюджетные назначения* | F6: исполнено | G6: % исполнения | H6: утвержденные бюджетные назначения* | I6: исполнено | J6: % исполнения | K6: утвержденные бюджетные назначения* | L6: исполнено | M6: % исполнения | N6: утвержденные бюджетные назначения* | O6: исполнено | P6: % исполнения
A7: Муниципальные районы области: | B7: =E7+H7+K7+N7 -> 2959086.6 | C7: =F7+I7+L7+O7 -> 1535020 | D7: =C7/B7*100 -> 51.874791 | K7: =SUM(K8:K45) -> 2787558.6 | L7: =SUM(L8:L45) -> 1449256 | M7: =L7/K7*100 -> 51.990154 | N7: =SUM(N8:N45) -> 171528 | O7: =SUM(O8:O45) -> 85764 | P7: =O7/N7*100 -> 50
A8: Александрово-Гайский | B8: =E8+H8+K8+N8 -> 74035.7 | C8: =F8+I8+L8+O8 -> 37018 | D8: =C8/B8*100 -> 50.000203 | K8: 68112.9 | L8: 34056 | M8: =L8/K8*100 -> 49.999339 | N8: 5922.8 | O8: 2962 | P8: =O8/N8*100 -> 50.01013
A9: Аркадакский | B9: =E9+H9+K9+N9 -> 79091.4 | C9: =F9+I9+L9+O9 -> 39546 | D9: =C9/B9*100 -> 50.000379 | K9: 79091.4 | L9: 39546 | M9: =L9/K9*100 -> 50.000379 | N9: 0 | O9: 0
A10: Аткарский | B10: =E10+H10+K10+N10 -> 100568.9 | C10: =F10+I10+L10+O10 -> 50286 | D10: =C10/B10*100 -> 50.001541 | K10: 100568.9 | L10: 50286 | M10: =L10/K10*100 -> 50.001541 | N10: 0 | O10: 0
A11: Базарно-Карабулакский | B11: =E11+H11+K11+N11 -> 113874.5 | C11: =F11+I11+L11+O11 -> 56938 | D11: =C11/B11*100 -> 50.000659 | K11: 113874.5 | L11: 56938 | M11: =L11/K11*100 -> 50.000659 | N11: 0 | O11: 0
A12: Балаковский | B12: =E12+H12+K12+N12 -> 0 | C12: =F12+I12+L12+O12 -> 0 | K12: 0 | L12: 0 | N12: 0 | O12: 0
A13: Балашовский | B13: =E13+H13+K13+N13 -> 169778.7 | C13: =F13+I13+L13+O13 -> 84888 | D13: =C13/B13*100 -> 49.999205 | K13: 169778.7 | L13: 84888 | M13: =L13/K13*100 -> 49.999205 | N13: 0 | O13: 0
A14: Балтайский | B14: =E14+H14+K14+N14 -> 49028.8 | C14: =F14+I14+L14+O14 -> 24516 | D14: =C14/B14*100 -> 50.003263 | K14: 49028.8 | L14: 24516 | M14: =L14/K14*100 -> 50.003263 | N14: 0 | O14: 0
A15: Вольский | B15: =E15+H15+K15+N15 -> 67371.1 | C15: =F15+I15+L15+O15 -> 33686 | D15: =C15/B15*100 -> 50.000668 | K15: 36600.8 | L15: 18300 | M15: =L15/K15*100 -> 49.998907 | N15: 30770.3 | O15: 15386 | P15: =O15/N15*100 -> 50.002762
A16: Воскресенский | B16: =E16+H16+K16+N16 -> 38416.6 | C16: =F16+I16+L16+O16 -> 19210 | D16: =C16/B16*100 -> 50.004425 | K16: 35430 | L16: 17716 | M16: =L16/K16*100 -> 50.002822 | N16: 2986.6 | O16: 1494 | P16: =O16/N16*100 -> 50.023438
A17: Дергачевский | B17: =E17+H17+K17+N17 -> 91289.8 | C17: =F17+I17+L17+O17 -> 45642 | D17: =C17/B17*100 -> 49.996823 | K17: 91289.8 | L17: 45642 | M17: =L17/K17*100 -> 49.996823 | N17: 0 | O17: 0
A18: Духовницкий | B18: =E18+H18+K18+N18 -> 30891.5 | C18: =F18+I18+L18+O18 -> 21244 | D18: =C18/B18*100 -> 68.769726 | K18: 30891.5 | L18: 21244 | M18: =L18/K18*100 -> 68.769726 | N18: 0 | O18: 0
A19: Екатериновский | B19: =E19+H19+K19+N19 -> 43421.1 | C19: =F19+I19+L19+O19 -> 21734 | D19: =C19/B19*100 -> 50.054006 | K19: 29824.4 | L19: 14936 | M19: =L19/K19*100 -> 50.0798 | N19: 13596.7 | O19: 6798 | P19: =O19/N19*100 -> 49.997426
A20: Ершовский | B20: =E20+H20+K20+N20 -> 124215.4 | C20: =F20+I20+L20+O20 -> 62106 | D20: =C20/B20*100 -> 49.998631 | K20: 124215.4 | L20: 62106 | M20: =L20/K20*100 -> 49.998631 | N20: 0 | O20: 0
A21: Ивантеевский | B21: =E21+H21+K21+N21 -> 65506.5 | C21: =F21+I21+L21+O21 -> 32754 | D21: =C21/B21*100 -> 50.001145 | K21: 16893.9 | L21: 8448 | M21: =L21/K21*100 -> 50.006215 | N21: 48612.6 | O21: 24306 | P21: =O21/N21*100 -> 49.999383
A22: Калининский | B22: =E22+H22+K22+N22 -> 77899.3 | C22: =F22+I22+L22+O22 -> 38948 | D22: =C22/B22*100 -> 49.997882 | K22: 55346.1 | L22: 27672 | M22: =L22/K22*100 -> 49.998103 | N22: 22553.2 | O22: 11276 | P22: =O22/N22*100 -> 49.99734
A23: Красноармейский | B23: =E23+H23+K23+N23 -> 138260.2 | C23: =F23+I23+L23+O23 -> 69131 | D23: =C23/B23*100 -> 50.000651 | K23: 138260.2 | L23: 69131 | M23: =L23/K23*100 -> 50.000651 | N23: 0 | O23: 0
A24: Краснокутский | B24: =E24+H24+K24+N24 -> 92019.4 | C24: =F24+I24+L24+O24 -> 52866 | D24: =C24/B24*100 -> 57.450929 | K24: 92019.4 | L24: 52866 | M24: =L24/K24*100 -> 57.450929 | N24: 0 | O24: 0
A25: Краснопартизанский | B25: =E25+H25+K25+N25 -> 52653.2 | C25: =F25+I25+L25+O25 -> 27828 | D25: =C25/B25*100 -> 52.851489 | K25: 52653.2 | L25: 27828 | M25: =L25/K25*100 -> 52.851489 | N25: 0 | O25: 0
A26: Лысогорский | B26: =E26+H26+K26+N26 -> 75004.1 | C26: =F26+I26+L26+O26 -> 37502 | D26: =C26/B26*100 -> 49.999933 | K26: 68783.9 | L26: 34392 | M26: =L26/K26*100 -> 50.000073 | N26: 6220.2 | O26: 3110 | P26: =O26/N26*100 -> 49.998392
A27: Марксовский | B27: =E27+H27+K27+N27 -> 155303.6 | C27: =F27+I27+L27+O27 -> 91079 | D27: =C27/B27*100 -> 58.645775 | K27: 155303.6 | L27: 91079 | M27: =L27/K27*100 -> 58.645775 | N27: 0 | O27: 0
A28: Новобурасский | B28: =E28+H28+K28+N28 -> 97929.7 | C28: =F28+I28+L28+O28 -> 48826 | D28: =C28/B28*100 -> 49.858215 | K28: 83446.7 | L28: 41584 | M28: =L28/K28*100 -> 49.833007 | N28: 14483 | O28: 7242 | P28: =O28/N28*100 -> 50.003452
A29: Новоузенский | B29: =E29+H29+K29+N29 -> 145469 | C29: =F29+I29+L29+O29 -> 72732 | D29: =C29/B29*100 -> 49.998281 | K29: 145469 | L29: 72732 | M29: =L29/K29*100 -> 49.998281 | N29: 0 | O29: 0
A30: Озинский | B30: =E30+H30+K30+N30 -> 82772.4 | C30: =F30+I30+L30+O30 -> 41387 | D30: =C30/B30*100 -> 50.000967 | K30: 82772.4 | L30: 41387 | M30: =L30/K30*100 -> 50.000967 | N30: 0 | O30: 0
A31: Перелюбский | B31: =E31+H31+K31+N31 -> 42293.8 | C31: =F31+I31+L31+O31 -> 23546 | D31: =C31/B31*100 -> 55.672463 | K31: 37945.6 | L31: 21372 | M31: =L31/K31*100 -> 56.322736 | N31: 4348.2 | O31: 2174 | P31: =O31/N31*100 -> 49.9977
A32: Петровский | B32: =E32+H32+K32+N32 -> 167195.8 | C32: =F32+I32+L32+O32 -> 92598 | D32: =C32/B32*100 -> 55.38297 | K32: 167195.8 | L32: 92598 | M32: =L32/K32*100 -> 55.38297 | N32: 0 | O32: 0
A33: Питерский | B33: =E33+H33+K33+N33 -> 71097.7 | C33: =F33+I33+L33+O33 -> 35550 | D33: =C33/B33*100 -> 50.001617 | K33: 59588.5 | L33: 29796 | M33: =L33/K33*100 -> 50.002937 | N33: 11509.2 | O33: 5754 | P33: =O33/N33*100 -> 49.994787
A34: Пугачевский | B34: =E34+H34+K34+N34 -> 145985 | C34: =F34+I34+L34+O34 -> 85849 | D34: =C34/B34*100 -> 58.806727 | K34: 145985 | L34: 85849 | M34: =L34/K34*100 -> 58.806727 | N34: 0 | O34: 0
A35: Ровенский | B35: =E35+H35+K35+N35 -> 78553.7 | C35: =F35+I35+L35+O35 -> 39276 | D35: =C35/B35*100 -> 49.998918 | K35: 78553.7 | L35: 39276 | M35: =L35/K35*100 -> 49.998918 | N35: 0 | O35: 0
A36: Романовский | B36: =E36+H36+K36+N36 -> 55940 | C36: =F36+I36+L36+O36 -> 29686 | D36: =C36/B36*100 -> 53.067572 | K36: 55940 | L36: 29686 | M36: =L36/K36*100 -> 53.067572 | N36: 0 | O36: 0
A37: Ртищевский | B37: =E37+H37+K37+N37 -> 138965 | C37: =F37+I37+L37+O37 -> 69480 | D37: =C37/B37*100 -> 49.998201 | K37: 138965 | L37: 69480 | M37: =L37/K37*100 -> 49.998201 | N37: 0 | O37: 0
A38: Самойловский | B38: =E38+H38+K38+N38 -> 55372.4 | C38: =F38+I38+L38+O38 -> 27686 | D38: =C38/B38*100 -> 49.999639 | K38: 54659.3 | L38: 27330 | M38: =L38/K38*100 -> 50.00064 | N38: 713.1 | O38: 356 | P38: =O38/N38*100 -> 49.922872
A39: Саратовский | B39: =E39+H39+K39+N39 -> 0 | C39: =F39+I39+L39+O39 -> 0 | K39: 0 | L39: 0 | N39: 0 | O39: 0
A40: Советский | B40: =E40+H40+K40+N40 -> 41395.4 | C40: =F40+I40+L40+O40 -> 20700 | D40: =C40/B40*100 -> 50.005556 | K40: 35600.7 | L40: 17802 | M40: =L40/K40*100 -> 50.004635 | N40: 5794.7 | O40: 2898 | P40: =O40/N40*100 -> 50.011217
A41: Татищевский | B41: =E41+H41+K41+N41 -> 0 | C41: =F41+I41+L41+O41 -> 0 | K41: 0 | L41: 0 | N41: 0 | O41: 0
A42: Турковский | B42: =E42+H42+K42+N42 -> 61284.6 | C42: =F42+I42+L42+O42 -> 30640 | D42: =C42/B42*100 -> 49.996247 | K42: 57267.2 | L42: 28632 | M42: =L42/K42*100 -> 49.997206 | N42: 4017.4 | O42: 2008 | P42: =O42/N42*100 -> 49.982576
A43: Федоровский | B43: =E43+H43+K43+N43 -> 69220 | C43: =F43+I43+L43+O43 -> 34608 | D43: =C43/B43*100 -> 49.997111 | K43: 69220 | L43: 34608 | M43: =L43/K43*100 -> 49.997111 | N43: 0 | O43: 0
A44: Хвалынский | B44: =E44+H44+K44+N44 -> 66982.3 | C44: =F44+I44+L44+O44 -> 35534 | D44: =C44/B44*100 -> 53.049836 | K44: 66982.3 | L44: 35534 | M44: =L44/K44*100 -> 53.049836 | N44: 0 | O44: 0
A45: Энгельсский | B45: =E45+H45+K45+N45 -> 0 | C45: =F45+I45+L45+O45 -> 0 | K45: 0 | L45: 0 | N45: 0 | O45: 0
A46: Городские округа области: | B46: =E46+H46+K46+N46 -> 226967.6 | C46: =F46+I46+L46+O46 -> 113486 | D46: =C46/B46*100 -> 50.000969 | E46: =SUM(E47:E50) -> 109224 | F46: =SUM(F47:F50) -> 54614 | G46: =F46/E46*100 -> 50.001831 | H46: =SUM(H47:H50) -> 38727.4 | I46: =SUM(I47:I50) -> 19362 | J46: =I46/H46*100 -> 49.99561 | K46: =SUM(K47:K50) -> 71228.7 | L46: =SUM(L47:L50) -> 35616 | M46: =L46/K46*100 -> 50.002316 | N46: =SUM(N47:N50) -> 7787.5 | O46: =SUM(O47:O50) -> 3894 | P46: =O46/N46*100 -> 50.00321
A47: г. Саратов | B47: 37784.9 | C47: 18894 | D47: =C47/B47*100 -> 50.004102 | H47: 37784.9 | I47: 18894 | J47: =I47/H47*100 -> 50.004102 | K47: 0 | L47: 0 | N47: 0 | O47: 0
A48: ЗАТО Михайловский | B48: 51708.3 | C48: 25856 | D48: =C48/B48*100 -> 50.003578 | E48: 27339 | F48: 13670 | G48: =F48/E48*100 -> 50.001829 | H48: 118.2 | I48: 60 | J48: =I48/H48*100 -> 50.761421 | K48: 24251.1 | L48: 12126 | M48: =L48/K48*100 -> 50.001856 | N48: 0 | O48: 0
A49: ЗАТО Светлый | B49: 61500.3 | C49: 30750 | D49: =C49/B49*100 -> 49.999756 | E49: 42743 | F49: 21372 | G49: =F49/E49*100 -> 50.00117 | H49: 567.8 | I49: 282 | J49: =I49/H49*100 -> 49.665375 | K49: 18189.5 | L49: 9096 | M49: =L49/K49*100 -> 50.006872 | N49: 0 | O49: 0
A50: ЗАТО Шиханы | B50: 75974.1 | C50: 37986 | D50: =C50/B50*100 -> 49.998618 | E50: 39142 | F50: 19572 | G50: =F50/E50*100 -> 50.002555 | H50: 256.5 | I50: 126 | J50: =I50/H50*100 -> 49.122807 | K50: 28788.1 | L50: 14394 | M50: =L50/K50*100 -> 49.999826 | N50: 7787.5 | O50: 3894 | P50: =O50/N50*100 -> 50.00321
A51: Поселения: | J51: =I51/H51*100 -> #DIV/0!
A52: указать наименование | J52: =I52/H52*100 -> #DIV/0!
A53: … | J53: =I53/H53*100 -> #DIV/0!
A54: … | J54: =I54/H54*100 -> #DIV/0!
A55: Остаток средств к распределению**
A56: ИТОГО | B56: =E56+H56+K56+N56 -> 3186054.2 | C56: =F56+I56+L56+O56 -> 1648506 | D56: =C56/B56*100 -> 51.741304 | E56: =E7+E46+E55 -> 109224 | F56: =F7+F46+F55 -> 54614 | G56: =F56/E56*100 -> 50.001831 | H56: =H7+H46+H55 -> 38727.4 | I56: =I7+I46+I55 -> 19362 | J56: =I56/H56*100 -> 49.99561 | K56: =K7+K46+K55 -> 2858787.3 | L56: =L7+L46+L55 -> 1484872 | M56: =L56/K56*100 -> 51.940625 | N56: =N7+N46+N55 -> 179315.5 | O56: =O7+O46+O55 -> 89658 | P56: =O56/N56*100 -> 50.000139
A58: * в соответствии с Законом Саратовской области «Об областном бюджете на 2018 год и на плановый период 2019 и 2020 годов» в редакции от 28.05.2018 года
A59: ** заполняется, если в законе о бюджете утверждена общая сумма межбюджетного трансферта, но отсутствует распределение по муниципальным образованиям

Sheet Субсидии
AP1: Продолжение таблицы | BK1: Продолжение таблицы | CF1: Продолжение таблицы | CX1: Продолжение таблицы
B2: Сведения о предоставлении из бюджета Саратовской области межбюджетных трансфертов местным бюджетам за I полугодие 2018 года | W2: Сведения о предоставлении из бюджета Саратовской области межбюджетных трансфертов местным бюджетам за I полугодие 2018 года | AR2: Сведения о предоставлении из бюджета Саратовской области межбюджетных трансфертов местным бюджетам за I полугодие 2018 года | BM2: Сведения о предоставлении из бюджета Саратовской области межбюджетных трансфертов местным бюджетам за I полугодие 2018 года | CH2: Сведения о предоставлении из бюджета Саратовской области межбюджетных трансфертов местным бюджетам за I полугодие 2018 года
U4: тыс.рублей | AP4: тыс.рублей | BK4: тыс.рублей | CF4: тыс.рублей | CX4: тыс.рублей
A5: Наименование муниципальных образований | B5: Субсидии, всего | E5: в том числе | W5: в том числе | AR5: в том числе | BM5: в том числе | CH5: в том числе
E6: на создание в дошкольных образовательных организациях, организациях дополнительного образования детей (в том числе в организациях, осуществляющих образовательную деятельность по адаптированным основным общеобразовательным программам) условий для получения детьми-инвалидами качественного образования | H6: субсидии на создание в организациях дополнительного образования детей, организациях дополнительного образования детей (в том числе в организациях, осуществляющих образовательную деятельность по адаптированным основным общеобразовательным программам) условий для получения детьми-инвалидами качественного образования | K6: на создание в общеобразовательных организациях, расположенных в сельской местности, условий для занятий физической культурой и спортом | N6: на софинансирование капитальных вложений в объекты муниципальной собственности | Q6: на реализацию мероприятий по содействию созданию (исходя из прогнозируемой потребности) новых мест в общеобразовательных организациях | T6: на исполнение муниципальных программ в целях реализации мероприятий по стимулированию программ развития жилищного строительства субъектов Российской Федерации в рамках приоритетного проекта «Ипотека и арендное жилье» | W6: на реализацию мероприятий по обеспечению жильем молодых семей | Z6: на поддержку творческой деятельности и укрепление материально-технической базы муниципальных театров в населенных пунктах с численностью населения до 300 тысяч человек | AC6: на поддержку отрасли культуры на комплектование книжных фондов муниципальных общедоступных библиотек | AF6: на поддержку отрасли культуры на подключение муниципальных общедоступных библиотек к информационно-телекоммуникационной сети «Интернет» и развитие библиотечного дела с учетом задачи расширения информационных технологий и оцифровки | AI6: на обеспечение развития и укрепления материально-технической базы домов культуры в населенных пунктах с числом жителей до 50 тысяч человек | AL6: на поддержку отрасли культуры на оснащение музыкальными инструментами детских школ искусств | AO6: на поддержку отрасли культуры на государственную поддержку муниципальных учреждений культуры, находящихся на территории сельских поселений | AR6: на поддержку отрасли культуры на государственную поддержку лучших работников муниципальных учреждений культуры, находящихся на территории сельских поселений | AU6: на строительство и реконструкцию малобюджетных физкультурно-спортивных объектов шаговой доступности, плоскостных сооружений | AX6: на закупку комплектов искусственных покрытий для футбольных полей для спортивных детско-юношеских школ области, включая их доставку и сертификацию полей | BA6: на обеспечение деятельности муниципальных бизнес-инкубаторов | BD6: на софинансирование расходных обязательств по реализации мероприятий муниципальных программ развития малого и среднего предпринимательства монопрофильных муниципальных образований | BG6: на капитальный ремонт, ремонт и содержание автомобильных дорог общего пользования местного значения за счет средств областного дорожного фонда | BJ6: на осуществление дорожной деятельности в отношении автомобильных дорог общего пользования местного значения Саратовской агломерации в границах городских округов области за счет средств областного дорожного фонда | BM6: на комплексное обустройство объектами социальной и инженерной инфраструктуры населенных пунктов, расположенных в сельской местности, на строительство и реконструкцию автомобильных дорог | BP6: на осуществление дорожной деятельности в отношении автомобильных дорог общего пользования местного значения Саратовской агломерации в границах городских поселений области | BS6: на капитальный ремонт, ремонт и содержание автомобильных дорог общего пользования местного значения за счет средств областного дорожного фонда | BV6: на обеспечение расходных обязательств, связанных с повышением оплаты труда отдельным категориям работников бюджетной сферы в целях реализации Указа Президента Российской Федерации от 7 мая 2012 года № 597 «О мероприятиях по реализации государственной социальной политики» и Указа Президента Российской Федерации от 1 июня 2012 года № 761 «О национальной стратегии действий в интересах детей на 2012 - 2017 годы» | BY6: на обеспечение повышения оплаты труда некоторых категорий работников муниципальных учреждений | CB6: на реализацию проектов развития муниципальных образований области, основанных на местных инициативах | CE6: на поддержку муниципальных программ формирования современной городской среды | CH6: на поддержку обустройства мест массового отдыха населения (городских парков) | CK6: на реализацию расходных обязательств, возникающих при выполнении полномочий по решению вопросов местного значения | CN6: на мероприятия по развитию сети общеобразовательных организаций в сельской местности | CQ6: в целях реализации мероприятий в области обращения с отходами | CT6: на реализацию мероприятий по устойчивому развитию сельских территорий за счет средств резервного фонда Правительства Российской Федерации | CW6: на реализацию мероприятий по устойчивому развитию сельских территорий
B7: утвержденные бюджетные назначения | C7: исполнено | D7: % исполнения | E7: утвержденные бюджетные назначения* | F7: исполнено | G7: % исполнения | H7: утвержденные бюджетные назначения* | I7: исполнено | J7: % исполнения | K7: утвержденные бюджетные назначения* | L7: исполнено | M7: % исполнения | N7: утвержденные бюджетные назначения* | O7: исполнено | P7: % исполнения | Q7: утвержденные бюджетные назначения* | R7: исполнено | S7: % исполнения | T7: утвержденные бюджетные назначения* | U7: исполнено | V7: % исполнения | W7: утвержденные бюджетные назначения* | X7: исполнено | Y7: % исполнения | Z7: утвержденные бюджетные назначения* | AA7: исполнено | AB7: % исполнения | AC7: утвержденные бюджетные назначения* | AD7: исполнено | AE7: % исполнения | AF7: утвержденные бюджетные назначения* | AG7: исполнено | AH7: % исполнения | AI7: утвержденные бюджетные назначения* | AJ7: исполнено | AK7: % исполнения | AL7: утвержденные бюджетные назначения* | AM7: исполнено | AN7: % исполнения | AO7: утвержденные бюджетные назначения* | AP7: исполнено | AQ7: % исполнения | AR7: утвержденные бюджетные назначения* | AS7: исполнено | AT7: % исполнения | AU7: утвержденные бюджетные назначения* | AV7: исполнено | AW7: % исполнения | AX7: утвержденные бюджетные назначения* | AY7: исполнено | AZ7: % исполнения | BA7: утвержденные бюджетные назначения* | BB7: исполнено | BC7: % исполнения | BD7: утвержденные бюджетные назначения* | BE7: исполнено | BF7: % исполнения | BG7: утвержденные бюджетные назначения* | BH7: исполнено | BI7: % исполнения | BJ7: утвержденные бюджетные назначения* | BK7: исполнено | BL7: % исполнения | BM7: утвержденные бюджетные назначения* | BN7: исполнено | BO7: % исполнения | BP7: утвержденные бюджетные назначения* | BQ7: исполнено | BR7: % исполнения | BS7: утвержденные бюджетные назначения* | BT7: исполнено | BU7: % исполнения | BV7: утвержденные бюджетные назначения* | BW7: исполнено | BX7: % исполнения | BY7: утвержденные бюджетные назначения* | BZ7: исполнено | CA7: % исполнения | CB7: утвержденные бюджетные назначения* | CC7: исполнено | CD7: % исполнения | CE7: утвержденные бюджетные назначения* | CF7: исполнено | CG7: % исполнения | CH7: утвержденные бюджетные назначения* | CI7: исполнено | CJ7: % исполнения | CK7: утвержденные бюджетные назначения* | CL7: исполнено | CM7: % исполнения | CN7: утвержденные бюджетные назначения** | CO7: исполнено | CP7: % исполнения | CQ7: утвержденные бюджетные назначения* | CR7: исполнено | CS7: % исполнения | CT7: утвержденные бюджетные назначения** | CU7: исполнено | CV7: % исполнения | CW7: утвержденные бюджетные назначения*** | CX7: исполнено | CY7: % исполнения
A8: Муниципальные районы области: | B8: =E8+H8+K8+N8+Q8+T8+W8+Z8+AC8+AF8+AI8+AL8+AO8+AR8+AU8+AX8+BA8+BD8+BG8+BJ8+BM8+BP8+BS8+BV8+BY8+CB8+CE8+CH8+CK8+CN8+CQ8+CT8+CW8 -> 3345152.9 | C8: =F8+I8+L8+O8+R8+U8+X8+AA8+AD8+AG8+AJ8+AM8+AP8+AS8+AV8+AY8+BB8+BE8+BH8+BK8+BN8+BQ8+BT8+BW8+BZ8+CC8+CF8+CI8+CL8+CO8+CR8+CU8+CX8 -> 506161.2 | D8: =C8/B8*100 -> 15.131183 | E8: 0 | F8: 0 | H8: =SUM(H9:H46) -> 1853.9 | I8: =SUM(I9:I46) -> 451.1 | J8: =I8/H8*100 -> 24.332488 | K8: =SUM(K9:K46) -> 19123.3 | L8: =SUM(L9:L46) -> 0 | M8: =L8/K8*100 -> 0 | N8: =SUM(N9:N46) -> 372897.4 | O8: =SUM(O9:O46) -> 0 | P8: =O8/N8*100 -> 0 | Q8: =SUM(Q9:Q46) -> 560151.3 | R8: =SUM(R9:R46) -> 0 | S8: =R8/Q8*100 -> 0 | T8: =SUM(T9:T46) -> 123258.9 | U8: =SUM(U9:U46) -> 0 | V8: =U8/T8*100 -> 0 | W8: =SUM(W9:W46) -> 59144.9 | X8: =SUM(X9:X46) -> 0 | Y8: =X8/W8*100 -> 0 | Z8: =SUM(Z9:Z46) -> 5658.4 | AA8: =SUM(AA9:AA46) -> 5482.6 | AB8: =AA8/Z8*100 -> 96.893115 | AC8: =SUM(AC9:AC46) -> 846.9 | AD8: =SUM(AD9:AD46) -> 516.9 | AE8: =AD8/AC8*100 -> 61.034361 | AF8: =SUM(AF9:AF46) -> 4482.98 | AG8: =SUM(AG9:AG46) -> 2995.8 | AH8: =AG8/AF8*100 -> 66.826084 | AI8: =SUM(AI9:AI46) -> 42214.8 | AJ8: =SUM(AJ9:AJ46) -> 6439.8 | AK8: =AJ8/AI8*100 -> 15.25484 | AL8: =SUM(AL9:AL46) -> 352 | AM8: =SUM(AM9:AM46) -> 50 | AN8: =AM8/AL8*100 -> 14.204545 | AO8: =SUM(AO9:AO46) -> 2300 | AP8: =SUM(AP9:AP46) -> 1645.6 | AQ8: =AP8/AO8*100 -> 71.547826 | AR8: =SUM(AR9:AR46) -> 950 | AS8: =SUM(AS9:AS46) -> 700 | AT8: =AS8/AR8*100 -> 73.684211 | AU8: =SUM(AU9:AU46) -> 0 | AV8: =SUM(AV9:AV46) -> 0 | AX8: =SUM(AX9:AX46) -> 10810.8 | AY8: =SUM(AY9:AY46) -> 0 | AZ8: =AY8/AX8*100 -> 0 | BA8: =SUM(BA9:BA46) -> 4860 | BB8: =SUM(BB9:BB46) -> 2430 | BC8: =BB8/BA8*100 -> 50 | BD8: =SUM(BD9:BD46) -> 0 | BE8: =SUM(BE9:BE46) -> 0 | BG8: =SUM(BG9:BG46) -> 0 | BH8: =SUM(BH9:BH46) -> 0 | BJ8: =SUM(BJ9:BJ46) -> 0 | BK8: =SUM(BK9:BK46) -> 0 | BM8: =SUM(BM9:BM46) -> 3756.2 | BN8: =SUM(BN9:BN46) -> 0 | BO8: =BN8/BM8*100 -> 0 | BP8: =SUM(BP9:BP46) -> 149630 | BQ8: =SUM(BQ9:BQ46) -> 38584.6 | BR8: =BQ8/BP8*100 -> 25.786674 | BS8: =SUM(BS9:BS46) -> 258000 | BT8: =SUM(BT9:BT46) -> 0 | BV8: =SUM(BV9:BV46) -> 541518 | BW8: =SUM(BW9:BW46) -> 217989.7 | BX8: =BW8/BV8*100 -> 40.255301 | BY8: =SUM(BY9:BY46) -> 495673.9 | BZ8: =SUM(BZ9:BZ46) -> 109275.9 | CA8: =BZ8/BY8*100 -> 22.045926 | CB8: =SUM(CB9:CB46) -> 0 | CC8: =SUM(CC9:CC46) -> 0 | CD8: =SUM(CD9:CD46) -> 0 | CE8: =SUM(CE9:CE46) -> 0 | CF8: =SUM(CF9:CF46) -> 0 | CH8: =SUM(CH9:CH46) -> 16274.5 | CI8: =SUM(CI9:CI46) -> 0 | CK8: =SUM(CK9:CK46) -> 627825.1 | CL8: =SUM(CL9:CL46) -> 77625.3 | CM8: =CL8/CK8*100 -> 12.36416 | CN8: =SUM(CN9:CN46) -> 4617.2 | CO8: =SUM(CO9:CO46) -> 4617.2 | CP8: =CO8/CN8*100 -> 100 | CQ8: =SUM(CQ9:CQ46) -> 0 | CR8: =SUM(CR9:CR46) -> 0 | CT8: =SUM(CT9:CT46) -> 37356.7 | CU8: =SUM(CU9:CU46) -> 37356.7 | CV8: =CU8/CT8*100 -> 100 | CW8: =SUM(CW9:CW46) -> 1595.7 | CX8: =SUM(CX9:CX46) -> 0
A9: Александрово-Гайский | B9: =E9+H9+K9+N9+Q9+T9+W9+Z9+AC9+AF9+AI9+AL9+AO9+AR9+AU9+AX9+BA9+BD9+BG9+BJ9+BM9+BP9+BS9+BV9+BY9+CB9+CE9+CH9+CK9+CN9+CQ9+CT9+CW9 -> 49156.88 | C9: =F9+I9+L9+O9+R9+U9+X9+AA9+AD9+AG9+AJ9+AM9+AP9+AS9+AV9+AY9+BB9+BE9+BH9+BK9+BN9+BQ9+BT9+BW9+BZ9+CC9+CF9+CI9+CL9+CO9+CR9+CU9+CX9 -> 6659.2 | D9: =C9/B9*100 -> 13.546832 | H9: 0 | I9: 0 | K9: 0 | L9: 0 | O9: 0 | T9: 0 | U9: 0 | W9: 0 | X9: 0 | Z9: 0 | AA9: 0 | AC9: 8.2 | AD9: 8.2 | AE9: =AD9/AC9*100 -> 100 | AF9: 95.38 | AG9: 95.4 | AH9: =AG9/AF9*100 -> 100.02097 | AI9: 0 | AJ9: 0 | AL9: 0 | AM9: 0 | AO9: 0 | AP9: 0 | AR9: 50 | AS9: 50 | AT9: =AS9/AR9*100 -> 100 | AX9: 0 | AY9: 0 | BM9: 3756.2 | BN9: 0 | BP9: 0 | BQ9: 0 | BS9: 8152.8 | BT9: 0 | BV9: 13517 | BW9: 3907.7 | BX9: 28.9 | BY9: 11305.7 | BZ9: 2597.9 | CA9: 23 | CE9: 0 | CH9: 0 | CI9: 0 | CK9: 12271.6 | CL9: 0 | CM9: 0 | CN9: 0 | CO9: 0
A10: Аркадакский | B10: =E10+H10+K10+N10+Q10+T10+W10+Z10+AC10+AF10+AI10+AL10+AO10+AR10+AU10+AX10+BA10+BD10+BG10+BJ10+BM10+BP10+BS10+BV10+BY10+CB10+CE10+CH10+CK10+CN10+CQ10+CT10+CW10 -> 28441.98 | C10: =F10+I10+L10+O10+R10+U10+X10+AA10+AD10+AG10+AJ10+AM10+AP10+AS10+AV10+AY10+BB10+BE10+BH10+BK10+BN10+BQ10+BT10+BW10+BZ10+CC10+CF10+CI10+CL10+CO10+CR10+CU10+CX10 -> 6480.5 | D10: =C10/B10*100 -> 22.784982 | H10: 0 | I10: 0 | K10: 0 | L10: 0 | O10: 0 | T10: 0 | U10: 0 | W10: 0 | X10: 0 | Z10: 0 | AA10: 0 | AC10: 11.7 | AD10: 0 | AE10: =AD10/AC10*100 -> 0 | AF10: 95.38 | AG10: 0 | AH10: =AG10/AF10*100 -> 0 | AI10: 2900 | AJ10: 0 | AK10: =AJ10/AI10*100 -> 0 | AL10: 0 | AM10: 0 | AO10: 100 | AP10: 0 | AQ10: =AP10/AO10*100 -> 0 | AR10: 0 | AS10: 0 | AX10: 0 | AY10: 0 | BM10: 0 | BN10: 0 | BP10: 0 | BQ10: 0 | BS10: 6475.8 | BT10: 0 | BV10: 10756 | BW10: 4642.4 | BX10: 43.2 | BY10: 7610 | BZ10: 1638.1 | CA10: 21.5 | CE10: 0 | CH10: 0 | CI10: 0 | CK10: 493.1 | CL10: 200 | CM10: 40.6 | CN10: 0 | CO10: 0
A11: Аткарский | B11: =E11+H11+K11+N11+Q11+T11+W11+Z11+AC11+AF11+AI11+AL11+AO11+AR11+AU11+AX11+BA11+BD11+BG11+BJ11+BM11+BP11+BS11+BV11+BY11+CB11+CE11+CH11+CK11+CN11+CQ11+CT11+CW11 -> 52532.86 | C11: =F11+I11+L11+O11+R11+U11+X11+AA11+AD11+AG11+AJ11+AM11+AP11+AS11+AV11+AY11+BB11+BE11+BH11+BK11+BN11+BQ11+BT11+BW11+BZ11+CC11+CF11+CI11+CL11+CO11+CR11+CU11+CX11 -> 14280.5 | D11: =C11/B11*100 -> 27.183938 | H11: 0 | I11: 0 | K11: 0 | L11: 0 | O11: 0 | T11: 0 | U11: 0 | W11: 264.1 | X11: 0 | Z11: 0 | AA11: 0 | AC11: 21 | AD11: 21 | AE11: =AD11/AC11*100 -> 100 | AF11: 190.76 | AG11: 190.8 | AH11: =AG11/AF11*100 -> 100.02097 | AI11: 2823.8 | AJ11: 637.7 | AK11: =AJ11/AI11*100 -> 22.583044 | AL11: 0 | AM11: 0 | AO11: 100 | AP11: 100 | AQ11: =AP11/AO11*100 -> 100 | AR11: 0 | AS11: 0 | AX11: 0 | AY11: 0 | BM11: 0 | BN11: 0 | BP11: 0 | BQ11: 0 | BS11: 9081.6 | BT11: 0 | BV11: 14509 | BW11: 7219.7 | BX11: 49.8 | BY11: 21670.3 | BZ11: 4811.3 | CA11: 22.2 | CE11: 0 | CH11: 0 | CI11: 0 | CK11: 3872.3 | CL11: 1300 | CM11: 33.6 | CO11: 0
A12: Базарно-Карабулакский | B12: =E12+H12+K12+N12+Q12+T12+W12+Z12+AC12+AF12+AI12+AL12+AO12+AR12+AU12+AX12+BA12+BD12+BG12+BJ12+BM12+BP12+BS12+BV12+BY12+CB12+CE12+CH12+CK12+CN12+CQ12+CT12+CW12 -> 36623.18 | C12: =F12+I12+L12+O12+R12+U12+X12+AA12+AD12+AG12+AJ12+AM12+AP12+AS12+AV12+AY12+BB12+BE12+BH12+BK12+BN12+BQ12+BT12+BW12+BZ12+CC12+CF12+CI12+CL12+CO12+CR12+CU12+CX12 -> 7918.9 | D12: =C12/B12*100 -> 21.622644 | H12: 0 | I12: 0 | K12: 1400 | L12: 0 | O12: 0 | T12: 0 | U12: 0 | W12: 364.2 | X12: 0 | Z12: 0 | AA12: 0 | AC12: 15 | AD12: 15 | AE12: =AD12/AC12*100 -> 100 | AF12: 95.38 | AG12: 95.4 | AH12: =AG12/AF12*100 -> 100.02097 | AI12: 0 | AJ12: 0 | AL12: 0 | AM12: 0 | AO12: 100 | AP12: 100 | AQ12: =AP12/AO12*100 -> 100 | AR12: 0 | AS12: 0 | AX12: 0 | AY12: 0 | BM12: 0 | BN12: 0 | BP12: 0 | BQ12: 0 | BS12: 5959.8 | BT12: 0 | BV12: 14878 | BW12: 6724.6 | BX12: 45.2 | BY12: 6273.2 | BZ12: 983.9 | CA12: 15.7 | CE12: 0 | CH12: 0 | CI12: 0 | CK12: 7537.6 | CL12: 0 | CM12: 0 | CO12: 0
A13: Балаковский | B13: =E13+H13+K13+N13+Q13+T13+W13+Z13+AC13+AF13+AI13+AL13+AO13+AR13+AU13+AX13+BA13+BD13+BG13+BJ13+BM13+BP13+BS13+BV13+BY13+CB13+CE13+CH13+CK13+CN13+CQ13+CT13+CW13 -> 84632.56 | C13: =F13+I13+L13+O13+R13+U13+X13+AA13+AD13+AG13+AJ13+AM13+AP13+AS13+AV13+AY13+BB13+BE13+BH13+BK13+BN13+BQ13+BT13+BW13+BZ13+CC13+CF13+CI13+CL13+CO13+CR13+CU13+CX13 -> 17612.2 | D13: =C13/B13*100 -> 20.810194 | H13: 0 | I13: 0 | K13: 0 | L13: 0 | O13: 0 | T13: 0 | U13: 0 | W13: 7732 | X13: 0 | Z13: 0 | AA13: 0 | AC13: 110 | AD13: 0 | AE13: =AD13/AC13*100 -> 0 | AF13: 190.76 | AG13: 0 | AH13: =AG13/AF13*100 -> 0 | AI13: 0 | AJ13: 0 | AL13: 52 | AM13: 0 | AO13: 0 | AP13: 0 | AR13: 0 | AS13: 0 | AX13: 0 | AY13: 0 | BA13: 4860 | BB13: 2430 | BC13: =BB13/BA13*100 -> 50 | BM13: 0 | BN13: 0 | BP13: 0 | BQ13: 0 | BS13: 11971.2 | BT13: 0 | BV13: 11083 | BW13: 5510.4 | BX13: 49.7 | BY13: 48633.6 | BZ13: 9671.8 | CA13: 19.9 | CE13: 0 | CH13: 0 | CI13: 0 | CK13: 0 | CL13: 0
A14: Балашовский | B14: =E14+H14+K14+N14+Q14+T14+W14+Z14+AC14+AF14+AI14+AL14+AO14+AR14+AU14+AX14+BA14+BD14+BG14+BJ14+BM14+BP14+BS14+BV14+BY14+CB14+CE14+CH14+CK14+CN14+CQ14+CT14+CW14 -> 199000.16 | C14: =F14+I14+L14+O14+R14+U14+X14+AA14+AD14+AG14+AJ14+AM14+AP14+AS14+AV14+AY14+BB14+BE14+BH14+BK14+BN14+BQ14+BT14+BW14+BZ14+CC14+CF14+CI14+CL14+CO14+CR14+CU14+CX14 -> 64794.1 | D14: =C14/B14*100 -> 32.559823 | H14: 0 | I14: 0 | K14: 0 | L14: 0 | O14: 0 | T14: 0 | U14: 0 | W14: 4730.1 | X14: 0 | Z14: 5658.4 | AA14: 5482.6 | AB14: =AA14/Z14*100 -> 96.893115 | AC14: 55.7 | AD14: 0 | AE14: =AD14/AC14*100 -> 0 | AF14: 190.76 | AG14: 0 | AH14: =AG14/AF14*100 -> 0 | AI14: 2800 | AJ14: 400 | AK14: =AJ14/AI14*100 -> 14.285714 | AL14: 0 | AM14: 0 | AO14: 200 | AP14: 100 | AQ14: =AP14/AO14*100 -> 50 | AR14: 0 | AS14: 0 | AX14: 0 | AY14: 0 | BM14: 0 | BN14: 0 | BP14: 0 | BQ14: 0 | BS14: 11171.4 | BT14: 0 | BV14: 47799 | BW14: 19935.6 | BX14: 41.7 | BY14: 26394.8 | BZ14: 5575.9 | CA14: 21.1 | CE14: 0 | CH14: 0 | CI14: 0 | CK14: 100000 | CL14: 33300 | CM14: 33.3 | CO14: 0
A15: Балтайский | B15: =E15+H15+K15+N15+Q15+T15+W15+Z15+AC15+AF15+AI15+AL15+AO15+AR15+AU15+AX15+BA15+BD15+BG15+BJ15+BM15+BP15+BS15+BV15+BY15+CB15+CE15+CH15+CK15+CN15+CQ15+CT15+CW15 -> 41551.28 | C15: =F15+I15+L15+O15+R15+U15+X15+AA15+AD15+AG15+AJ15+AM15+AP15+AS15+AV15+AY15+BB15+BE15+BH15+BK15+BN15+BQ15+BT15+BW15+BZ15+CC15+CF15+CI15+CL15+CO15+CR15+CU15+CX15 -> 3916.9 | D15: =C15/B15*100 -> 9.4266651 | H15: 0 | I15: 0 | K15: 1500 | L15: 0 | O15: 0 | T15: 0 | U15: 0 | W15: 0 | X15: 0 | Z15: 0 | AA15: 0 | AC15: 5.9 | AD15: 0 | AE15: =AD15/AC15*100 -> 0 | AF15: 95.38 | AG15: 0 | AH15: =AG15/AF15*100 -> 0 | AI15: 2837.1 | AJ15: 0 | AK15: =AJ15/AI15*100 -> 0 | AL15: 0 | AM15: 0 | AO15: 0 | AP15: 0 | AR15: 50 | AS15: 50 | AT15: =AS15/AR15*100 -> 100 | AX15: 0 | AY15: 0 | BM15: 0 | BN15: 0 | BP15: 0 | BQ15: 0 | BS15: 2915.4 | BT15: 0 | BV15: 7723 | BW15: 2240.2 | BX15: 29 | BY15: 4463.4 | BZ15: 1626.7 | CA15: 36.4 | CE15: 0 | CH15: 0 | CI15: 0 | CK15: 21961.1 | CL15: 0 | CM15: 0 | CN15: 0 | CO15: 0
A16: Вольский | B16: =E16+H16+K16+N16+Q16+T16+W16+Z16+AC16+AF16+AI16+AL16+AO16+AR16+AU16+AX16+BA16+BD16+BG16+BJ16+BM16+BP16+BS16+BV16+BY16+CB16+CE16+CH16+CK16+CN16+CQ16+CT16+CW16 -> 104168.76 | C16: =F16+I16+L16+O16+R16+U16+X16+AA16+AD16+AG16+AJ16+AM16+AP16+AS16+AV16+AY16+BB16+BE16+BH16+BK16+BN16+BQ16+BT16+BW16+BZ16+CC16+CF16+CI16+CL16+CO16+CR16+CU16+CX16 -> 23943.5 | D16: =C16/B16*100 -> 22.985298 | H16: 0 | I16: 0 | K16: 0 | L16: 0 | O16: 0 | T16: 0 | U16: 0 | W16: 4024.2 | X16: 0 | Z16: 0 | AA16: 0 | AC16: 46.7 | AD16: 46.6 | AE16: =AD16/AC16*100 -> 99.785867 | AF16: 190.76 | AG16: 190.8 | AH16: =AG16/AF16*100 -> 100.02097 | AI16: 2852.4 | AJ16: 855.7 | AK16: =AJ16/AI16*100 -> 29.999299 | AL16: 0 | AM16: 0 | AO16: 100 | AP16: 100 | AQ16: =AP16/AO16*100 -> 100 | AR16: 50 | AS16: 50 | AT16: =AS16/AR16*100 -> 100 | AX16: 0 | AY16: 0 | BM16: 0 | BN16: 0 | BP16: 0 | BQ16: 0 | BS16: 10216.8 | BT16: 0 | BV16: 27191 | BW16: 14995.5 | BX16: 55.1 | BY16: 41411 | BZ16: 7704.9 | CA16: 18.6 | CE16: 0 | CH16: 0 | CI16: 0 | CK16: 18085.9 | CL16: 0 | CM16: 0 | CN16: 0 | CO16: 0
A17: Воскресенский | B17: =E17+H17+K17+N17+Q17+T17+W17+Z17+AC17+AF17+AI17+AL17+AO17+AR17+AU17+AX17+BA17+BD17+BG17+BJ17+BM17+BP17+BS17+BV17+BY17+CB17+CE17+CH17+CK17+CN17+CQ17+CT17+CW17 -> 29849.88 | C17: =F17+I17+L17+O17+R17+U17+X17+AA17+AD17+AG17+AJ17+AM17+AP17+AS17+AV17+AY17+BB17+BE17+BH17+BK17+BN17+BQ17+BT17+BW17+BZ17+CC17+CF17+CI17+CL17+CO17+CR17+CU17+CX17 -> 3603.4 | D17: =C17/B17*100 -> 12.07174 | H17: 0 | I17: 0 | K17: 0 | L17: 0 | O17: 0 | T17: 0 | U17: 0 | W17: 0 | X17: 0 | Z17: 0 | AA17: 0 | AC17: 6.2 | AD17: 0 | AE17: =AD17/AC17*100 -> 0 | AF17: 95.38 | AG17: 0 | AH17: =AG17/AF17*100 -> 0 | AI17: 2800 | AJ17: 149.8 | AK17: =AJ17/AI17*100 -> 5.35 | AL17: 0 | AM17: 0 | AO17: 0 | AP17: 0 | AR17: 0 | AS17: 0 | AX17: 0 | AY17: 0 | BM17: 0 | BN17: 0 | BP17: 0 | BQ17: 0 | BS17: 2528.4 | BT17: 0 | BV17: 6634 | BW17: 2490.5 | BX17: 37.5 | BY17: 4942.7 | BZ17: 963.1 | CA17: 19.5 | CE17: 0 | CH17: 0 | CI17: 0 | CK17: 12843.2 | CL17: 0 | CM17: 0 | CN17: 0 | CO17: 0
A18: Дергачевский | B18: =E18+H18+K18+N18+Q18+T18+W18+Z18+AC18+AF18+AI18+AL18+AO18+AR18+AU18+AX18+BA18+BD18+BG18+BJ18+BM18+BP18+BS18+BV18+BY18+CB18+CE18+CH18+CK18+CN18+CQ18+CT18+CW18 -> 36288.98 | C18: =F18+I18+L18+O18+R18+U18+X18+AA18+AD18+AG18+AJ18+AM18+AP18+AS18+AV18+AY18+BB18+BE18+BH18+BK18+BN18+BQ18+BT18+BW18+BZ18+CC18+CF18+CI18+CL18+CO18+CR18+CU18+CX18 -> 6243.9 | D18: =C18/B18*100 -> 17.20605 | H18: 0 | I18: 0 | K18: 1000 | L18: 0 | O18: 0 | T18: 0 | U18: 0 | W18: 889.7 | X18: 0 | Z18: 0 | AA18: 0 | AC18: 9.7 | AD18: 0 | AE18: =AD18/AC18*100 -> 0 | AF18: 95.38 | AG18: 0 | AH18: =AG18/AF18*100 -> 0 | AI18: 0 | AJ18: 0 | AL18: 0 | AM18: 0 | AO18: 100 | AP18: 0 | AQ18: =AP18/AO18*100 -> 0 | AR18: 0 | AS18: 0 | AX18: 0 | AY18: 0 | BM18: 0 | BN18: 0 | BP18: 0 | BQ18: 0 | BS18: 5418 | BT18: 0 | BV18: 8699 | BW18: 4207 | BX18: 48.4 | BY18: 7835.2 | BZ18: 2036.9 | CA18: 26 | CE18: 0 | CH18: 0 | CI18: 0 | CK18: 12242 | CL18: 0 | CM18: 0 | CN18: 0 | CO18: 0
A19: Духовницкий | B19: =E19+H19+K19+N19+Q19+T19+W19+Z19+AC19+AF19+AI19+AL19+AO19+AR19+AU19+AX19+BA19+BD19+BG19+BJ19+BM19+BP19+BS19+BV19+BY19+CB19+CE19+CH19+CK19+CN19+CQ19+CT19+CW19 -> 32913.18 | C19: =F19+I19+L19+O19+R19+U19+X19+AA19+AD19+AG19+AJ19+AM19+AP19+AS19+AV19+AY19+BB19+BE19+BH19+BK19+BN19+BQ19+BT19+BW19+BZ19+CC19+CF19+CI19+CL19+CO19+CR19+CU19+CX19 -> 4655.1 | D19: =C19/B19*100 -> 14.143574 | H19: 0 | I19: 0 | K19: 0 | L19: 0 | O19: 0 | T19: 0 | U19: 0 | W19: 208.7 | X19: 0 | Z19: 0 | AA19: 0 | AC19: 6.1 | AD19: 6.1 | AE19: =AD19/AC19*100 -> 100 | AF19: 95.38 | AG19: 95.4 | AH19: =AG19/AF19*100 -> 100.02097 | AI19: 2800 | AJ19: 840 | AK19: =AJ19/AI19*100 -> 30 | AL19: 0 | AM19: 0 | AO19: 100 | AP19: 100 | AQ19: =AP19/AO19*100 -> 100 | AR19: 0 | AS19: 0 | AX19: 0 | AY19: 0 | BM19: 0 | BN19: 0 | BP19: 0 | BQ19: 0 | BS19: 3018.6 | BT19: 0 | BV19: 7894 | BW19: 2531.1 | BX19: 32.1 | BY19: 5411.9 | BZ19: 1010.2 | CA19: 18.7 | CE19: 0 | CH19: 0 | CI19: 0 | CK19: 13378.5 | CL19: 72.3 | CM19: 0.5 | CN19: 0 | CO19: 0
A20: Екатериновский | B20: =E20+H20+K20+N20+Q20+T20+W20+Z20+AC20+AF20+AI20+AL20+AO20+AR20+AU20+AX20+BA20+BD20+BG20+BJ20+BM20+BP20+BS20+BV20+BY20+CB20+CE20+CH20+CK20+CN20+CQ20+CT20+CW20 -> 47850.38 | C20: =F20+I20+L20+O20+R20+U20+X20+AA20+AD20+AG20+AJ20+AM20+AP20+AS20+AV20+AY20+BB20+BE20+BH20+BK20+BN20+BQ20+BT20+BW20+BZ20+CC20+CF20+CI20+CL20+CO20+CR20+CU20+CX20 -> 12551.4 | D20: =C20/B20*100 -> 26.230513 | H20: 0 | I20: 0 | K20: 1000 | L20: 0 | O20: 0 | T20: 0 | U20: 0 | W20: 242.4 | X20: 0 | Z20: 0 | AA20: 0 | AC20: 9.7 | AD20: 9.7 | AE20: =AD20/AC20*100 -> 100 | AF20: 95.38 | AG20: 95.4 | AH20: =AG20/AF20*100 -> 100.02097 | AI20: 2850 | AJ20: 850.1 | AK20: =AJ20/AI20*100 -> 29.82807 | AL20: 50 | AM20: 50 | AN20: =AM20/AL20*100 -> 100 | AO20: 100 | AP20: 45.6 | AQ20: =AP20/AO20*100 -> 45.6 | AR20: 0 | AS20: 0 | AX20: 0 | AY20: 0 | BM20: 0 | BN20: 0 | BP20: 0 | BQ20: 0 | BS20: 4437.6 | BT20: 0 | BV20: 14946 | BW20: 5538.6 | BX20: 37.1 | BY20: 7392.6 | BZ20: 1293.1 | CA20: 17.5 | CE20: 0 | CH20: 0 | CI20: 0 | CK20: 16726.7 | CL20: 4668.9 | CM20: 27.9 | CN20: 0 | CO20: 0
A21: Ершовский | B21: =E21+H21+K21+N21+Q21+T21+W21+Z21+AC21+AF21+AI21+AL21+AO21+AR21+AU21+AX21+BA21+BD21+BG21+BJ21+BM21+BP21+BS21+BV21+BY21+CB21+CE21+CH21+CK21+CN21+CQ21+CT21+CW21 -> 51188.46 | C21: =F21+I21+L21+O21+R21+U21+X21+AA21+AD21+AG21+AJ21+AM21+AP21+AS21+AV21+AY21+BB21+BE21+BH21+BK21+BN21+BQ21+BT21+BW21+BZ21+CC21+CF21+CI21+CL21+CO21+CR21+CU21+CX21 -> 8276 | D21: =C21/B21*100 -> 16.167707 | H21: 0 | I21: 0 | K21: 1100 | L21: 0 | O21: 0 | T21: 0 | U21: 0 | W21: 320.4 | X21: 0 | Z21: 0 | AA21: 0 | AC21: 19.4 | AD21: 19.4 | AE21: =AD21/AC21*100 -> 100 | AF21: 190.76 | AG21: 166.8 | AH21: =AG21/AF21*100 -> 87.439715 | AI21: 2600 | AJ21: 200 | AK21: =AJ21/AI21*100 -> 7.6923077 | AL21: 0 | AM21: 0 | AO21: 100 | AP21: 100 | AQ21: =AP21/AO21*100 -> 100 | AR21: 100 | AS21: 100 | AT21: =AS21/AR21*100 -> 100 | AX21: 0 | AY21: 0 | BM21: 0 | BN21: 0 | BP21: 0 | BQ21: 0 | BS21: 7817.4 | BT21: 0 | BV21: 20209 | BW21: 4716.7 | BX21: 23.3 | BY21: 16871.4 | BZ21: 2973.1 | CA21: 17.6 | CE21: 0 | CH21: 0 | CI21: 0 | CK21: 1860.1 | CL21: 0 | CM21: 0 | CN21: 0 | CO21: 0
A22: Ивантеевский | B22: =E22+H22+K22+N22+Q22+T22+W22+Z22+AC22+AF22+AI22+AL22+AO22+AR22+AU22+AX22+BA22+BD22+BG22+BJ22+BM22+BP22+BS22+BV22+BY22+CB22+CE22+CH22+CK22+CN22+CQ22+CT22+CW22 -> 37260.08 | C22: =F22+I22+L22+O22+R22+U22+X22+AA22+AD22+AG22+AJ22+AM22+AP22+AS22+AV22+AY22+BB22+BE22+BH22+BK22+BN22+BQ22+BT22+BW22+BZ22+CC22+CF22+CI22+CL22+CO22+CR22+CU22+CX22 -> 8697.2 | D22: =C22/B22*100 -> 23.341872 | H22: 0 | I22: 0 | K22: 0 | L22: 0 | O22: 0 | T22: 0 | U22: 0 | W22: 0 | X22: 0 | Z22: 0 | AA22: 0 | AC22: 7.2 | AD22: 7.2 | AE22: =AD22/AC22*100 -> 100 | AF22: 95.38 | AG22: 95.4 | AH22: =AG22/AF22*100 -> 100.02097 | AI22: 2954.3 | AJ22: 886.3 | AK22: =AJ22/AI22*100 -> 30.000338 | AL22: 0 | AM22: 0 | AO22: 0 | AP22: 0 | AR22: 50 | AS22: 50 | AT22: =AS22/AR22*100 -> 100 | AX22: 0 | AY22: 0 | BM22: 0 | BN22: 0 | BP22: 0 | BQ22: 0 | BS22: 4540.8 | BT22: 0 | BV22: 11097 | BW22: 4654 | BX22: 41.9 | BY22: 6244.2 | BZ22: 1676.1 | CA22: 26.8 | CE22: 0 | CH22: 0 | CI22: 0 | CK22: 12271.2 | CL22: 1328.2 | CM22: 10.8 | CN22: 0 | CO22: 0
A23: Калининский | B23: =E23+H23+K23+N23+Q23+T23+W23+Z23+AC23+AF23+AI23+AL23+AO23+AR23+AU23+AX23+BA23+BD23+BG23+BJ23+BM23+BP23+BS23+BV23+BY23+CB23+CE23+CH23+CK23+CN23+CQ23+CT23+CW23 -> 40210.98 | C23: =F23+I23+L23+O23+R23+U23+X23+AA23+AD23+AG23+AJ23+AM23+AP23+AS23+AV23+AY23+BB23+BE23+BH23+BK23+BN23+BQ23+BT23+BW23+BZ23+CC23+CF23+CI23+CL23+CO23+CR23+CU23+CX23 -> 4861.5 | D23: =C23/B23*100 -> 12.089981 | H23: 0 | I23: 0 | K23: 1000 | L23: 0 | O23: 0 | T23: 0 | U23: 0 | W23: 569.6 | X23: 0 | Z23: 0 | AA23: 0 | AC23: 16.1 | AD23: 13.8 | AE23: =AD23/AC23*100 -> 85.714286 | AF23: 95.38 | AG23: 95.4 | AH23: =AG23/AF23*100 -> 100.02097 | AI23: 0 | AJ23: 0 | AL23: 0 | AM23: 0 | AO23: 100 | AP23: 0 | AQ23: =AP23/AO23*100 -> 0 | AR23: 50 | AS23: 50 | AT23: =AS23/AR23*100 -> 100 | AX23: 0 | AY23: 0 | BM23: 0 | BN23: 0 | BP23: 0 | BQ23: 0 | BS23: 7017.6 | BT23: 0 | BV23: 10121 | BW23: 3126.3 | BX23: 30.9 | BY23: 6453.2 | BZ23: 1576 | CA23: 24.4 | CE23: 0 | CH23: 0 | CI23: 0 | CK23: 14788.1 | CL23: 0 | CM23: 0 | CN23: 0 | CO23: 0
A24: Красноармейский | B24: =E24+H24+K24+N24+Q24+T24+W24+Z24+AC24+AF24+AI24+AL24+AO24+AR24+AU24+AX24+BA24+BD24+BG24+BJ24+BM24+BP24+BS24+BV24+BY24+CB24+CE24+CH24+CK24+CN24+CQ24+CT24+CW24 -> 60860.96 | C24: =F24+I24+L24+O24+R24+U24+X24+AA24+AD24+AG24+AJ24+AM24+AP24+AS24+AV24+AY24+BB24+BE24+BH24+BK24+BN24+BQ24+BT24+BW24+BZ24+CC24+CF24+CI24+CL24+CO24+CR24+CU24+CX24 -> 11641.8 | D24: =C24/B24*100 -> 19.128519 | H24: 0 | I24: 0 | K24: 1000 | L24: 0 | O24: 0 | T24: 0 | U24: 0 | W24: 231.3 | X24: 0 | Z24: 0 | AA24: 0 | AC24: 24.1 | AD24: 0 | AE24: =AD24/AC24*100 -> 0 | AF24: 190.76 | AG24: 190.8 | AH24: =AG24/AF24*100 -> 100.02097 | AI24: 0 | AJ24: 0 | AL24: 0 | AM24: 0 | AO24: 0 | AP24: 0 | AR24: 50 | AS24: 50 | AT24: =AS24/AR24*100 -> 100 | AX24: 0 | AY24: 0 | BM24: 0 | BN24: 0 | BP24: 0 | BQ24: 0 | BS24: 10294.2 | BT24: 0 | BV24: 16940 | BW24: 7010.4 | BX24: 41.4 | BY24: 12159 | BZ24: 4390.6 | CA24: 36.1 | CE24: 0 | CH24: 0 | CI24: 0 | CK24: 19971.6 | CL24: 0 | CM24: 0 | CN24: 0 | CO24: 0
A25: Краснокутский | B25: =E25+H25+K25+N25+Q25+T25+W25+Z25+AC25+AF25+AI25+AL25+AO25+AR25+AU25+AX25+BA25+BD25+BG25+BJ25+BM25+BP25+BS25+BV25+BY25+CB25+CE25+CH25+CK25+CN25+CQ25+CT25+CW25 -> 40416.18 | C25: =F25+I25+L25+O25+R25+U25+X25+AA25+AD25+AG25+AJ25+AM25+AP25+AS25+AV25+AY25+BB25+BE25+BH25+BK25+BN25+BQ25+BT25+BW25+BZ25+CC25+CF25+CI25+CL25+CO25+CR25+CU25+CX25 -> 12328.9 | D25: =C25/B25*100 -> 30.504862 | H25: 0 | I25: 0 | K25: 0 | L25: 0 | O25: 0 | T25: 0 | U25: 0 | W25: 676.2 | X25: 0 | Z25: 0 | AA25: 0 | AC25: 17.7 | AD25: 17.7 | AE25: =AD25/AC25*100 -> 100 | AF25: 95.38 | AG25: 95.4 | AH25: =AG25/AF25*100 -> 100.02097 | AI25: 2800 | AJ25: 840 | AK25: =AJ25/AI25*100 -> 30 | AL25: 0 | AM25: 0 | AO25: 0 | AP25: 0 | AR25: 100 | AS25: 100 | AT25: =AS25/AR25*100 -> 100 | AX25: 0 | AY25: 0 | BM25: 0 | BN25: 0 | BP25: 0 | BQ25: 0 | BS25: 5805 | BT25: 0 | BV25: 20506 | BW25: 8192.1 | BX25: 39.9 | BY25: 10415.9 | BZ25: 3083.7 | CA25: 29.6 | CE25: 0 | CH25: 0 | CI25: 0 | CK25: 0 | CL25: 0 | CN25: 0 | CO25: 0
A26: Краснопартизанский | B26: =E26+H26+K26+N26+Q26+T26+W26+Z26+AC26+AF26+AI26+AL26+AO26+AR26+AU26+AX26+BA26+BD26+BG26+BJ26+BM26+BP26+BS26+BV26+BY26+CB26+CE26+CH26+CK26+CN26+CQ26+CT26+CW26 -> 29828.68 | C26: =F26+I26+L26+O26+R26+U26+X26+AA26+AD26+AG26+AJ26+AM26+AP26+AS26+AV26+AY26+BB26+BE26+BH26+BK26+BN26+BQ26+BT26+BW26+BZ26+CC26+CF26+CI26+CL26+CO26+CR26+CU26+CX26 -> 3415.3 | D26: =C26/B26*100 -> 11.449719 | H26: 0 | I26: 0 | K26: 0 | L26: 0 | O26: 0 | T26: 0 | U26: 0 | W26: 0 | X26: 0 | Z26: 0 | AA26: 0 | AC26: 7.1 | AD26: 7.1 | AE26: =AD26/AC26*100 -> 100 | AF26: 95.38 | AG26: 0 | AH26: =AG26/AF26*100 -> 0 | AI26: 0 | AJ26: 0 | AL26: 0 | AM26: 0 | AO26: 100 | AP26: 0 | AQ26: =AP26/AO26*100 -> 0 | AR26: 0 | AS26: 0 | AX26: 0 | AY26: 0 | BM26: 0 | BN26: 0 | BP26: 0 | BQ26: 0 | BS26: 5392.2 | BT26: 0 | BV26: 5500 | BW26: 1611.7 | BX26: 29.3 | BY26: 6217.3 | BZ26: 1796.5 | CA26: 28.9 | CE26: 0 | CH26: 0 | CI26: 0 | CK26: 12516.7 | CL26: 0 | CM26: 0 | CN26: 0 | CO26: 0
A27: Лысогорский | B27: =E27+H27+K27+N27+Q27+T27+W27+Z27+AC27+AF27+AI27+AL27+AO27+AR27+AU27+AX27+BA27+BD27+BG27+BJ27+BM27+BP27+BS27+BV27+BY27+CB27+CE27+CH27+CK27+CN27+CQ27+CT27+CW27 -> 22985.58 | C27: =F27+I27+L27+O27+R27+U27+X27+AA27+AD27+AG27+AJ27+AM27+AP27+AS27+AV27+AY27+BB27+BE27+BH27+BK27+BN27+BQ27+BT27+BW27+BZ27+CC27+CF27+CI27+CL27+CO27+CR27+CU27+CX27 -> 6613.6 | D27: =C27/B27*100 -> 28.772822 | H27: 0 | I27: 0 | K27: 0 | L27: 0 | O27: 0 | T27: 0 | U27: 0 | W27: 242.7 | X27: 0 | Z27: 0 | AA27: 0 | AC27: 10.1 | AD27: 0 | AE27: =AD27/AC27*100 -> 0 | AF27: 95.38 | AG27: 0 | AH27: =AG27/AF27*100 -> 0 | AI27: 0 | AJ27: 0 | AL27: 0 | AM27: 0 | AO27: 0 | AP27: 0 | AR27: 50 | AS27: 0 | AT27: =AS27/AR27*100 -> 0 | AX27: 0 | AY27: 0 | BM27: 0 | BN27: 0 | BP27: 0 | BQ27: 0 | BS27: 4437.6 | BT27: 0 | BV27: 8632 | BW27: 3672.8 | BX27: 42.5 | BY27: 4078 | BZ27: 1140.8 | CA27: 28 | CE27: 0 | CH27: 0 | CI27: 0 | CK27: 5439.8 | CL27: 1800 | CM27: 33.1 | CN27: 0 | CO27: 0
A28: Марксовский | B28: =E28+H28+K28+N28+Q28+T28+W28+Z28+AC28+AF28+AI28+AL28+AO28+AR28+AU28+AX28+BA28+BD28+BG28+BJ28+BM28+BP28+BS28+BV28+BY28+CB28+CE28+CH28+CK28+CN28+CQ28+CT28+CW28 -> 84498.2 | C28: =F28+I28+L28+O28+R28+U28+X28+AA28+AD28+AG28+AJ28+AM28+AP28+AS28+AV28+AY28+BB28+BE28+BH28+BK28+BN28+BQ28+BT28+BW28+BZ28+CC28+CF28+CI28+CL28+CO28+CR28+CU28+CX28 -> 24980.6 | D28: =C28/B28*100 -> 29.56347 | H28: 0 | I28: 0 | K28: 1000 | L28: 0 | O28: 0 | T28: 0 | U28: 0 | W28: 2655.2 | X28: 0 | Z28: 0 | AA28: 0 | AC28: 33.1 | AD28: 33.1 | AE28: =AD28/AC28*100 -> 100 | AF28: 190.8 | AG28: 190.8 | AH28: =AG28/AF28*100 -> 100 | AI28: 0 | AJ28: 0 | AL28: 0 | AM28: 0 | AO28: 0 | AP28: 0 | AR28: 0 | AS28: 0 | AX28: 0 | AY28: 0 | BM28: 0 | BN28: 0 | BP28: 0 | BQ28: 0 | BS28: 10694.1 | BT28: 0 | BV28: 29139 | BW28: 13942.2 | BX28: 47.8 | BY28: 21255 | BZ28: 4314.5 | CA28: 20.3 | CE28: 0 | CH28: 0 | CI28: 0 | CK28: 19531 | CL28: 6500 | CM28: 33.3 | CN28: 0 | CO28: 0
A29: Новобурасский | B29: =E29+H29+K29+N29+Q29+T29+W29+Z29+AC29+AF29+AI29+AL29+AO29+AR29+AU29+AX29+BA29+BD29+BG29+BJ29+BM29+BP29+BS29+BV29+BY29+CB29+CE29+CH29+CK29+CN29+CQ29+CT29+CW29 -> 42418.48 | C29: =F29+I29+L29+O29+R29+U29+X29+AA29+AD29+AG29+AJ29+AM29+AP29+AS29+AV29+AY29+BB29+BE29+BH29+BK29+BN29+BQ29+BT29+BW29+BZ29+CC29+CF29+CI29+CL29+CO29+CR29+CU29+CX29 -> 6866.5 | D29: =C29/B29*100 -> 16.18752 | H29: 0 | I29: 0 | K29: 1600 | L29: 0 | O29: 0 | T29: 0 | U29: 0 | W29: 0 | X29: 0 | Z29: 0 | AA29: 0 | AC29: 8.4 | AD29: 8.4 | AE29: =AD29/AC29*100 -> 100 | AF29: 95.38 | AG29: 95.4 | AH29: =AG29/AF29*100 -> 100.02097 | AI29: 0 | AJ29: 0 | AL29: 0 | AM29: 0 | AO29: 0 | AP29: 0 | AR29: 50 | AS29: 50 | AT29: =AS29/AR29*100 -> 100 | AX29: 0 | AY29: 0 | BM29: 0 | BN29: 0 | BP29: 0 | BQ29: 0 | BS29: 5469.6 | BT29: 0 | BV29: 12232 | BW29: 5049.4 | BX29: 41.3 | BY29: 7685.4 | BZ29: 1663.3 | CA29: 21.6 | CE29: 0 | CH29: 0 | CI29: 0 | CK29: 15277.7 | CL29: 0 | CM29: 0 | CN29: 0 | CO29: 0
A30: Новоузенский | B30: =E30+H30+K30+N30+Q30+T30+W30+Z30+AC30+AF30+AI30+AL30+AO30+AR30+AU30+AX30+BA30+BD30+BG30+BJ30+BM30+BP30+BS30+BV30+BY30+CB30+CE30+CH30+CK30+CN30+CQ30+CT30+CW30 -> 62060.88 | C30: =F30+I30+L30+O30+R30+U30+X30+AA30+AD30+AG30+AJ30+AM30+AP30+AS30+AV30+AY30+BB30+BE30+BH30+BK30+BN30+BQ30+BT30+BW30+BZ30+CC30+CF30+CI30+CL30+CO30+CR30+CU30+CX30 -> 16927.5 | D30: =C30/B30*100 -> 27.275636 | H30: 0 | I30: 0 | K30: 1300 | L30: 0 | O30: 0 | T30: 0 | U30: 0 | W30: 191.1 | X30: 0 | Z30: 0 | AA30: 0 | AC30: 15.5 | AD30: 15.5 | AE30: =AD30/AC30*100 -> 100 | AF30: 95.38 | AG30: 95.4 | AH30: =AG30/AF30*100 -> 100.02097 | AI30: 0 | AJ30: 0 | AL30: 0 | AM30: 0 | AO30: 100 | AP30: 100 | AQ30: =AP30/AO30*100 -> 100 | AR30: 0 | AS30: 0 | AX30: 0 | AY30: 0 | BM30: 0 | BN30: 0 | BP30: 0 | BQ30: 0 | BS30: 8875.2 | BT30: 0 | BV30: 13772 | BW30: 5325.4 | BX30: 38.7 | BY30: 18522.4 | BZ30: 4991.2 | CA30: 26.9 | CE30: 0 | CH30: 0 | CI30: 0 | CK30: 19189.3 | CL30: 6400 | CM30: 33.4 | CN30: 0 | CO30: 0
A31: Озинский | B31: =E31+H31+K31+N31+Q31+T31+W31+Z31+AC31+AF31+AI31+AL31+AO31+AR31+AU31+AX31+BA31+BD31+BG31+BJ31+BM31+BP31+BS31+BV31+BY31+CB31+CE31+CH31+CK31+CN31+CQ31+CT31+CW31 -> 41901.08 | C31: =F31+I31+L31+O31+R31+U31+X31+AA31+AD31+AG31+AJ31+AM31+AP31+AS31+AV31+AY31+BB31+BE31+BH31+BK31+BN31+BQ31+BT31+BW31+BZ31+CC31+CF31+CI31+CL31+CO31+CR31+CU31+CX31 -> 8498.8 | D31: =C31/B31*100 -> 20.283009 | H31: 0 | I31: 0 | K31: 0 | L31: 0 | O31: 0 | T31: 0 | U31: 0 | W31: 183.1 | X31: 0 | Z31: 0 | AA31: 0 | AC31: 9 | AD31: 9 | AE31: =AD31/AC31*100 -> 100 | AF31: 95.38 | AG31: 95.4 | AH31: =AG31/AF31*100 -> 100.02097 | AI31: 2600.8 | AJ31: 780.2 | AK31: =AJ31/AI31*100 -> 29.998462 | AL31: 0 | AM31: 0 | AO31: 0 | AP31: 0 | AR31: 50 | AS31: 50 | AT31: =AS31/AR31*100 -> 100 | AX31: 0 | AY31: 0 | BM31: 0 | BN31: 0 | BP31: 0 | BQ31: 0 | BS31: 4308.6 | BT31: 0 | BV31: 11536 | BW31: 4279.4 | BX31: 37.1 | BY31: 11754 | BZ31: 3284.8 | CA31: 27.9 | CE31: 0 | CH31: 0 | CI31: 0 | CK31: 11364.2 | CL31: 0 | CM31: 0 | CN31: 0 | CO31: 0
A32: Перелюбский | B32: =E32+H32+K32+N32+Q32+T32+W32+Z32+AC32+AF32+AI32+AL32+AO32+AR32+AU32+AX32+BA32+BD32+BG32+BJ32+BM32+BP32+BS32+BV32+BY32+CB32+CE32+CH32+CK32+CN32+CQ32+CT32+CW32 -> 28649.08 | C32: =F32+I32+L32+O32+R32+U32+X32+AA32+AD32+AG32+AJ32+AM32+AP32+AS32+AV32+AY32+BB32+BE32+BH32+BK32+BN32+BQ32+BT32+BW32+BZ32+CC32+CF32+CI32+CL32+CO32+CR32+CU32+CX32 -> 6146.2 | D32: =C32/B32*100 -> 21.453394 | H32: 0 | I32: 0 | K32: 0 | L32: 0 | O32: 0 | T32: 0 | U32: 0 | W32: 331.2 | X32: 0 | Z32: 0 | AA32: 0 | AC32: 7 | AD32: 7 | AE32: =AD32/AC32*100 -> 100 | AF32: 95.38 | AG32: 83.4 | AH32: =AG32/AF32*100 -> 87.439715 | AI32: 0 | AJ32: 0 | AL32: 0 | AM32: 0 | AO32: 0 | AP32: 0 | AR32: 0 | AS32: 0 | AX32: 0 | AY32: 0 | BM32: 0 | BN32: 0 | BP32: 0 | BQ32: 0 | BS32: 6192 | BT32: 0 | BV32: 12044 | BW32: 4508.4 | BX32: 37.4 | BY32: 6516.1 | BZ32: 1547.4 | CA32: 23.7 | CE32: 0 | CH32: 0 | CI32: 0 | CK32: 3463.4 | CL32: 0 | CM32: 0 | CN32: 0 | CO32: 0
A33: Петровский | B33: =E33+H33+K33+N33+Q33+T33+W33+Z33+AC33+AF33+AI33+AL33+AO33+AR33+AU33+AX33+BA33+BD33+BG33+BJ33+BM33+BP33+BS33+BV33+BY33+CB33+CE33+CH33+CK33+CN33+CQ33+CT33+CW33 -> 66360.08 | C33: =F33+I33+L33+O33+R33+U33+X33+AA33+AD33+AG33+AJ33+AM33+AP33+AS33+AV33+AY33+BB33+BE33+BH33+BK33+BN33+BQ33+BT33+BW33+BZ33+CC33+CF33+CI33+CL33+CO33+CR33+CU33+CX33 -> 10451 | D33: =C33/B33*100 -> 15.748926 | H33: 0 | I33: 0 | K33: 0 | L33: 0 | O33: 0 | T33: 0 | U33: 0 | W33: 8837.6 | X33: 0 | Z33: 0 | AA33: 0 | AC33: 22 | AD33: 0 | AE33: =AD33/AC33*100 -> 0 | AF33: 95.38 | AG33: 0 | AH33: =AG33/AF33*100 -> 0 | AI33: 2850 | AJ33: 0 | AK33: 0 | AL33: 0 | AM33: 0 | AO33: 0 | AP33: 0 | AR33: 50 | AS33: 0 | AT33: =AS33/AR33*100 -> 0 | AX33: 0 | AY33: 0 | BM33: 0 | BN33: 0 | BP33: 0 | BQ33: 0 | BS33: 8772 | BT33: 0 | BV33: 14925 | BW33: 6154.7 | BX33: 41.2 | BY33: 8773.5 | BZ33: 2396.3 | CA33: 27.3 | CE33: 0 | CH33: 16274.5 | CI33: 0 | CJ33: 0 | CK33: 5760.1 | CL33: 1900 | CM33: 33 | CN33: 0 | CO33: 0
A34: Питерский | B34: =E34+H34+K34+N34+Q34+T34+W34+Z34+AC34+AF34+AI34+AL34+AO34+AR34+AU34+AX34+BA34+BD34+BG34+BJ34+BM34+BP34+BS34+BV34+BY34+CB34+CE34+CH34+CK34+CN34+CQ34+CT34+CW34 -> 45667.38 | C34: =F34+I34+L34+O34+R34+U34+X34+AA34+AD34+AG34+AJ34+AM34+AP34+AS34+AV34+AY34+BB34+BE34+BH34+BK34+BN34+BQ34+BT34+BW34+BZ34+CC34+CF34+CI34+CL34+CO34+CR34+CU34+CX34 -> 8159.4 | D34: =C34/B34*100 -> 17.86702 | H34: 0 | I34: 0 | K34: 1000 | L34: 0 | O34: 0 | T34: 0 | U34: 0 | W34: 270.7 | X34: 0 | Z34: 0 | AA34: 0 | AC34: 8.5 | AD34: 0 | AE34: =AD34/AC34*100 -> 0 | AF34: 95.38 | AG34: 0 | AH34: =AG34/AF34*100 -> 0 | AI34: 0 | AJ34: 0 | AL34: 0 | AM34: 0 | AO34: 0 | AP34: 0 | AR34: 0 | AS34: 0 | AX34: 0 | AY34: 0 | BM34: 0 | BN34: 0 | BP34: 0 | BQ34: 0 | BS34: 3018.6 | BT34: 0 | BV34: 16246 | BW34: 6760 | BX34: 41.6 | BY34: 5312.7 | BZ34: 1399.4 | CA34: 26.3 | CE34: 0 | CH34: 0 | CI34: 0 | CK34: 18119.8 | CL34: 0 | CM34: 0 | CN34: 0 | CO34: 0 | CW34: 1595.7 | CY34: 0
A35: Пугачевский | B35: =E35+H35+K35+N35+Q35+T35+W35+Z35+AC35+AF35+AI35+AL35+AO35+AR35+AU35+AX35+BA35+BD35+BG35+BJ35+BM35+BP35+BS35+BV35+BY35+CB35+CE35+CH35+CK35+CN35+CQ35+CT35+CW35 -> 130036.48 | C35: =F35+I35+L35+O35+R35+U35+X35+AA35+AD35+AG35+AJ35+AM35+AP35+AS35+AV35+AY35+BB35+BE35+BH35+BK35+BN35+BQ35+BT35+BW35+BZ35+CC35+CF35+CI35+CL35+CO35+CR35+CU35+CX35 -> 15097.7 | D35: =C35/B35*100 -> 11.610357 | H35: 0 | I35: 0 | K35: 0 | L35: 0 | O35: 0 | T35: 0 | U35: 0 | W35: 4632.6 | X35: 0 | Z35: 0 | AA35: 0 | AC35: 30.6 | AD35: 0 | AE35: =AD35/AC35*100 -> 0 | AF35: 95.38 | AG35: 0 | AH35: =AG35/AF35*100 -> 0 | AI35: 0 | AJ35: 0 | AL35: 0 | AM35: 0 | AO35: 100 | AP35: 0 | AQ35: =AP35/AO35*100 -> 0 | AR35: 50 | AS35: 0 | AT35: =AS35/AR35*100 -> 0 | AX35: 10810.8 | AY35: 0 | BM35: 0 | BN35: 0 | BP35: 0 | BQ35: 0 | BS35: 11945.4 | BT35: 0 | BV35: 25590 | BW35: 10806.9 | BX35: 42.2 | BY35: 20656.5 | BZ35: 4290.8 | CA35: 20.8 | CE35: 0 | CH35: 0 | CI35: 0 | CK35: 56125.2 | CL35: 0 | CM35: 0 | CN35: 0 | CO35: 0
A36: Ровенский | B36: =E36+H36+K36+N36+Q36+T36+W36+Z36+AC36+AF36+AI36+AL36+AO36+AR36+AU36+AX36+BA36+BD36+BG36+BJ36+BM36+BP36+BS36+BV36+BY36+CB36+CE36+CH36+CK36+CN36+CQ36+CT36+CW36 -> 21059.88 | C36: =F36+I36+L36+O36+R36+U36+X36+AA36+AD36+AG36+AJ36+AM36+AP36+AS36+AV36+AY36+BB36+BE36+BH36+BK36+BN36+BQ36+BT36+BW36+BZ36+CC36+CF36+CI36+CL36+CO36+CR36+CU36+CX36 -> 3961 | D36: =C36/B36*100 -> 18.808274 | H36: 0 | I36: 0 | K36: 0 | L36: 0 | O36: 0 | T36: 0 | U36: 0 | W36: 291.8 | X36: 0 | Z36: 0 | AA36: 0 | AC36: 8.9 | AD36: 8.9 | AE36: =AD36/AC36*100 -> 100 | AF36: 95.38 | AG36: 95.4 | AH36: =AG36/AF36*100 -> 100.02097 | AI36: 2846.4 | AJ36: 0 | AL36: 0 | AM36: 0 | AO36: 0 | AP36: 0 | AR36: 0 | AS36: 0 | AX36: 0 | AY36: 0 | BM36: 0 | BN36: 0 | BP36: 0 | BQ36: 0 | BS36: 3508.8 | BT36: 0 | BV36: 5972 | BW36: 2340.6 | BX36: 39.2 | BY36: 7171 | BZ36: 1516.1 | CA36: 21.1 | CE36: 0 | CH36: 0 | CI36: 0 | CK36: 1165.6 | CL36: 0 | CM36: 0 | CN36: 0 | CO36: 0
A37: Романовский | B37: =E37+H37+K37+N37+Q37+T37+W37+Z37+AC37+AF37+AI37+AL37+AO37+AR37+AU37+AX37+BA37+BD37+BG37+BJ37+BM37+BP37+BS37+BV37+BY37+CB37+CE37+CH37+CK37+CN37+CQ37+CT37+CW37 -> 23960.88 | C37: =F37+I37+L37+O37+R37+U37+X37+AA37+AD37+AG37+AJ37+AM37+AP37+AS37+AV37+AY37+BB37+BE37+BH37+BK37+BN37+BQ37+BT37+BW37+BZ37+CC37+CF37+CI37+CL37+CO37+CR37+CU37+CX37 -> 4654.7 | D37: =C37/B37*100 -> 19.426248 | H37: 0 | I37: 0 | K37: 1500 | L37: 0 | O37: 0 | T37: 0 | U37: 0 | W37: 1098.8 | X37: 0 | Z37: 0 | AA37: 0 | AC37: 7.5 | AD37: 7.5 | AE37: =AD37/AC37*100 -> 100 | AF37: 95.38 | AG37: 95.4 | AH37: =AG37/AF37*100 -> 100.02097 | AI37: 0 | AJ37: 0 | AL37: 0 | AM37: 0 | AO37: 0 | AP37: 0 | AR37: 50 | AS37: 50 | AT37: =AS37/AR37*100 -> 100 | AX37: 0 | AY37: 0 | BM37: 0 | BN37: 0 | BP37: 0 | BQ37: 0 | BS37: 4334.4 | BT37: 0 | BV37: 8458 | BW37: 2057.9 | BX37: 24.3 | BY37: 4327 | BZ37: 1043.9 | CA37: 24.1 | CE37: 0 | CH37: 0 | CI37: 0 | CK37: 4089.8 | CL37: 1400 | CM37: 34.2 | CN37: 0 | CO37: 0
A38: Ртищевский | B38: =E38+H38+K38+N38+Q38+T38+W38+Z38+AC38+AF38+AI38+AL38+AO38+AR38+AU38+AX38+BA38+BD38+BG38+BJ38+BM38+BP38+BS38+BV38+BY38+CB38+CE38+CH38+CK38+CN38+CQ38+CT38+CW38 -> 52975.3 | C38: =F38+I38+L38+O38+R38+U38+X38+AA38+AD38+AG38+AJ38+AM38+AP38+AS38+AV38+AY38+BB38+BE38+BH38+BK38+BN38+BQ38+BT38+BW38+BZ38+CC38+CF38+CI38+CL38+CO38+CR38+CU38+CX38 -> 11693.4 | D38: =C38/B38*100 -> 22.073306 | H38: 0 | I38: 0 | K38: 0 | L38: 0 | O38: 0 | T38: 0 | U38: 0 | W38: 731.7 | X38: 0 | Z38: 0 | AA38: 0 | AC38: 28.6 | AD38: 15.3 | AE38: =AD38/AC38*100 -> 53.496503 | AF38: 190.8 | AG38: 169.8 | AH38: =AG38/AF38*100 -> 88.993711 | AI38: 0 | AJ38: 0 | AL38: 0 | AM38: 0 | AO38: 100 | AP38: 100 | AQ38: =AP38/AO38*100 -> 100 | AR38: 0 | AS38: 0 | AX38: 0 | AY38: 0 | BM38: 0 | BN38: 0 | BP38: 0 | BQ38: 0 | BS38: 9262.2 | BT38: 0 | BV38: 25469 | BW38: 7590.5 | BX38: 29.8 | BY38: 17193 | BZ38: 3817.8 | CA38: 22.2 | CE38: 0 | CH38: 0 | CI38: 0 | CK38: 0 | CL38: 0 | CN38: 0 | CO38: 0
A39: Самойловский | B39: =E39+H39+K39+N39+Q39+T39+W39+Z39+AC39+AF39+AI39+AL39+AO39+AR39+AU39+AX39+BA39+BD39+BG39+BJ39+BM39+BP39+BS39+BV39+BY39+CB39+CE39+CH39+CK39+CN39+CQ39+CT39+CW39 -> 25032.78 | C39: =F39+I39+L39+O39+R39+U39+X39+AA39+AD39+AG39+AJ39+AM39+AP39+AS39+AV39+AY39+BB39+BE39+BH39+BK39+BN39+BQ39+BT39+BW39+BZ39+CC39+CF39+CI39+CL39+CO39+CR39+CU39+CX39 -> 4023.4 | D39: =C39/B39*100 -> 16.072526 | H39: 0 | I39: 0 | K39: 1300 | L39: 0 | O39: 0 | T39: 0 | U39: 0 | W39: 150.3 | X39: 0 | Z39: 0 | AA39: 0 | AC39: 9.6 | AD39: 9.6 | AE39: =AD39/AC39*100 -> 100 | AF39: 95.38 | AG39: 95.4 | AH39: =AG39/AF39*100 -> 100.02097 | AI39: 0 | AJ39: 0 | AL39: 0 | AM39: 0 | AO39: 100 | AP39: 100 | AQ39: =AP39/AO39*100 -> 100 | AR39: 0 | AS39: 0 | AX39: 0 | AY39: 0 | BM39: 0 | BN39: 0 | BP39: 0 | BQ39: 0 | BS39: 8720.4 | BT39: 0 | BV39: 8770 | BW39: 2518.7 | BX39: 28.7 | BY39: 5887.1 | BZ39: 1299.7 | CA39: 22.1 | CE39: 0 | CH39: 0 | CI39: 0 | CK39: 0 | CL39: 0 | CN39: 0 | CO39: 0
A40: Саратовский | B40: =E40+H40+K40+N40+Q40+T40+W40+Z40+AC40+AF40+AI40+AL40+AO40+AR40+AU40+AX40+BA40+BD40+BG40+BJ40+BM40+BP40+BS40+BV40+BY40+CB40+CE40+CH40+CK40+CN40+CQ40+CT40+CW40 -> 38989.38 | C40: =F40+I40+L40+O40+R40+U40+X40+AA40+AD40+AG40+AJ40+AM40+AP40+AS40+AV40+AY40+BB40+BE40+BH40+BK40+BN40+BQ40+BT40+BW40+BZ40+CC40+CF40+CI40+CL40+CO40+CR40+CU40+CX40 -> 6957.2 | D40: =C40/B40*100 -> 17.843833 | H40: 0 | I40: 0 | K40: 0 | L40: 0 | O40: 0 | T40: 0 | U40: 0 | W40: 759.1 | X40: 0 | Z40: 0 | AA40: 0 | AC40: 26.3 | AD40: 26.3 | AE40: =AD40/AC40*100 -> 100 | AF40: 95.38 | AG40: 95.4 | AH40: =AG40/AF40*100 -> 100.02097 | AI40: 0 | AJ40: 0 | AL40: 0 | AM40: 0 | AO40: 200 | AP40: 200 | AQ40: =AP40/AO40*100 -> 100 | AR40: 0 | AS40: 0 | AX40: 0 | AY40: 0 | BM40: 0 | BN40: 0 | BP40: 0 | BQ40: 0 | BS40: 8359.2 | BT40: 0 | BV40: 2903 | BW40: 1451.5 | BX40: 50 | BY40: 12077.9 | BZ40: 2522.4 | CA40: 20.9 | CE40: 0 | CH40: 0 | CI40: 0 | CK40: 14568.5 | CL40: 2661.6 | CM40: 18.3 | CN40: 0 | CO40: 0
A41: Советский | B41: =E41+H41+K41+N41+Q41+T41+W41+Z41+AC41+AF41+AI41+AL41+AO41+AR41+AU41+AX41+BA41+BD41+BG41+BJ41+BM41+BP41+BS41+BV41+BY41+CB41+CE41+CH41+CK41+CN41+CQ41+CT41+CW41 -> 49581.68 | C41: =F41+I41+L41+O41+R41+U41+X41+AA41+AD41+AG41+AJ41+AM41+AP41+AS41+AV41+AY41+BB41+BE41+BH41+BK41+BN41+BQ41+BT41+BW41+BZ41+CC41+CF41+CI41+CL41+CO41+CR41+CU41+CX41 -> 5853.3 | D41: =C41/B41*100 -> 11.805368 | H41: 0 | I41: 0 | K41: 1023.3 | L41: 0 | O41: 0 | T41: 0 | U41: 0 | W41: 1995.6 | X41: 0 | Z41: 0 | AA41: 0 | AC41: 13.9 | AD41: 0 | AE41: =AD41/AC41*100 -> 0 | AF41: 95.38 | AG41: 0 | AH41: =AG41/AF41*100 -> 0 | AI41: 2900 | AJ41: 0 | AK41: 0 | AL41: 0 | AM41: 0 | AO41: 0 | AP41: 0 | AR41: 50 | AS41: 0 | AT41: =AS41/AR41*100 -> 0 | AX41: 0 | AY41: 0 | BM41: 0 | BN41: 0 | BP41: 0 | BQ41: 0 | BS41: 3999 | BT41: 0 | BV41: 9096 | BW41: 3613.1 | BX41: 39.7 | BY41: 7185.8 | BZ41: 2240.2 | CA41: 31.2 | CE41: 0 | CH41: 0 | CI41: 0 | CK41: 23222.7 | CL41: 0 | CM41: 0 | CN41: 0 | CO41: 0
A42: Татищевский | B42: =E42+H42+K42+N42+Q42+T42+W42+Z42+AC42+AF42+AI42+AL42+AO42+AR42+AU42+AX42+BA42+BD42+BG42+BJ42+BM42+BP42+BS42+BV42+BY42+CB42+CE42+CH42+CK42+CN42+CQ42+CT42+CW42 -> 32929.58 | C42: =F42+I42+L42+O42+R42+U42+X42+AA42+AD42+AG42+AJ42+AM42+AP42+AS42+AV42+AY42+BB42+BE42+BH42+BK42+BN42+BQ42+BT42+BW42+BZ42+CC42+CF42+CI42+CL42+CO42+CR42+CU42+CX42 -> 7807.4 | D42: =C42/B42*100 -> 23.709382 | H42: 0 | I42: 0 | K42: 0 | L42: 0 | O42: 0 | T42: 0 | U42: 0 | W42: 668.8 | X42: 0 | Z42: 0 | AA42: 0 | AC42: 21.9 | AD42: 21.9 | AE42: =AD42/AC42*100 -> 100 | AF42: 95.38 | AG42: 95.4 | AH42: =AG42/AF42*100 -> 100.02097 | AI42: 0 | AJ42: 0 | AL42: 0 | AM42: 0 | AO42: 100 | AP42: 100 | AQ42: =AP42/AO42*100 -> 100 | AR42: 0 | AS42: 0 | AX42: 0 | AY42: 0 | BM42: 0 | BN42: 0 | BP42: 0 | BQ42: 0 | BS42: 7791.6 | BT42: 0 | BV42: 3227 | BW42: 1613.5 | BX42: 50 | BY42: 5070 | BZ42: 1425.1 | CA42: 28.1 | CE42: 0 | CH42: 0 | CI42: 0 | CK42: 15954.9 | CL42: 4551.5 | CM42: 28.5 | CN42: 0 | CO42: 0
A43: Турковский | B43: =E43+H43+K43+N43+Q43+T43+W43+Z43+AC43+AF43+AI43+AL43+AO43+AR43+AU43+AX43+BA43+BD43+BG43+BJ43+BM43+BP43+BS43+BV43+BY43+CB43+CE43+CH43+CK43+CN43+CQ43+CT43+CW43 -> 16299.88 | C43: =F43+I43+L43+O43+R43+U43+X43+AA43+AD43+AG43+AJ43+AM43+AP43+AS43+AV43+AY43+BB43+BE43+BH43+BK43+BN43+BQ43+BT43+BW43+BZ43+CC43+CF43+CI43+CL43+CO43+CR43+CU43+CX43 -> 3577.7 | D43: =C43/B43*100 -> 21.949241 | H43: 0 | I43: 0 | K43: 0 | L43: 0 | O43: 0 | T43: 0 | U43: 0 | W43: 0 | X43: 0 | Z43: 0 | AA43: 0 | AC43: 5.8 | AD43: 0 | AE43: =AD43/AC43*100 -> 0 | AF43: 95.38 | AG43: 0 | AH43: =AG43/AF43*100 -> 0 | AI43: 0 | AJ43: 0 | AL43: 250 | AM43: 0 | AO43: 0 | AP43: 0 | AR43: 50 | AS43: 0 | AT43: =AS43/AR43*100 -> 0 | AX43: 0 | AY43: 0 | BM43: 0 | BN43: 0 | BP43: 0 | BQ43: 0 | BS43: 3999 | BT43: 0 | BV43: 5495 | BW43: 2578.9 | BX43: 46.9 | BY43: 2965.6 | BZ43: 998.8 | CA43: 33.7 | CE43: 0 | CH43: 0 | CI43: 0 | CK43: 3439.1 | CL43: 0 | CM43: 0 | CN43: 0 | CO43: 0
A44: Федоровский | B44: =E44+H44+K44+N44+Q44+T44+W44+Z44+AC44+AF44+AI44+AL44+AO44+AR44+AU44+AX44+BA44+BD44+BG44+BJ44+BM44+BP44+BS44+BV44+BY44+CB44+CE44+CH44+CK44+CN44+CQ44+CT44+CW44 -> 41784.98 | C44: =F44+I44+L44+O44+R44+U44+X44+AA44+AD44+AG44+AJ44+AM44+AP44+AS44+AV44+AY44+BB44+BE44+BH44+BK44+BN44+BQ44+BT44+BW44+BZ44+CC44+CF44+CI44+CL44+CO44+CR44+CU44+CX44 -> 6112 | D44: =C44/B44*100 -> 14.627266 | H44: 0 | I44: 0 | K44: 1100 | L44: 0 | O44: 0 | T44: 0 | U44: 0 | W44: 277.5 | X44: 0 | Z44: 0 | AA44: 0 | AC44: 10 | AD44: 10 | AE44: =AD44/AC44*100 -> 100 | AF44: 95.38 | AG44: 95.4 | AH44: =AG44/AF44*100 -> 100.02097 | AI44: 0 | AJ44: 0 | AL44: 0 | AM44: 0 | AO44: 100 | AP44: 100 | AQ44: =AP44/AO44*100 -> 100 | AR44: 0 | AS44: 0 | AX44: 0 | AY44: 0 | BM44: 0 | BN44: 0 | BP44: 0 | BQ44: 0 | BS44: 4024.8 | BT44: 0 | BV44: 15799 | BW44: 4455.3 | BX44: 28.2 | BY44: 4983.4 | BZ44: 1451.3 | CA44: 29.1 | CE44: 0 | CH44: 0 | CI44: 0 | CK44: 15394.9 | CL44: 0 | CM44: 0 | CN44: 0 | CO44: 0
A45: Хвалынский | B45: =E45+H45+K45+N45+Q45+T45+W45+Z45+AC45+AF45+AI45+AL45+AO45+AR45+AU45+AX45+BA45+BD45+BG45+BJ45+BM45+BP45+BS45+BV45+BY45+CB45+CE45+CH45+CK45+CN45+CQ45+CT45+CW45 -> 45146.88 | C45: =F45+I45+L45+O45+R45+U45+X45+AA45+AD45+AG45+AJ45+AM45+AP45+AS45+AV45+AY45+BB45+BE45+BH45+BK45+BN45+BQ45+BT45+BW45+BZ45+CC45+CF45+CI45+CL45+CO45+CR45+CU45+CX45 -> 9618.7 | D45: =C45/B45*100 -> 21.305348 | H45: 0 | I45: 0 | K45: 0 | L45: 0 | O45: 0 | T45: 0 | U45: 0 | W45: 798.7 | X45: 0 | Z45: 0 | AA45: 0 | AC45: 11.7 | AD45: 11.7 | AE45: =AD45/AC45*100 -> 100 | AF45: 95.38 | AG45: 95.4 | AH45: =AG45/AF45*100 -> 100.02097 | AI45: 0 | AJ45: 0 | AL45: 0 | AM45: 0 | AO45: 100 | AP45: 100 | AQ45: =AP45/AO45*100 -> 100 | AR45: 0 | AS45: 0 | AX45: 0 | AY45: 0 | BM45: 0 | BN45: 0 | BP45: 0 | BQ45: 0 | BS45: 4695.6 | BT45: 0 | BV45: 18195 | BW45: 8551.7 | BX45: 47 | BY45: 6351.1 | BZ45: 859.9 | CA45: 13.5 | CE45: 0 | CH45: 0 | CI45: 0 | CK45: 14899.4 | CL45: 0 | CM45: 0 | CN45: 0 | CO45: 0
A46: Энгельсский | B46: =E46+H46+K46+N46+Q46+T46+W46+Z46+AC46+AF46+AI46+AL46+AO46+AR46+AU46+AX46+BA46+BD46+BG46+BJ46+BM46+BP46+BS46+BV46+BY46+CB46+CE46+CH46+CK46+CN46+CQ46+CT46+CW46 -> 1470039 | C46: =F46+I46+L46+O46+R46+U46+X46+AA46+AD46+AG46+AJ46+AM46+AP46+AS46+AV46+AY46+BB46+BE46+BH46+BK46+BN46+BQ46+BT46+BW46+BZ46+CC46+CF46+CI46+CL46+CO46+CR46+CU46+CX46 -> 116280.8 | D46: =C46/B46*100 -> 7.9100486 | H46: 1853.9 | I46: 451.1 | J46: =I46/H46*100 -> 24.332488 | K46: 1300 | L46: 0 | N46: 372897.4 | O46: 0 | P46: 0 | Q46: 560151.3 | R46: 0 | S46: 0 | T46: 123258.9 | U46: 0 | V46: 0 | W46: 14775.5 | X46: 0 | Y46: 0 | Z46: 0 | AA46: 0 | AC46: 161 | AD46: 160.9 | AE46: =AD46/AC46*100 -> 99.937888 | AF46: 190.8 | AG46: 190.8 | AH46: =AG46/AF46*100 -> 100 | AI46: 0 | AJ46: 0 | AL46: 0 | AM46: 0 | AO46: 200 | AP46: 200 | AQ46: =AP46/AO46*100 -> 100 | AR46: 50 | AS46: 50 | AT46: =AS46/AR46*100 -> 100 | AX46: 0 | AY46: 0 | BM46: 0 | BN46: 0 | BP46: 149630 | BQ46: 38584.6 | BR46: 25.8 | BS46: 13377.3 | BT46: 0 | BV46: 24016 | BW46: 11464.3 | BX46: 47.7 | BY46: 66203 | BZ46: 11662.4 | CA46: 17.6 | CE46: 0 | CH46: 0 | CI46: 0 | CK46: 100000 | CL46: 11542.8 | CM46: 11.5 | CN46: 4617.2 | CO46: 4617.2 | CP46: 100 | CT46: 37356.7 | CU46: 37356.7 | CV46: 100
A47: Городские округа области: | B47: =E47+H47+K47+N47+Q47+T47+W47+Z47+AC47+AF47+AI47+AL47+AO47+AR47+AU47+AX47+BA47+BD47+BG47+BJ47+BM47+BP47+BS47+BV47+BY47+CB47+CE47+CH47+CK47+CN47+CQ47+CT47+CW47 -> 2129846.8 | C47: =F47+I47+L47+O47+R47+U47+X47+AA47+AD47+AG47+AJ47+AM47+AP47+AS47+AV47+AY47+BB47+BE47+BH47+BK47+BN47+BQ47+BT47+BW47+BZ47+CC47+CF47+CI47+CL47+CO47+CR47+CU47+CX47 -> 487708.4 | D47: =C47/B47*100 -> 22.898755 | E47: =SUM(E48:E51) -> 1734 | F47: =SUM(F48:F51) -> 73 | G47: =F47/E47*100 -> 4.2099193 | H47: =SUM(H48:H51) -> 0 | I47: =SUM(I48:I51) -> 0 | K47: =SUM(K48:K51) -> 0 | L47: =SUM(L48:L51) -> 0 | N47: =SUM(N48:N51) -> 279352.9 | O47: =SUM(O48:O51) -> 32364.1 | P47: =O47/N47*100 -> 11.585382 | Q47: =SUM(Q48:Q51) -> 0 | R47: =SUM(R48:R51) -> 0 | T47: =SUM(T48:T51) -> 188524.3 | U47: =SUM(U48:U51) -> 0 | W47: =SUM(W48:W51) -> 5460.6 | X47: =SUM(X48:X51) -> 0 | Z47: =SUM(Z48:Z51) -> 0 | AA47: =SUM(AA48:AA51) -> 0 | AC47: =SUM(AC48:AC51) -> 442.5 | AD47: =SUM(AD48:AD51) -> 442.5 | AE47: =AD47/AC47*100 -> 100 | AF47: =SUM(AF48:AF51) -> 0 | AG47: =SUM(AG48:AG51) -> 0 | AI47: =SUM(AI48:AI51) -> 0 | AJ47: =SUM(AJ48:AJ51) -> 0 | AL47: =SUM(AL48:AL51) -> 0 | AM47: =SUM(AM48:AM51) -> 0 | AO47: =SUM(AO48:AO51) -> 0 | AP47: =SUM(AP48:AP51) -> 0 | AR47: =SUM(AR48:AR51) -> 0 | AS47: =SUM(AS48:AS51) -> 0 | AU47: =SUM(AU48:AU51) -> 0 | AV47: =SUM(AV48:AV51) -> 0 | AX47: =SUM(AX48:AX51) -> 0 | AY47: =SUM(AY48:AY51) -> 0 | BA47: =SUM(BA48:BA51) -> 0 | BB47: =SUM(BB48:BB51) -> 0 | BD47: =SUM(BD48:BD51) -> 0 | BE47: =SUM(BE48:BE51) -> 0 | BG47: =SUM(BG48:BG51) -> 100000 | BH47: =SUM(BH48:BH51) -> 100000 | BI47: =BH47/BG47*100 -> 100 | BJ47: =SUM(BJ48:BJ51) -> 850170 | BK47: =SUM(BK48:BK51) -> 245000 | BL47: =BK47/BJ47*100 -> 28.817766 | BM47: =SUM(BM48:BM51) -> 0 | BN47: =SUM(BN48:BN51) -> 0 | BP47: =SUM(BP48:BP51) -> 0 | BQ47: =SUM(BQ48:BQ51) -> 0 | BS47: =SUM(BS48:BS51) -> 0 | BT47: =SUM(BT48:BT51) -> 0 | BV47: =SUM(BV48:BV51) -> 23590 | BW47: =SUM(BW48:BW51) -> 10230.2 | BX47: =BW47/BV47*100 -> 43.366681 | BY47: =SUM(BY48:BY51) -> 200402.2 | BZ47: =SUM(BZ48:BZ51) -> 66298.6 | CA47: =BZ47/BY47*100 -> 33.082771 | CB47: =SUM(CB48:CB51) -> 0 | CC47: =SUM(CC48:CC51) -> 0 | CE47: =SUM(CE48:CE51) -> 281055.7 | CF47: =SUM(CF48:CF51) -> 0 | CH47: =SUM(CH48:CH51) -> 0 | CI47: =SUM(CI48:CI51) -> 0 | CK47: =SUM(CK48:CK51) -> 100000 | CL47: =SUM(CL48:CL51) -> 33300 | CM47: =CL47/CK47*100 -> 33.3 | CN47: =SUM(CN48:CN51) -> 0 | CO47: =SUM(CO48:CO51) -> 0 | CQ47: =SUM(CQ48:CQ51) -> 99114.6 | CR47: =SUM(CR48:CR51) -> 0 | CT47: =SUM(CT48:CT51) -> 0 | CU47: =SUM(CU48:CU51) -> 0 | CW47: =SUM(CW48:CW51) -> 0 | CX47: =SUM(CX48:CX51) -> 0
A48: г. Саратов | B48: =E48+H48+K48+N48+Q48+T48+W48+Z48+AC48+AF48+AI48+AL48+AO48+AR48+AU48+AX48+BA48+BD48+BG48+BJ48+BM48+BP48+BS48+BV48+BY48+CB48+CE48+CH48+CK48+CN48+CQ48+CT48+CW48 -> 2108300.2 | C48: =F48+I48+L48+O48+R48+U48+X48+AA48+AD48+AG48+AJ48+AM48+AP48+AS48+AV48+AY48+BB48+BE48+BH48+BK48+BN48+BQ48+BT48+BW48+BZ48+CC48+CF48+CI48+CL48+CO48+CR48+CU48+CX48 -> 482252.2 | D48: =C48/B48*100 -> 22.873982 | E48: 1734 | F48: 73 | G48: =F48/E48*100 -> 4.2099193 | N48: 279352.9 | O48: 32364.1 | P48: =O48/N48*100 -> 11.585382 | T48: 188524.3 | U48: 0 | V48: 0 | W48: 5460.6 | X48: 0 | Y48: 0 | AC48: 442.5 | AD48: 442.5 | AE48: =AD48/AC48*100 -> 100 | BG48: 100000 | BH48: 100000 | BI48: 100 | BJ48: 850170 | BK48: 245000 | BL48: 28.8 | BV48: 15626 | BW48: 6949.1 | BX48: 44.5 | BY48: 189654.3 | BZ48: 64123.5 | CA48: 33.8 | CE48: 278221 | CF48: 0 | CK48: 100000 | CL48: 33300 | CM48: 33.3 | CN48: 0 | CO48: 0 | CQ48: 99114.6 | CR48: 0
A49: ЗАТО Михайловский | B49: =E49+H49+K49+N49+Q49+T49+W49+Z49+AC49+AF49+AI49+AL49+AO49+AR49+AU49+AX49+BA49+BD49+BG49+BJ49+BM49+BP49+BS49+BV49+BY49+CB49+CE49+CH49+CK49+CN49+CQ49+CT49+CW49 -> 5076 | C49: =F49+I49+L49+O49+R49+U49+X49+AA49+AD49+AG49+AJ49+AM49+AP49+AS49+AV49+AY49+BB49+BE49+BH49+BK49+BN49+BQ49+BT49+BW49+BZ49+CC49+CF49+CI49+CL49+CO49+CR49+CU49+CX49 -> 451.1 | D49: =C49/B49*100 -> 8.8869188 | E49: 0 | F49: 0 | N49: 0 | O49: 0 | T49: 0 | U49: 0 | W49: 0 | X49: 0 | AC49: 0 | AD49: 0 | BV49: 307 | BW49: 122.8 | BX49: 40 | BY49: 4769 | BZ49: 328.3 | CA49: 6.9 | CE49: 0 | CF49: 0
A50: ЗАТО Светлый | B50: =E50+H50+K50+N50+Q50+T50+W50+Z50+AC50+AF50+AI50+AL50+AO50+AR50+AU50+AX50+BA50+BD50+BG50+BJ50+BM50+BP50+BS50+BV50+BY50+CB50+CE50+CH50+CK50+CN50+CQ50+CT50+CW50 -> 7425.7 | C50: =F50+I50+L50+O50+R50+U50+X50+AA50+AD50+AG50+AJ50+AM50+AP50+AS50+AV50+AY50+BB50+BE50+BH50+BK50+BN50+BQ50+BT50+BW50+BZ50+CC50+CF50+CI50+CL50+CO50+CR50+CU50+CX50 -> 2984.6 | D50: =C50/B50*100 -> 40.192844 | E50: 0 | F50: 0 | N50: 0 | O50: 0 | T50: 0 | U50: 0 | W50: 0 | X50: 0 | AC50: 0 | AD50: 0 | BV50: 3679 | BW50: 1839.5 | BX50: 50 | BY50: 3746.7 | BZ50: 1145.1 | CA50: 30.6 | CE50: 0 | CF50: 0
A51: ЗАТО Шиханы | B51: =E51+H51+K51+N51+Q51+T51+W51+Z51+AC51+AF51+AI51+AL51+AO51+AR51+AU51+AX51+BA51+BD51+BG51+BJ51+BM51+BP51+BS51+BV51+BY51+CB51+CE51+CH51+CK51+CN51+CQ51+CT51+CW51 -> 9044.9 | C51: =F51+I51+L51+O51+R51+U51+X51+AA51+AD51+AG51+AJ51+AM51+AP51+AS51+AV51+AY51+BB51+BE51+BH51+BK51+BN51+BQ51+BT51+BW51+BZ51+CC51+CF51+CI51+CL51+CO51+CR51+CU51+CX51 -> 2020.5 | D51: =C51/B51*100 -> 22.338555 | E51: 0 | F51: 0 | N51: 0 | O51: 0 | T51: 0 | U51: 0 | W51: 0 | X51: 0 | AC51: 0 | AD51: 0 | BV51: 3978 | BW51: 1318.8 | BX51: 33.2 | BY51: 2232.2 | BZ51: 701.7 | CA51: 31.4 | CE51: 2834.7 | CF51: 0
A52: Поселения: | B52: =E52+H52+K52+N52+Q52+T52+W52+Z52+AC52+AF52+AI52+AL52+AO52+AR52+AU52+AX52+BA52+BD52+BG52+BJ52+BM52+BP52+BS52+BV52+BY52+CB52+CE52+CH52+CK52+CN52+CQ52+CT52+CW52 -> 378132.2 | C52: =F52+I52+L52+O52+R52+U52+X52+AA52+AD52+AG52+AJ52+AM52+AP52+AS52+AV52+AY52+BB52+BE52+BH52+BK52+BN52+BQ52+BT52+BW52+BZ52+CC52+CF52+CI52+CL52+CO52+CR52+CU52+CX52 -> 5582.6 | D52: =C52/B52*100 -> 1.476362 | Z52: =SUM(Z53:Z75) -> 5658.3 | AA52: =SUM(AA53:AA75) -> 4613.4 | AB52: =AA52/Z52*100 -> 81.533323 | AC52: =SUM(AC53:AC75) -> 0 | AD52: =SUM(AD53:AD75) -> 0 | AF52: =SUM(AF53:AF75) -> 0 | AG52: =SUM(AG53:AG75) -> 0 | AI52: =SUM(AI53:AI75) -> 5464 | AJ52: =SUM(AJ53:AJ75) -> 769.2 | AK52: =AJ52/AI52*100 -> 14.077599 | AL52: =SUM(AL53:AL75) -> 0 | AM52: =SUM(AM53:AM75) -> 0 | AN52: =SUM(AN53:AN75) -> 0 | AO52: =SUM(AO53:AO75) -> 100 | AP52: =SUM(AP53:AP75) -> 100 | AQ52: =AP52/AO52*100 -> 100 | AR52: =SUM(AR53:AR75) -> 100 | AS52: =SUM(AS53:AS75) -> 100 | AT52: =AS52/AR52*100 -> 100 | AU52: =SUM(AU53:AU75) -> 33252.3 | AV52: =SUM(AV53:AV75) -> 0 | AX52: =SUM(AX53:AX75) -> 0 | AY52: =SUM(AY53:AY75) -> 0 | BA52: =SUM(BA53:BA75) -> 0 | BB52: =SUM(BB53:BB75) -> 0 | BD52: =SUM(BD53:BD75) -> 6152.1 | BE52: =SUM(BE53:BE75) -> 0 | BG52: =SUM(BG53:BG75) -> 0 | BH52: =SUM(BH53:BH75) -> 0 | BJ52: =SUM(BJ53:BJ75) -> 0 | BK52: =SUM(BK53:BK75) -> 0 | BM52: =SUM(BM53:BM75) -> 19000.1 | BN52: =SUM(BN53:BN75) -> 0 | BP52: =SUM(BP53:BP75) -> 0 | BQ52: =SUM(BQ53:BQ75) -> 0 | BS52: =SUM(BS53:BS75) -> 0 | BT52: =SUM(BT53:BT75) -> 0 | BV52: =SUM(BV53:BV75) -> 0 | BW52: =SUM(BW53:BW75) -> 0 | BY52: =SUM(BY53:BY75) -> 0 | BZ52: =SUM(BZ53:BZ75) -> 0 | CB52: =SUM(CB53:CB75) -> 0 | CC52: =SUM(CC53:CC75) -> 0 | CE52: =SUM(CE53:CE75) -> 308405.4 | CF52: =SUM(CF53:CF75) -> 0 | CH52: =SUM(CH53:CH75) -> 0 | CI52: =SUM(CI53:CI75) -> 0 | CK52: =SUM(CK53:CK75) -> 0 | CL52: =SUM(CL53:CL75) -> 0 | CN52: =SUM(CN53:CN75) -> 0 | CO52: =SUM(CO53:CO75) -> 0 | CQ52: =SUM(CQ53:CQ75) -> 0 | CR52: =SUM(CR53:CR75) -> 0 | CT52: =SUM(CT53:CT75) -> 0 | CU52: =SUM(CU53:CU75) -> 0 | CW52: =SUM(CW53:CW75) -> 0 | CX52: =SUM(CX53:CX75) -> 0
A53: Муниципальное образование город Аркадак Аркадакского муниципального района | B53: =E53+H53+K53+N53+Q53+T53+W53+Z53+AC53+AF53+AI53+AL53+AO53+AR53+AU53+AX53+BA53+BD53+BG53+BJ53+BM53+BP53+BS53+BV53+BY53+CB53+CE53+CH53+CK53+CN53+CQ53+CT53+CW53 -> 5721.9 | C53: =F53+I53+L53+O53+R53+U53+X53+AA53+AD53+AG53+AJ53+AM53+AP53+AS53+AV53+AY53+BB53+BE53+BH53+BK53+BN53+BQ53+BT53+BW53+BZ53+CC53+CF53+CI53+CL53+CO53+CR53+CU53+CX53 -> 0 | D53: =C53/B53*100 -> 0 | CE53: 5721.9 | CF53: 0
A54: Муниципальное образование город Аткарск Аткарского муниципального района | B54: =E54+H54+K54+N54+Q54+T54+W54+Z54+AC54+AF54+AI54+AL54+AO54+AR54+AU54+AX54+BA54+BD54+BG54+BJ54+BM54+BP54+BS54+BV54+BY54+CB54+CE54+CH54+CK54+CN54+CQ54+CT54+CW54 -> 7559.2 | C54: =F54+I54+L54+O54+R54+U54+X54+AA54+AD54+AG54+AJ54+AM54+AP54+AS54+AV54+AY54+BB54+BE54+BH54+BK54+BN54+BQ54+BT54+BW54+BZ54+CC54+CF54+CI54+CL54+CO54+CR54+CU54+CX54 -> 0 | D54: =C54/B54*100 -> 0 | CE54: 7559.2 | CF54: 0
A55: Быково-Отрогское муниципальное образование Балаковского муниципального района | B55: =E55+H55+K55+N55+Q55+T55+W55+Z55+AC55+AF55+AI55+AL55+AO55+AR55+AU55+AX55+BA55+BD55+BG55+BJ55+BM55+BP55+BS55+BV55+BY55+CB55+CE55+CH55+CK55+CN55+CQ55+CT55+CW55 -> 2900 | C55: =F55+I55+L55+O55+R55+U55+X55+AA55+AD55+AG55+AJ55+AM55+AP55+AS55+AV55+AY55+BB55+BE55+BH55+BK55+BN55+BQ55+BT55+BW55+BZ55+CC55+CF55+CI55+CL55+CO55+CR55+CU55+CX55 -> 0 | D55: =C55/B55*100 -> 0 | AI55: 2900 | AJ55: 0
A56: муниципальное образование г. Балаково Балаковского муниципального района | B56: =E56+H56+K56+N56+Q56+T56+W56+Z56+AC56+AF56+AI56+AL56+AO56+AR56+AU56+AX56+BA56+BD56+BG56+BJ56+BM56+BP56+BS56+BV56+BY56+CB56+CE56+CH56+CK56+CN56+CQ56+CT56+CW56 -> 64452.2 | C56: =F56+I56+L56+O56+R56+U56+X56+AA56+AD56+AG56+AJ56+AM56+AP56+AS56+AV56+AY56+BB56+BE56+BH56+BK56+BN56+BQ56+BT56+BW56+BZ56+CC56+CF56+CI56+CL56+CO56+CR56+CU56+CX56 -> 4613.4 | D56: =C56/B56*100 -> 7.1578627 | Z56: 5658.3 | AA56: 4613.4 | AB56: =AA56/Z56*100 -> 81.533323 | CE56: 58793.9
A57: Муниципальное образование город Балашов Балашовского муниципального района | B57: =E57+H57+K57+N57+Q57+T57+W57+Z57+AC57+AF57+AI57+AL57+AO57+AR57+AU57+AX57+BA57+BD57+BG57+BJ57+BM57+BP57+BS57+BV57+BY57+CB57+CE57+CH57+CK57+CN57+CQ57+CT57+CW57 -> 26142.3 | C57: =F57+I57+L57+O57+R57+U57+X57+AA57+AD57+AG57+AJ57+AM57+AP57+AS57+AV57+AY57+BB57+BE57+BH57+BK57+BN57+BQ57+BT57+BW57+BZ57+CC57+CF57+CI57+CL57+CO57+CR57+CU57+CX57 -> 0 | D57: =C57/B57*100 -> 0 | CE57: 26142.3 | CF57: 0
A58: муниципальное образование г. Вольск Вольского муниципального района | B58: =E58+H58+K58+N58+Q58+T58+W58+Z58+AC58+AF58+AI58+AL58+AO58+AR58+AU58+AX58+BA58+BD58+BG58+BJ58+BM58+BP58+BS58+BV58+BY58+CB58+CE58+CH58+CK58+CN58+CQ58+CT58+CW58 -> 41222.3 | C58: =F58+I58+L58+O58+R58+U58+X58+AA58+AD58+AG58+AJ58+AM58+AP58+AS58+AV58+AY58+BB58+BE58+BH58+BK58+BN58+BQ58+BT58+BW58+BZ58+CC58+CF58+CI58+CL58+CO58+CR58+CU58+CX58 -> 0 | D58: =C58/B58*100 -> 0 | BD58: 3373.7 | BE58: 0 | CE58: 37848.6 | CF58: 0
A59: Муниципальное образование город Ершов Ершовского муниципального района | B59: =E59+H59+K59+N59+Q59+T59+W59+Z59+AC59+AF59+AI59+AL59+AO59+AR59+AU59+AX59+BA59+BD59+BG59+BJ59+BM59+BP59+BS59+BV59+BY59+CB59+CE59+CH59+CK59+CN59+CQ59+CT59+CW59 -> 50948.2 | C59: =F59+I59+L59+O59+R59+U59+X59+AA59+AD59+AG59+AJ59+AM59+AP59+AS59+AV59+AY59+BB59+BE59+BH59+BK59+BN59+BQ59+BT59+BW59+BZ59+CC59+CF59+CI59+CL59+CO59+CR59+CU59+CX59 -> 0 | D59: =C59/B59*100 -> 0 | AU59: 33252.3 | AV59: 0 | BM59: 4677.3 | BN59: 0 | CE59: 13018.6 | CF59: 0
A60: Муниципальное образование город Калининск Калининского муниципального района | B60: =E60+H60+K60+N60+Q60+T60+W60+Z60+AC60+AF60+AI60+AL60+AO60+AR60+AU60+AX60+BA60+BD60+BG60+BJ60+BM60+BP60+BS60+BV60+BY60+CB60+CE60+CH60+CK60+CN60+CQ60+CT60+CW60 -> 5092 | C60: =F60+I60+L60+O60+R60+U60+X60+AA60+AD60+AG60+AJ60+AM60+AP60+AS60+AV60+AY60+BB60+BE60+BH60+BK60+BN60+BQ60+BT60+BW60+BZ60+CC60+CF60+CI60+CL60+CO60+CR60+CU60+CX60 -> 0 | D60: =C60/B60*100 -> 0 | CE60: 5092 | CF60: 0
A61: Муниципальное образование город Красноармейск Красноармейского муниципального района | B61: =E61+H61+K61+N61+Q61+T61+W61+Z61+AC61+AF61+AI61+AL61+AO61+AR61+AU61+AX61+BA61+BD61+BG61+BJ61+BM61+BP61+BS61+BV61+BY61+CB61+CE61+CH61+CK61+CN61+CQ61+CT61+CW61 -> 11968.7 | C61: =F61+I61+L61+O61+R61+U61+X61+AA61+AD61+AG61+AJ61+AM61+AP61+AS61+AV61+AY61+BB61+BE61+BH61+BK61+BN61+BQ61+BT61+BW61+BZ61+CC61+CF61+CI61+CL61+CO61+CR61+CU61+CX61 -> 0 | D61: =C61/B61*100 -> 0 | CE61: 11968.7 | CF61: 0
A62: Муниципальное образование город Красный кут Краснокутского муниципального района | B62: =E62+H62+K62+N62+Q62+T62+W62+Z62+AC62+AF62+AI62+AL62+AO62+AR62+AU62+AX62+BA62+BD62+BG62+BJ62+BM62+BP62+BS62+BV62+BY62+CB62+CE62+CH62+CK62+CN62+CQ62+CT62+CW62 -> 10603.9 | C62: =F62+I62+L62+O62+R62+U62+X62+AA62+AD62+AG62+AJ62+AM62+AP62+AS62+AV62+AY62+BB62+BE62+BH62+BK62+BN62+BQ62+BT62+BW62+BZ62+CC62+CF62+CI62+CL62+CO62+CR62+CU62+CX62 -> 0 | D62: =C62/B62*100 -> 0 | CE62: 10603.9 | CF62: 0
A63: Муниципальное образование город Маркс Марксовского муниципального района | B63: =E63+H63+K63+N63+Q63+T63+W63+Z63+AC63+AF63+AI63+AL63+AO63+AR63+AU63+AX63+BA63+BD63+BG63+BJ63+BM63+BP63+BS63+BV63+BY63+CB63+CE63+CH63+CK63+CN63+CQ63+CT63+CW63 -> 15538.4 | C63: =F63+I63+L63+O63+R63+U63+X63+AA63+AD63+AG63+AJ63+AM63+AP63+AS63+AV63+AY63+BB63+BE63+BH63+BK63+BN63+BQ63+BT63+BW63+BZ63+CC63+CF63+CI63+CL63+CO63+CR63+CU63+CX63 -> 0 | D63: =C63/B63*100 -> 0 | CE63: 15538.4 | CF63: 0
A64: Кировское муниципальное образование Марксовского муниципального района | B64: =E64+H64+K64+N64+Q64+T64+W64+Z64+AC64+AF64+AI64+AL64+AO64+AR64+AU64+AX64+BA64+BD64+BG64+BJ64+BM64+BP64+BS64+BV64+BY64+CB64+CE64+CH64+CK64+CN64+CQ64+CT64+CW64 -> 2564 | C64: =F64+I64+L64+O64+R64+U64+X64+AA64+AD64+AG64+AJ64+AM64+AP64+AS64+AV64+AY64+BB64+BE64+BH64+BK64+BN64+BQ64+BT64+BW64+BZ64+CC64+CF64+CI64+CL64+CO64+CR64+CU64+CX64 -> 769.2 | D64: =C64/B64*100 -> 30 | AI64: 2564 | AJ64: 769.2 | AK64: =AJ64/AI64*100 -> 30
A65: Приволжское муниципальное образование Марксовского муниципального района | B65: =E65+H65+K65+N65+Q65+T65+W65+Z65+AC65+AF65+AI65+AL65+AO65+AR65+AU65+AX65+BA65+BD65+BG65+BJ65+BM65+BP65+BS65+BV65+BY65+CB65+CE65+CH65+CK65+CN65+CQ65+CT65+CW65 -> 100 | C65: =F65+I65+L65+O65+R65+U65+X65+AA65+AD65+AG65+AJ65+AM65+AP65+AS65+AV65+AY65+BB65+BE65+BH65+BK65+BN65+BQ65+BT65+BW65+BZ65+CC65+CF65+CI65+CL65+CO65+CR65+CU65+CX65 -> 100 | D65: =C65/B65*100 -> 100 | AJ65: 0 | AO65: 100 | AP65: 100 | AQ65: =AP65/AO65*100 -> 100
A66: Муниципальное образование Город Новоузенск Новоузенского муниципального района | B66: =E66+H66+K66+N66+Q66+T66+W66+Z66+AC66+AF66+AI66+AL66+AO66+AR66+AU66+AX66+BA66+BD66+BG66+BJ66+BM66+BP66+BS66+BV66+BY66+CB66+CE66+CH66+CK66+CN66+CQ66+CT66+CW66 -> 8189.1 | C66: =F66+I66+L66+O66+R66+U66+X66+AA66+AD66+AG66+AJ66+AM66+AP66+AS66+AV66+AY66+BB66+BE66+BH66+BK66+BN66+BQ66+BT66+BW66+BZ66+CC66+CF66+CI66+CL66+CO66+CR66+CU66+CX66 -> 0 | D66: =C66/B66*100 -> 0 | AJ66: 0 | CE66: 8189.1 | CF66: 0
A67: муниципальное образование г. Петровск Петровского муниципального района | B67: =E67+H67+K67+N67+Q67+T67+W67+Z67+AC67+AF67+AI67+AL67+AO67+AR67+AU67+AX67+BA67+BD67+BG67+BJ67+BM67+BP67+BS67+BV67+BY67+CB67+CE67+CH67+CK67+CN67+CQ67+CT67+CW67 -> 8972.8 | C67: =F67+I67+L67+O67+R67+U67+X67+AA67+AD67+AG67+AJ67+AM67+AP67+AS67+AV67+AY67+BB67+BE67+BH67+BK67+BN67+BQ67+BT67+BW67+BZ67+CC67+CF67+CI67+CL67+CO67+CR67+CU67+CX67 -> 0 | D67: =C67/B67*100 -> 0 | BD67: 2778.4 | BE67: 0 | CE67: 6194.4 | CF67: 0
A68: Дубковское муниципальное образование Саратовского муниципального района | B68: =E68+H68+K68+N68+Q68+T68+W68+Z68+AC68+AF68+AI68+AL68+AO68+AR68+AU68+AX68+BA68+BD68+BG68+BJ68+BM68+BP68+BS68+BV68+BY68+CB68+CE68+CH68+CK68+CN68+CQ68+CT68+CW68 -> 50 | C68: =F68+I68+L68+O68+R68+U68+X68+AA68+AD68+AG68+AJ68+AM68+AP68+AS68+AV68+AY68+BB68+BE68+BH68+BK68+BN68+BQ68+BT68+BW68+BZ68+CC68+CF68+CI68+CL68+CO68+CR68+CU68+CX68 -> 50 | D68: =C68/B68*100 -> 100 | AJ68: 0 | AR68: 50 | AS68: 50 | AT68: =AS68/AR68*100 -> 100
A69: муниципальное образование город Пугачев Пугачевского муниципального района | B69: =E69+H69+K69+N69+Q69+T69+W69+Z69+AC69+AF69+AI69+AL69+AO69+AR69+AU69+AX69+BA69+BD69+BG69+BJ69+BM69+BP69+BS69+BV69+BY69+CB69+CE69+CH69+CK69+CN69+CQ69+CT69+CW69 -> 14646 | C69: =F69+I69+L69+O69+R69+U69+X69+AA69+AD69+AG69+AJ69+AM69+AP69+AS69+AV69+AY69+BB69+BE69+BH69+BK69+BN69+BQ69+BT69+BW69+BZ69+CC69+CF69+CI69+CL69+CO69+CR69+CU69+CX69 -> 0 | D69: =C69/B69*100 -> 0 | AJ69: 0 | CE69: 14646 | CF69: 0
A70: Давыдовское муниципальное образование Пугачевского муниципального района | B70: =E70+H70+K70+N70+Q70+T70+W70+Z70+AC70+AF70+AI70+AL70+AO70+AR70+AU70+AX70+BA70+BD70+BG70+BJ70+BM70+BP70+BS70+BV70+BY70+CB70+CE70+CH70+CK70+CN70+CQ70+CT70+CW70 -> 13740.7 | C70: =F70+I70+L70+O70+R70+U70+X70+AA70+AD70+AG70+AJ70+AM70+AP70+AS70+AV70+AY70+BB70+BE70+BH70+BK70+BN70+BQ70+BT70+BW70+BZ70+CC70+CF70+CI70+CL70+CO70+CR70+CU70+CX70 -> 0 | D70: =C70/B70*100 -> 0 | AJ70: 0 | BM70: 13740.7
A71: Старопорубежское муниципальное образование Пугачевского муниципального района | B71: =E71+H71+K71+N71+Q71+T71+W71+Z71+AC71+AF71+AI71+AL71+AO71+AR71+AU71+AX71+BA71+BD71+BG71+BJ71+BM71+BP71+BS71+BV71+BY71+CB71+CE71+CH71+CK71+CN71+CQ71+CT71+CW71 -> 582.1 | C71: =F71+I71+L71+O71+R71+U71+X71+AA71+AD71+AG71+AJ71+AM71+AP71+AS71+AV71+AY71+BB71+BE71+BH71+BK71+BN71+BQ71+BT71+BW71+BZ71+CC71+CF71+CI71+CL71+CO71+CR71+CU71+CX71 -> 0 | D71: =C71/B71*100 -> 0 | AJ71: 0 | BM71: 582.1
A72: Муниципальное образование город Ртищево Ртищевского муниципального района | B72: =E72+H72+K72+N72+Q72+T72+W72+Z72+AC72+AF72+AI72+AL72+AO72+AR72+AU72+AX72+BA72+BD72+BG72+BJ72+BM72+BP72+BS72+BV72+BY72+CB72+CE72+CH72+CK72+CN72+CQ72+CT72+CW72 -> 13858.6 | C72: =F72+I72+L72+O72+R72+U72+X72+AA72+AD72+AG72+AJ72+AM72+AP72+AS72+AV72+AY72+BB72+BE72+BH72+BK72+BN72+BQ72+BT72+BW72+BZ72+CC72+CF72+CI72+CL72+CO72+CR72+CU72+CX72 -> 0 | D72: =C72/B72*100 -> 0 | AJ72: 0 | CE72: 13858.6 | CF72: 0
A73: Муниципальное образование город Хвалынск Хвалынского муниципального района | B73: =E73+H73+K73+N73+Q73+T73+W73+Z73+AC73+AF73+AI73+AL73+AO73+AR73+AU73+AX73+BA73+BD73+BG73+BJ73+BM73+BP73+BS73+BV73+BY73+CB73+CE73+CH73+CK73+CN73+CQ73+CT73+CW73 -> 5301.9 | C73: =F73+I73+L73+O73+R73+U73+X73+AA73+AD73+AG73+AJ73+AM73+AP73+AS73+AV73+AY73+BB73+BE73+BH73+BK73+BN73+BQ73+BT73+BW73+BZ73+CC73+CF73+CI73+CL73+CO73+CR73+CU73+CX73 -> 0 | D73: =C73/B73*100 -> 0 | AJ73: 0 | CE73: 5301.9 | CF73: 0
A74: Сосново-Мазинское муниципальное образование Хвалынского муниципального района | B74: =E74+H74+K74+N74+Q74+T74+W74+Z74+AC74+AF74+AI74+AL74+AO74+AR74+AU74+AX74+BA74+BD74+BG74+BJ74+BM74+BP74+BS74+BV74+BY74+CB74+CE74+CH74+CK74+CN74+CQ74+CT74+CW74 -> 50 | C74: =F74+I74+L74+O74+R74+U74+X74+AA74+AD74+AG74+AJ74+AM74+AP74+AS74+AV74+AY74+BB74+BE74+BH74+BK74+BN74+BQ74+BT74+BW74+BZ74+CC74+CF74+CI74+CL74+CO74+CR74+CU74+CX74 -> 50 | D74: =C74/B74*100 -> 100 | AJ74: 0 | AR74: 50 | AS74: 50 | AT74: =AS74/AR74*100 -> 100
A75: Муниципальное образование город Энгельс Энгельсского муниципального района | B75: =E75+H75+K75+N75+Q75+T75+W75+Z75+AC75+AF75+AI75+AL75+AO75+AR75+AU75+AX75+BA75+BD75+BG75+BJ75+BM75+BP75+BS75+BV75+BY75+CB75+CE75+CH75+CK75+CN75+CQ75+CT75+CW75 -> 67927.9 | C75: =F75+I75+L75+O75+R75+U75+X75+AA75+AD75+AG75+AJ75+AM75+AP75+AS75+AV75+AY75+BB75+BE75+BH75+BK75+BN75+BQ75+BT75+BW75+BZ75+CC75+CF75+CI75+CL75+CO75+CR75+CU75+CX75 -> 0 | D75: =C75/B75*100 -> 0 | AJ75: 0 | CE75: 67927.9 | CF75: 0
A76: Остаток средств к распределению**** | B76: =E76+H76+K76+N76+Q76+T76+W76+Z76+AC76+AF76+AI76+AL76+AO76+AR76+AU76+AX76+BA76+BD76+BG76+BJ76+BM76+BP76+BS76+BV76+BY76+CB76+CE76+CH76+CK76+CN76+CQ76+CT76+CW76 -> 50000 | C76: =F76+I76+L76+O76+R76+U76+X76+AA76+AD76+AG76+AJ76+AM76+AP76+AS76+AV76+AY76+BB76+BE76+BH76+BK76+BN76+BQ76+BT76+BW76+BZ76+CC76+CF76+CI76+CL76+CO76+CR76+CU76+CX76 -> 0 | D76: =C76/B76*100 -> 0 | CB76: 50000
A77: ИТОГО | B77: =E77+H77+K77+N77+Q77+T77+W77+Z77+AC77+AF77+AI77+AL77+AO77+AR77+AU77+AX77+BA77+BD77+BG77+BJ77+BM77+BP77+BS77+BV77+BY77+CB77+CE77+CH77+CK77+CN77+CQ77+CT77+CW77 -> 5903131.9 | C77: 999452.2 | D77: 16.9 | E77: =E8+E47+E52+E76 -> 1734 | F77: =F8+F47+F52+F76 -> 73 | G77: =F77/E77*100 -> 4.2099193 | H77: =H8+H47+H52+H76 -> 1853.9 | I77: =I8+I47+I52+I76 -> 451.1 | J77: =I77/H77*100 -> 24.332488 | K77: =K8+K47+K52+K76 -> 19123.3 | L77: =L8+L47+L52+L76 -> 0 | N77: =N8+N47+N52+N76 -> 652250.3 | O77: =O8+O47+O52+O76 -> 32364.1 | P77: =O77/N77*100 -> 4.9619142 | Q77: =Q8+Q47+Q52+Q76 -> 560151.3 | R77: =R8+R47+R52+R76 -> 0 | T77: =T8+T47+T52+T76 -> 311783.2 | U77: =U8+U47+U52+U76 -> 0 | W77: =W8+W47+W52+W76 -> 64605.5 | X77: =X8+X47+X52+X76 -> 0 | Z77: =Z8+Z47+Z52+Z76 -> 11316.7 | AA77: =AA8+AA47+AA52+AA76 -> 10096 | AB77: =AA77/Z77*100 -> 89.213287 | AC77: =AC8+AC47+AC52+AC76 -> 1289.4 | AD77: =AD8+AD47+AD52+AD76 -> 959.4 | AE77: =AD77/AC77*100 -> 74.406701 | AF77: =AF8+AF47+AF52+AF76 -> 4482.98 | AG77: =AG8+AG47+AG52+AG76 -> 2995.8 | AH77: =AG77/AF77*100 -> 66.826084 | AI77: =AI8+AI47+AI52+AI76 -> 47678.8 | AJ77: =AJ8+AJ47+AJ52+AJ76 -> 7209 | AK77: =AJ77/AI77*100 -> 15.119928 | AL77: =AL8+AL47+AL52+AL76 -> 352 | AM77: =AM8+AM47+AM52+AM76 -> 50 | AN77: =AM77/AL77*100 -> 14.204545 | AO77: =AO8+AO47+AO52+AO76 -> 2400 | AP77: =AP8+AP47+AP52+AP76 -> 1745.6 | AQ77: =AP77/AO77*100 -> 72.733333 | AR77: =AR8+AR47+AR52+AR76 -> 1050 | AS77: =AS8+AS47+AS52+AS76 -> 800 | AT77: =AS77/AR77*100 -> 76.190476 | AU77: =AU8+AU47+AU52+AU76 -> 33252.3 | AV77: =AV8+AV47+AV52+AV76 -> 0 | AX77: =AX8+AX47+AX52+AX76 -> 10810.8 | AY77: =AY8+AY47+AY52+AY76 -> 0 | BA77: =BA8+BA47+BA52+BA76 -> 4860 | BB77: =BB8+BB47+BB52+BB76 -> 2430 | BC77: =BB77/BA77*100 -> 50 | BD77: =BD8+BD47+BD52+BD76 -> 6152.1 | BE77: =BE8+BE47+BE52+BE76 -> 0 | BG77: =BG8+BG47+BG52+BG76 -> 100000 | BH77: =BH8+BH47+BH52+BH76 -> 100000 | BI77: =BH77/BG77*100 -> 100 | BJ77: =BJ8+BJ47+BJ52+BJ76 -> 850170 | BK77: =BK8+BK47+BK52+BK76 -> 245000 | BL77: =BK77/BJ77*100 -> 28.817766 | BM77: =BM8+BM47+BM52+BM76 -> 22756.3 | BN77: =BN8+BN47+BN52+BN76 -> 0 | BP77: =BP8+BP47+BP52+BP76 -> 149630 | BQ77: =BQ8+BQ47+BQ52+BQ76 -> 38584.6 | BR77: =BQ77/BP77*100 -> 25.786674 | BS77: =BS8+BS47+BS52+BS76 -> 258000 | BT77: =BT8+BT47+BT52+BT76 -> 0 | BV77: =BV8+BV47+BV52+BV76 -> 565108 | BW77: =BW8+BW47+BW52+BW76 -> 228219.9 | BX77: =BW77/BV77*100 -> 40.385183 | BY77: =BY8+BY47+BY52+BY76 -> 696076.1 | BZ77: =BZ8+BZ47+BZ52+BZ76 -> 175574.5 | CA77: =BZ77/BY77*100 -> 25.223463 | CB77: =CB8+CB47+CB52+CB76 -> 50000 | CC77: =CC8+CC47+CC52+CC76 -> 0 | CE77: =CE8+CE47+CE52+CE76 -> 589461.1 | CF77: =CF8+CF47+CF52+CF76 -> 0 | CH77: =CH8+CH47+CH52+CH76 -> 16274.5 | CI77: =CI8+CI47+CI52+CI76 -> 0 | CK77: =CK8+CK47+CK52+CK76 -> 727825.1 | CL77: =CL8+CL47+CL52+CL76 -> 110925.3 | CM77: =CL77/CK77*100 -> 15.240653 | CN77: =CN8+CN47+CN52+CN76 -> 4617.2 | CO77: =CO8+CO47+CO52+CO76 -> 4617.2 | CP77: =CO77/CN77*100 -> 100 | CQ77: =CQ8+CQ47+CQ52+CQ76 -> 99114.6 | CR77: =CR8+CR47+CR52+CR76 -> 0 | CT77: =CT8+CT47+CT52+CT76 -> 37356.7 | CU77: =CU8+CU47+CU52+CU76 -> 37356.7 | CV77: =CU77/CT77*100 -> 100 | CW77: =CW8+CW47+CW52+CW76 -> 1595.7 | CX77: =CX8+CX47+CX52+CX76 -> 0
A79: * в соответствии с Законом Саратовской области «Об областном бюджете на 2018 год и на плановый период 2019 и 2020 годов» в редакции от 28.05.2018 года
A80: ** в соответствии с распределением, утвержденным постановлением Правительства Саратовской области от 7 июня 2018 года № 310-П «О распределении в 2018 году и порядке предоставления из областного бюджета субсидии бюджетам муниципальных районов области на мероприятия по развитию сети общеобразовательных организаций в сельской местности и условиях ее расходования»
A81: *** в соответствии с распределением, утвержденным постановлением Правительства Саратовской области от 1 августа 2017 года № 390-П (ред. от 20.06.2018 г.) «О распределении на 2018 год и порядке предоставления из областного бюджета субсидии бюджетам муниципальных районов области по грантовой поддержке местных инициатив граждан, проживающих в сельской местности, в рамках реализации муниципальных программ по устойчивому развитию сельских территорий и условиях ее расходования»
A82: **** заполняется, если в законе о бюджете утверждена общая сумма межбюджетного трансферта, но отсутствует распределение по муниципальным образованиям

Sheet Субвенции 
BZ1: Продолжение таблицы
B3: Сведения о предоставлении из бюджета Саратовской области межбюджетных трансфертов местным бюджетам за I полугодие 2018 года | AO3: Сведения о предоставлении из бюджета Саратовской области межбюджетных трансфертов местным бюджетам за I полугодие 2018 года
AM6: тыс.рублей | BZ6: тыс.рублей
A7: Наименование муниципальных образований | B7: Субвенции, всего | E7: в том числе | AO7: в том числе
E8: на частичное финансирование расходов на присмотр и уход за детьми дошкольного возраста в муниципальных образовательных организациях, реализующих основную общеобразовательную программу дошкольного образования | H8: на осуществление органами местного самоуправления государственных полномочий по организации предоставления компенсации родительской платы за присмотр и уход за детьми в образовательных организациях, реализующих основную общеобразовательную программу дошкольного образования | K8: на компенсацию родительской платы за присмотр и уход за детьми в образовательных организациях, реализующих основную общеобразовательную программу дошкольного образования | N8: на финансовое обеспечение образовательной деятельности муниципальных дошкольных образовательных организаций | Q8: на осуществление органами местного самоуправления отдельных государственных полномочий по предоставлению субсидий частным дошкольным образовательным организациям на возмещение затрат на обеспечение образовательной деятельности | T8: на организацию осуществления органами местного самоуправления отдельных государственных полномочий по предоставлению субсидий частным дошкольным образовательным организациям на возмещение затрат на обеспечение образовательной деятельности | W8: на предоставление питания отдельным категориям обучающихся в муниципальных образовательных организациях, реализующих образовательные программы начального общего, основного общего и среднего общего образования | Z8: на осуществление органами местного самоуправления государственных полномочий по организации предоставления питания отдельным категориям обучающихся в муниципальных образовательных организациях, реализующих образовательные программы начального общего, основного общего и среднего общего образования, и частичному финансированию расходов на присмотр и уход за детьми дошкольного возраста в муниципальных образовательных организациях, реализующих основную общеобразовательную программу дошкольного образования | AC8: на финансовое обеспечение образовательной деятельности муниципальных общеобразовательных учреждений | AF8: на осуществление органами местного самоуправления отдельных государственных полномочий по предоставлению субсидии частным общеобразовательным организациям, осуществляющим образовательную деятельность по имеющим государственную аккредитацию основным общеобразовательным программам, на возмещение затрат на обеспечение образовательной деятельности | AI8: на организацию осуществления органами местного самоуправления отдельных государственных полномочий по предоставлению субсидии частным общеобразовательным организациям, осуществляющим образовательную деятельность по имеющим государственную аккредитацию основным общеобразовательным программам, на возмещение затрат на обеспечение образовательной деятельности | AL8: на осуществление органами местного самоуправления отдельных государственных полномочий по осуществлению деятельности по опеке и попечительству в отношении несовершеннолетних граждан в части расходов на оплату труда, уплату страховых взносов по обязательному социальному страхованию в государственные внебюджетные фонды Российской Федерации, обеспечение деятельности штатных работников | AO8: на осуществление органами местного самоуправления отдельных государственных полномочий по осуществлению деятельности по опеке и попечительству в отношении несовершеннолетних граждан в части расходов на обеспечение деятельности по сохранению, содержанию и ремонту пустующих жилых помещений, закрепленных за детьми-сиротами и детьми, оставшимися без попечения родителей | AR8: на осуществление органами местного самоуправления государственных полномочий по организации предоставления гражданам субсидий на оплату жилого помещения и коммунальных услуг | AU8: на осуществление органами местного самоуправления государственных полномочий по предоставлению гражданам субсидий на оплату жилого помещения и коммунальных услуг | AX8: на осуществление органами местного самоуправления государственных полномочий по созданию и организации деятельности комиссий по делам несовершеннолетних и защите их прав | BA8: на осуществление органами местного самоуправления государственных полномочий по образованию и обеспечению деятельности административных комиссий, определению перечня должностных лиц, уполномоченных составлять протоколы об административных правонарушениях | BD8: на исполнение государственных полномочий по расчету и предоставлению дотаций поселениям | BG8: на осуществление органами местного самоуправления отдельных государственных полномочий по санкционированию финансовыми органами муниципальных образований области кассовых выплат получателям средств областного бюджета, областным государственным автономным и бюджетным учреждениям, иным юридическим лицам, не являющимся участниками бюджетного процесса, расположенным на территориях муниципальных образований области | BJ8: на осуществление органами местного самоуправления поселений и органами местного самоуправления городских округов полномочий по первичному воинскому учету на территориях, где отсутствуют военные комиссариаты | BM8: на осуществление государственных полномочий по составлению (изменению) списков кандидатов в присяжные заседатели федеральных судов общей юрисдикции в Российской Федерации | BP8: на осуществление органами местного самоуправления отдельных государственных полномочий по государственному управлению охраной труда | BS8: на осуществление органами местного самоуправления отдельных государственных полномочий по осуществлению деятельности по опеке и попечительству в отношении совершеннолетних граждан | BV8: на осуществление органами местного самоуправления отдельных государственных полномочий на организацию проведения мероприятий по отлову и содержанию безнадзорных животных | BY8: на проведение мероприятий по отлову и содержанию безнадзорных животных
B9: утвержденные бюджетные назначения | C9: исполнено | D9: % исполнения | E9: утвержденные бюджетные назначения* | F9: исполнено | G9: % исполнения | H9: утвержденные бюджетные назначения* | I9: исполнено | J9: % исполнения | K9: утвержденные бюджетные назначения* | L9: исполнено | M9: % исполнения | N9: утвержденные бюджетные назначения* | O9: исполнено | P9: % исполнения | Q9: утвержденные бюджетные назначения* | R9: исполнено | S9: % исполнения | T9: утвержденные бюджетные назначения* | U9: исполнено | V9: % исполнения | W9: утвержденные бюджетные назначения* | X9: исполнено | Y9: % исполнения | Z9: утвержденные бюджетные назначения* | AA9: исполнено | AB9: % исполнения | AC9: утвержденные бюджетные назначения* | AD9: исполнено | AE9: % исполнения | AF9: утвержденные бюджетные назначения* | AG9: исполнено | AH9: % исполнения | AI9: утвержденные бюджетные назначения* | AJ9: исполнено | AK9: % исполнения | AL9: утвержденные бюджетные назначения* | AM9: исполнено | AN9: % исполнения | AO9: утвержденные бюджетные назначения* | AP9: исполнено | AQ9: % исполнения | AR9: утвержденные бюджетные назначения* | AS9: исполнено | AT9: % исполнения | AU9: утвержденные бюджетные назначения* | AV9: исполнено | AW9: % исполнения | AX9: утвержденные бюджетные назначения* | AY9: исполнено | AZ9: % исполнения | BA9: утвержденные бюджетные назначения* | BB9: исполнено | BC9: % исполнения | BD9: утвержденные бюджетные назначения* | BE9: исполнено | BF9: % исполнения | BG9: утвержденные бюджетные назначения* | BH9: исполнено | BI9: % исполнения | BJ9: утвержденные бюджетные назначения* | BK9: исполнено | BL9: % исполнения | BM9: утвержденные бюджетные назначения* | BN9: исполнено | BO9: % исполнения | BP9: утвержденные бюджетные назначения* | BQ9: исполнено | BR9: % исполнения | BS9: утвержденные бюджетные назначения* | BT9: исполнено | BU9: % исполнения | BV9: утвержденные бюджетные назначения* | BW9: исполнено | BX9: % исполнения | BY9: утвержденные бюджетные назначения* | BZ9: исполнено | CA9: % исполнения
A10: Муниципальные районы области: | B10: =SUM(B11:B48) -> 12033217 | C10: =SUM(C11:C48) -> 6516183 | D10: =C10/B10*100 -> 54.151628 | E10: =SUM(E11:E48) -> 59505.3 | F10: =SUM(F11:F48) -> 23858.1 | G10: =F10/E10*100 -> 40.094076 | H10: =SUM(H11:H48) -> 9692.8 | I10: =SUM(I11:I48) -> 4137.5 | J10: =I10/H10*100 -> 42.686324 | K10: =SUM(K11:K48) -> 181737 | L10: =SUM(L11:L48) -> 125679.5 | M10: =L10/K10*100 -> 69.154603 | N10: =SUM(N11:N48) -> 2777759.5 | O10: =SUM(O11:O48) -> 1331984 | P10: =O10/N10*100 -> 47.95174 | Q10: =SUM(Q11:Q48) -> 9487.3 | R10: =SUM(R11:R48) -> 3943 | S10: =R10/Q10*100 -> 41.560823 | T10: =SUM(T11:T48) -> 94.9 | U10: =SUM(U11:U48) -> 31.7 | V10: =U10/T10*100 -> 33.403583 | W10: =SUM(W11:W48) -> 196026.3 | X10: =SUM(X11:X48) -> 85267.4 | Y10: =X10/W10*100 -> 43.497939 | Z10: =SUM(Z11:Z48) -> 11241.9 | AA10: =SUM(AA11:AA48) -> 4365.4429 | AB10: =AA10/Z10*100 -> 38.831896 | AC10: =SUM(AC11:AC48) -> 8148867.9 | AD10: =SUM(AD11:AD48) -> 4621143.9 | AE10: =AD10/AC10*100 -> 56.709029 | AF10: =SUM(AF11:AF48) -> 27706.6 | AG10: =SUM(AG11:AG48) -> 11425.4 | AH10: =AG10/AF10*100 -> 41.237106 | AI10: =SUM(AI11:AI48) -> 277.1 | AJ10: =SUM(AJ11:AJ48) -> 104.7 | AK10: =AJ10/AI10*100 -> 37.784193 | AL10: =SUM(AL11:AL48) -> 29361.3 | AM10: =SUM(AM11:AM48) -> 12637.2 | AN10: =AM10/AL10*100 -> 43.040329 | AO10: =SUM(AO11:AO48) -> 1173.1 | AP10: =SUM(AP11:AP48) -> 217.9 | AQ10: =AP10/AO10*100 -> 18.574717 | AR10: =SUM(AR11:AR48) -> 23615.2 | AS10: =SUM(AS11:AS48) -> 10195.5 | AT10: =AS10/AR10*100 -> 43.173465 | AU10: =SUM(AU11:AU48) -> 430281.2 | AV10: =SUM(AV11:AV48) -> 222489.1 | AW10: =AV10/AU10*100 -> 51.707837 | AX10: =SUM(AX11:AX48) -> 13765.6 | AY10: =SUM(AY11:AY48) -> 6022.8 | AZ10: =AY10/AX10*100 -> 43.752543 | BA10: =SUM(BA11:BA48) -> 9105.9 | BB10: =SUM(BB11:BB48) -> 3695.8 | BC10: =BB10/BA10*100 -> 40.586872 | BD10: =SUM(BD11:BD48) -> 71120.1 | BE10: =SUM(BE11:BE48) -> 35779.1 | BF10: =BE10/BD10*100 -> 50.308 | BG10: =SUM(BG11:BG48) -> 7375.5 | BH10: =SUM(BH11:BH48) -> 3293.4 | BI10: =BH10/BG10*100 -> 44.653244 | BJ10: =SUM(BJ11:BJ48) -> 0 | BK10: =SUM(BK11:BK48) -> 0 | BM10: =SUM(BM11:BM48) -> 1938.7 | BN10: =SUM(BN11:BN48) -> 1420.4 | BO10: =BN10/BM10*100 -> 73.26559 | BP10: =SUM(BP11:BP48) -> 8220 | BQ10: =SUM(BQ11:BQ48) -> 3622.3 | BR10: =BQ10/BP10*100 -> 44.06691 | BS10: =SUM(BS11:BS48) -> 11178.8 | BT10: =SUM(BT11:BT48) -> 4579.8 | BU10: =BT10/BS10*100 -> 40.968619 | BV10: =SUM(BV11:BV48) -> 55.6 | BW10: =SUM(BW11:BW48) -> 2.7 | BX10: =BW10/BV10*100 -> 4.8561151 | BY10: =SUM(BY11:BY48) -> 3629.6 | BZ10: =SUM(BZ11:BZ48) -> 286.4 | CA10: =BZ10/BY10*100 -> 7.8906767
A11: Александрово-Гайский | B11: =E11+H11+K11+N11+Q11+T11+W11+Z11+AC11+AF11+AI11+AL11+AO11+AR11+AU11+AX11+BA11+BD11+BG11+BJ11+BM11+BP11+BS11+BV11+BY11 -> 184708.8 | C11: =F11+I11+L11+O11+R11+U11+X11+AA11+AD11+AG11+AJ11+AM11+AP11+AS11+AV11+AY11+BB11+BE11+BH11+BK11+BN11+BQ11+BT11+BW11+BZ11 -> 102463.66 | D11: =C11/B11*100 -> 55.473081 | E11: 926.3 | F11: 339.9 | G11: =F11/E11*100 -> 36.694375 | H11: 68.5 | I11: 24.9 | J11: =I11/H11*100 -> 36.350365 | K11: 982.8 | L11: 398.5 | M11: =L11/K11*100 -> 40.547416 | N11: 23650 | O11: 9517.2 | P11: =O11/N11*100 -> 40.24186 | W11: 3464.1 | X11: 1235.3 | Y11: =X11/W11*100 -> 35.660056 | Z11: 163.2 | AA11: 76.36161 | AB11: =AA11/Z11*100 -> 46.790202 | AC11: 151665.3 | AD11: 89070.8 | AE11: =AD11/AC11*100 -> 58.728529 | AF11: 0 | AG11: 0 | AI11: 0 | AJ11: 0 | AL11: 435.2 | AM11: 200.7 | AN11: =AM11/AL11*100 -> 46.116728 | AO11: 0 | AP11: 0 | AR11: 229.6 | AS11: 111.2 | AT11: =AS11/AR11*100 -> 48.432056 | AU11: 1418.8 | AV11: 673.6 | AW11: =AV11/AU11*100 -> 47.476741 | AX11: 236.4 | AY11: 111.7 | AZ11: =AY11/AX11*100 -> 47.250423 | BA11: 227.8 | BB11: 101.9 | BC11: =BB11/BA11*100 -> 44.732221 | BD11: 708.9 | BE11: 354 | BF11: =BE11/BD11*100 -> 49.936521 | BG11: 0 | BH11: 0 | BM11: 19.3 | BN11: 19.3 | BO11: =BN11/BM11*100 -> 100 | BP11: 227.6 | BQ11: 112 | BR11: =BQ11/BP11*100 -> 49.209139 | BS11: 239.7 | BT11: 116.3 | BU11: =BT11/BS11*100 -> 48.518982 | BV11: 0.7 | BW11: 0 | BX11: 0 | BY11: 44.6 | BZ11: 0 | CA11: 0
A12: Аркадакский | B12: =E12+H12+K12+N12+Q12+T12+W12+Z12+AC12+AF12+AI12+AL12+AO12+AR12+AU12+AX12+BA12+BD12+BG12+BJ12+BM12+BP12+BS12+BV12+BY12 -> 175586.4 | C12: =F12+I12+L12+O12+R12+U12+X12+AA12+AD12+AG12+AJ12+AM12+AP12+AS12+AV12+AY12+BB12+BE12+BH12+BK12+BN12+BQ12+BT12+BW12+BZ12 -> 99171.486 | D12: =C12/B12*100 -> 56.480164 | E12: 1035.5 | F12: 517.8 | G12: =F12/E12*100 -> 50.004829 | H12: 109.4 | I12: 47.4 | J12: =I12/H12*100 -> 43.327239 | K12: 1133.2 | L12: 941.1 | M12: =L12/K12*100 -> 83.048006 | N12: 26516.2 | O12: 12850 | P12: =O12/N12*100 -> 48.460941 | W12: 3630 | X12: 1968.4 | Y12: =X12/W12*100 -> 54.225895 | Z12: 143.9 | AA12: 45.38646 | AB12: =AA12/Z12*100 -> 31.540278 | AC12: 136218.8 | AD12: 79397.5 | AE12: =AD12/AC12*100 -> 58.286742 | AF12: 0 | AG12: 0 | AI12: 0 | AJ12: 0 | AL12: 383.7 | AM12: 169.9 | AN12: =AM12/AL12*100 -> 44.279385 | AO12: 12.7 | AP12: 2.3 | AQ12: =AP12/AO12*100 -> 18.110236 | AR12: 203.9 | AS12: 92.5 | AT12: =AS12/AR12*100 -> 45.365375 | AU12: 4245.7 | AV12: 2243 | AW12: =AV12/AU12*100 -> 52.829922 | AX12: 210.7 | AY12: 94.2 | AZ12: =AY12/AX12*100 -> 44.708116 | BA12: 202.1 | BB12: 81.3 | BC12: =BB12/BA12*100 -> 40.22761 | BD12: 1025.5 | BE12: 510 | BF12: =BE12/BD12*100 -> 49.731838 | BG12: 0 | BH12: 0 | BM12: 54.1 | BN12: 54.1 | BO12: =BN12/BM12*100 -> 100 | BP12: 201.8 | BQ12: 83.7 | BR12: =BQ12/BP12*100 -> 41.47671 | BS12: 213.9 | BT12: 72.9 | BU12: =BT12/BS12*100 -> 34.081346 | BV12: 0.7 | BW12: 0 | BX12: 0 | BY12: 44.6 | BZ12: 0 | CA12: 0
A13: Аткарский | B13: =E13+H13+K13+N13+Q13+T13+W13+Z13+AC13+AF13+AI13+AL13+AO13+AR13+AU13+AX13+BA13+BD13+BG13+BJ13+BM13+BP13+BS13+BV13+BY13 -> 288848 | C13: =F13+I13+L13+O13+R13+U13+X13+AA13+AD13+AG13+AJ13+AM13+AP13+AS13+AV13+AY13+BB13+BE13+BH13+BK13+BN13+BQ13+BT13+BW13+BZ13 -> 162161.55 | D13: =C13/B13*100 -> 56.140791 | E13: 983.6 | F13: 418.7 | G13: =F13/E13*100 -> 42.568117 | H13: 186.3 | I13: 71.6 | J13: =I13/H13*100 -> 38.432636 | K13: 2769.7 | L13: 1570.8 | M13: =L13/K13*100 -> 56.713724 | N13: 30342.7 | O13: 14343.8 | P13: =O13/N13*100 -> 47.272655 | W13: 5096.8 | X13: 2238.1 | Y13: =X13/W13*100 -> 43.911866 | Z13: 191.8 | AA13: 62.75143 | AB13: =AA13/Z13*100 -> 32.717117 | AC13: 238884.6 | AD13: 138713.6 | AE13: =AD13/AC13*100 -> 58.067201 | AF13: 0 | AG13: 0 | AI13: 0 | AJ13: 0 | AL13: 767.3 | AM13: 291.1 | AN13: =AM13/AL13*100 -> 37.938225 | AO13: 151.4 | AP13: 0 | AQ13: =AP13/AO13*100 -> 0 | AR13: 203.9 | AS13: 98.8 | AT13: =AS13/AR13*100 -> 48.455125 | AU13: 6030 | AV13: 2915.8 | AW13: =AV13/AU13*100 -> 48.354892 | AX13: 395.7 | AY13: 171.5 | AZ13: =AY13/AX13*100 -> 43.340915 | BA13: 202.1 | BB13: 98.5 | BC13: =BB13/BA13*100 -> 48.738248 | BD13: 1822 | BE13: 912 | BF13: =BE13/BD13*100 -> 50.054885 | BG13: 0 | BH13: 0 | BM13: 72.6 | BN13: 0 | BO13: =BN13/BM13*100 -> 0 | BP13: 201.8 | BQ13: 95.8 | BR13: =BQ13/BP13*100 -> 47.472745 | BS13: 427.9 | BT13: 158.7 | BU13: =BT13/BS13*100 -> 37.088105 | BV13: 1.8 | BW13: 0 | BX13: 0 | BY13: 116 | BZ13: 0 | CA13: 0
A14: Базарно-Карабулакский | B14: =E14+H14+K14+N14+Q14+T14+W14+Z14+AC14+AF14+AI14+AL14+AO14+AR14+AU14+AX14+BA14+BD14+BG14+BJ14+BM14+BP14+BS14+BV14+BY14 -> 245272.3 | C14: =F14+I14+L14+O14+R14+U14+X14+AA14+AD14+AG14+AJ14+AM14+AP14+AS14+AV14+AY14+BB14+BE14+BH14+BK14+BN14+BQ14+BT14+BW14+BZ14 -> 133320.69 | D14: =C14/B14*100 -> 54.356194 | E14: 1757.9 | F14: 677.4 | G14: =F14/E14*100 -> 38.534615 | H14: 166.4 | I14: 76.1 | J14: =I14/H14*100 -> 45.733173 | K14: 2563.3 | L14: 2327 | M14: =L14/K14*100 -> 90.781415 | N14: 53817.5 | O14: 25554.6 | P14: =O14/N14*100 -> 47.483811 | W14: 5781.9 | X14: 2282.1 | Y14: =X14/W14*100 -> 39.469724 | Z14: 191.8 | AA14: 60.08797 | AB14: =AA14/Z14*100 -> 31.328452 | AC14: 172888.1 | AD14: 97946.9 | AE14: =AD14/AC14*100 -> 56.65335 | AF14: 0 | AG14: 0 | AI14: 0 | AJ14: 0 | AL14: 383.7 | AM14: 169.9 | AN14: =AM14/AL14*100 -> 44.279385 | AO14: 0 | AP14: 0 | AR14: 203.9 | AS14: 98.8 | AT14: =AS14/AR14*100 -> 48.455125 | AU14: 4851.1 | AV14: 2827.3 | AW14: =AV14/AU14*100 -> 58.281627 | AX14: 210.7 | AY14: 103.7 | AZ14: =AY14/AX14*100 -> 49.216896 | BA14: 202.1 | BB14: 75.1 | BC14: =BB14/BA14*100 -> 37.159822 | BD14: 1304.7 | BE14: 654 | BF14: =BE14/BD14*100 -> 50.126466 | BG14: 0 | BH14: 0 | BM14: 60.4 | BN14: 60.4 | BO14: =BN14/BM14*100 -> 100 | BP14: 201.8 | BQ14: 99.3 | BR14: =BQ14/BP14*100 -> 49.207136 | BS14: 641.7 | BT14: 308 | BU14: =BT14/BS14*100 -> 47.997507 | BV14: 0.7 | BW14: 0 | BX14: 0 | BY14: 44.6 | BZ14: 0 | CA14: 0
A15: Балаковский | B15: =E15+H15+K15+N15+Q15+T15+W15+Z15+AC15+AF15+AI15+AL15+AO15+AR15+AU15+AX15+BA15+BD15+BG15+BJ15+BM15+BP15+BS15+BV15+BY15 -> 1382813.4 | C15: =F15+I15+L15+O15+R15+U15+X15+AA15+AD15+AG15+AJ15+AM15+AP15+AS15+AV15+AY15+BB15+BE15+BH15+BK15+BN15+BQ15+BT15+BW15+BZ15 -> 755183.28 | D15: =C15/B15*100 -> 54.612088 | E15: 7269.6 | F15: 3334.1 | G15: =F15/E15*100 -> 45.863596 | H15: 1506.5 | I15: 656 | J15: =I15/H15*100 -> 43.54464 | K15: 35532.9 | L15: 27101.5 | M15: =L15/K15*100 -> 76.271568 | N15: 409802.3 | O15: 228359.9 | P15: =O15/N15*100 -> 55.724407 | W15: 19956.8 | X15: 7671.3 | Y15: =X15/W15*100 -> 38.439529 | Z15: 1758.7 | AA15: 628.87683 | AB15: =AA15/Z15*100 -> 35.75805 | AC15: 773917 | AD15: 423739.1 | AE15: =AD15/AC15*100 -> 54.752525 | AF15: 0 | AG15: 0 | AI15: 0 | AJ15: 0 | AL15: 4050.3 | AM15: 1437.9 | AN15: =AM15/AL15*100 -> 35.501074 | AO15: 233.9 | AP15: 0 | AQ15: =AP15/AO15*100 -> 0 | AR15: 5400.6 | AS15: 2000 | AT15: =AS15/AR15*100 -> 37.032922 | AU15: 109479 | AV15: 53780.2 | AW15: =AV15/AU15*100 -> 49.123759 | AX15: 902.3 | AY15: 376 | AZ15: =AY15/AX15*100 -> 41.671284 | BA15: 670.1 | BB15: 257.2 | BC15: =BB15/BA15*100 -> 38.382331 | BD15: 9515.7 | BE15: 4758 | BF15: =BE15/BD15*100 -> 50.001576 | BG15: 1296.5 | BH15: 579.5 | BI15: =BH15/BG15*100 -> 44.697262 | BM15: 185.7 | BN15: 89.6 | BO15: =BN15/BM15*100 -> 48.249865 | BP15: 446.3 | BQ15: 173.7 | BR15: =BQ15/BP15*100 -> 38.920009 | BS15: 705.7 | BT15: 240.4 | BU15: =BT15/BS15*100 -> 34.065467 | BV15: 2.8 | BW15: 0 | BX15: 0 | BY15: 180.7 | BZ15: 0 | CA15: 0
A16: Балашовский | B16: =E16+H16+K16+N16+Q16+T16+W16+Z16+AC16+AF16+AI16+AL16+AO16+AR16+AU16+AX16+BA16+BD16+BG16+BJ16+BM16+BP16+BS16+BV16+BY16 -> 730616 | C16: =F16+I16+L16+O16+R16+U16+X16+AA16+AD16+AG16+AJ16+AM16+AP16+AS16+AV16+AY16+BB16+BE16+BH16+BK16+BN16+BQ16+BT16+BW16+BZ16 -> 401111.75 | D16: =C16/B16*100 -> 54.900488 | E16: 5696.4 | F16: 1167.9 | G16: =F16/E16*100 -> 20.502423 | H16: 476.4 | I16: 229.1 | J16: =I16/H16*100 -> 48.08984 | K16: 7701.6 | L16: 3639.6 | M16: =L16/K16*100 -> 47.257713 | N16: 187106.4 | O16: 92329 | P16: =O16/N16*100 -> 49.34572 | W16: 13569.7 | X16: 5289.1 | Y16: =X16/W16*100 -> 38.97728 | Z16: 713.9 | AA16: 269.15001 | AB16: =AA16/Z16*100 -> 37.70136 | AC16: 452484.3 | AD16: 264823.8 | AE16: =AD16/AC16*100 -> 58.526627 | AF16: 0 | AG16: 0 | AI16: 0 | AJ16: 0 | AL16: 1835.7 | AM16: 864.3 | AN16: =AM16/AL16*100 -> 47.082857 | AO16: 117.8 | AP16: 0 | AQ16: =AP16/AO16*100 -> 0 | AR16: 2727.6 | AS16: 1182.7 | AT16: =AS16/AR16*100 -> 43.360463 | AU16: 50104.5 | AV16: 27533.2 | AW16: =AV16/AU16*100 -> 54.951551 | AX16: 610.6 | AY16: 268 | AZ16: =AY16/AX16*100 -> 43.891255 | BA16: 428.3 | BB16: 163.3 | BC16: =BB16/BA16*100 -> 38.127481 | BD16: 4841.1 | BE16: 2418 | BF16: =BE16/BD16*100 -> 49.947326 | BG16: 1241.2 | BH16: 553.1 | BI16: =BH16/BG16*100 -> 44.561714 | BM16: 110.8 | BN16: 110.8 | BO16: =BN16/BM16*100 -> 100 | BP16: 214 | BQ16: 93.2 | BR16: =BQ16/BP16*100 -> 43.551402 | BS16: 452.2 | BT16: 177.5 | BU16: =BT16/BS16*100 -> 39.252543 | BV16: 2.8 | BW16: 0 | BX16: 0 | BY16: 180.7 | BZ16: 0 | CA16: 0
A17: Балтайский | B17: =E17+H17+K17+N17+Q17+T17+W17+Z17+AC17+AF17+AI17+AL17+AO17+AR17+AU17+AX17+BA17+BD17+BG17+BJ17+BM17+BP17+BS17+BV17+BY17 -> 104772.3 | C17: =F17+I17+L17+O17+R17+U17+X17+AA17+AD17+AG17+AJ17+AM17+AP17+AS17+AV17+AY17+BB17+BE17+BH17+BK17+BN17+BQ17+BT17+BW17+BZ17 -> 60207.217 | D17: =C17/B17*100 -> 57.464823 | E17: 582.5 | F17: 243.5 | G17: =F17/E17*100 -> 41.802575 | H17: 70.1 | I17: 22.2 | J17: =I17/H17*100 -> 31.669044 | K17: 1064.7 | L17: 677.8 | M17: =L17/K17*100 -> 63.661125 | N17: 18454.1 | O17: 9984.4 | P17: =O17/N17*100 -> 54.103966 | W17: 1942.7 | X17: 903.9 | Y17: =X17/W17*100 -> 46.528028 | Z17: 48 | AA17: 17.51676 | AB17: =AA17/Z17*100 -> 36.49325 | AC17: 77950 | AD17: 46157.4 | AE17: =AD17/AC17*100 -> 59.214112 | AF17: 0 | AG17: 0 | AI17: 0 | AJ17: 0 | AL17: 191.8 | AM17: 80 | AN17: =AM17/AL17*100 -> 41.710115 | AO17: 0 | AP17: 0 | AR17: 203.9 | AS17: 81.6 | AT17: =AS17/AR17*100 -> 40.019617 | AU17: 2865.7 | AV17: 1411.4 | AW17: =AV17/AU17*100 -> 49.251492 | AX17: 210.7 | AY17: 101.8 | AZ17: =AY17/AX17*100 -> 48.31514 | BA17: 202.1 | BB17: 87.4 | BC17: =BB17/BA17*100 -> 43.245918 | BD17: 510.2 | BE17: 258 | BF17: =BE17/BD17*100 -> 50.568405 | BG17: 0 | BH17: 0 | BM17: 14.8 | BN17: 14.8 | BO17: =BN17/BM17*100 -> 100 | BP17: 201.8 | BQ17: 93.4 | BR17: =BQ17/BP17*100 -> 46.283449 | BS17: 213.9 | BT17: 72.1 | BU17: =BT17/BS17*100 -> 33.70734 | BV17: 0.7 | BW17: 0 | BX17: 0 | BY17: 44.6 | BZ17: 0 | CA17: 0
A18: Вольский | B18: =E18+H18+K18+N18+Q18+T18+W18+Z18+AC18+AF18+AI18+AL18+AO18+AR18+AU18+AX18+BA18+BD18+BG18+BJ18+BM18+BP18+BS18+BV18+BY18 -> 635936.7 | C18: =F18+I18+L18+O18+R18+U18+X18+AA18+AD18+AG18+AJ18+AM18+AP18+AS18+AV18+AY18+BB18+BE18+BH18+BK18+BN18+BQ18+BT18+BW18+BZ18 -> 342459.47 | D18: =C18/B18*100 -> 53.851188 | E18: 5130.8 | F18: 2564.6 | G18: =F18/E18*100 -> 49.984408 | H18: 691.4 | I18: 343.1 | J18: =I18/H18*100 -> 49.623951 | K18: 11678.4 | L18: 8572.8 | M18: =L18/K18*100 -> 73.407316 | N18: 209526.6 | O18: 103256.1 | P18: =O18/N18*100 -> 49.280664 | W18: 10772.4 | X18: 4450.5 | Y18: =X18/W18*100 -> 41.313913 | Z18: 662.9 | AA18: 240.66883 | AB18: =AA18/Z18*100 -> 36.30545 | AC18: 353287.3 | AD18: 200022.6 | AE18: =AD18/AC18*100 -> 56.617546 | AF18: 0 | AG18: 0 | AI18: 0 | AJ18: 0 | AL18: 1631.7 | AM18: 788.8 | AN18: =AM18/AL18*100 -> 48.34222 | AO18: 165.3 | AP18: 87.7 | AQ18: =AP18/AO18*100 -> 53.055051 | AR18: 1735.8 | AS18: 865.9 | AT18: =AS18/AR18*100 -> 49.884779 | AU18: 33238 | AV18: 17766.1 | AW18: =AV18/AU18*100 -> 53.45117 | AX18: 610.6 | AY18: 296.6 | AZ18: =AY18/AX18*100 -> 48.575172 | BA18: 428.3 | BB18: 167.6 | BC18: =BB18/BA18*100 -> 39.13145 | BD18: 4037.2 | BE18: 2016 | BF18: =BE18/BD18*100 -> 49.935599 | BG18: 1241.2 | BH18: 616.5 | BI18: =BH18/BG18*100 -> 49.669675 | BM18: 93.4 | BN18: 31.6 | BO18: =BN18/BM18*100 -> 33.832976 | BP18: 214 | BQ18: 80.1 | BR18: =BQ18/BP18*100 -> 37.429907 | BS18: 678.1 | BT18: 292.2 | BU18: =BT18/BS18*100 -> 43.09099 | BV18: 1.7 | BW18: 0 | BX18: 0 | BY18: 111.6 | BZ18: 0 | CA18: 0
A19: Воскресенский | B19: =E19+H19+K19+N19+Q19+T19+W19+Z19+AC19+AF19+AI19+AL19+AO19+AR19+AU19+AX19+BA19+BD19+BG19+BJ19+BM19+BP19+BS19+BV19+BY19 -> 106240.4 | C19: =F19+I19+L19+O19+R19+U19+X19+AA19+AD19+AG19+AJ19+AM19+AP19+AS19+AV19+AY19+BB19+BE19+BH19+BK19+BN19+BQ19+BT19+BW19+BZ19 -> 60765.987 | D19: =C19/B19*100 -> 57.196685 | E19: 444.5 | F19: 179.6 | G19: =F19/E19*100 -> 40.404949 | H19: 63.1 | I19: 27.8 | J19: =I19/H19*100 -> 44.057052 | K19: 764 | L19: 443.8 | M19: =L19/K19*100 -> 58.089005 | N19: 16647.9 | O19: 6756 | P19: =O19/N19*100 -> 40.581695 | W19: 1475.2 | X19: 600.3 | Y19: =X19/W19*100 -> 40.692787 | Z19: 48 | AA19: 18.787 | AB19: =AA19/Z19*100 -> 39.139583 | AC19: 84121.2 | AD19: 51511.3 | AE19: =AD19/AC19*100 -> 61.234623 | AF19: 0 | AG19: 0 | AI19: 0 | AJ19: 0 | AL19: 191.8 | AM19: 90.6 | AN19: =AM19/AL19*100 -> 47.236705 | AO19: 0 | AP19: 0 | AR19: 203.9 | AS19: 93.8 | AT19: =AS19/AR19*100 -> 46.002943 | AU19: 849.5 | AV19: 501.6 | AW19: =AV19/AU19*100 -> 59.046498 | AX19: 210.7 | AY19: 63.9 | AZ19: =AY19/AX19*100 -> 30.32748 | BA19: 202.1 | BB19: 0 | BC19: =BB19/BA19*100 -> 0 | BD19: 542.4 | BE19: 270 | BF19: =BE19/BD19*100 -> 49.778761 | BG19: 0 | BH19: 0 | BM19: 15.1 | BN19: 15.1 | BO19: =BN19/BM19*100 -> 100 | BP19: 201.8 | BQ19: 92.4 | BR19: =BQ19/BP19*100 -> 45.787909 | BS19: 213.9 | BT19: 101 | BU19: =BT19/BS19*100 -> 47.218326 | BV19: 0.7 | BW19: 0 | BX19: 0 | BY19: 44.6 | BZ19: 0 | CA19: 0
A20: Дергачевский | B20: =E20+H20+K20+N20+Q20+T20+W20+Z20+AC20+AF20+AI20+AL20+AO20+AR20+AU20+AX20+BA20+BD20+BG20+BJ20+BM20+BP20+BS20+BV20+BY20 -> 179918.6 | C20: =F20+I20+L20+O20+R20+U20+X20+AA20+AD20+AG20+AJ20+AM20+AP20+AS20+AV20+AY20+BB20+BE20+BH20+BK20+BN20+BQ20+BT20+BW20+BZ20 -> 96223.034 | D20: =C20/B20*100 -> 53.481427 | E20: 761.2 | F20: 288.6 | G20: =F20/E20*100 -> 37.91382 | H20: 151.8 | I20: 70.7 | J20: =I20/H20*100 -> 46.57444 | K20: 2676.2 | L20: 1352.4 | M20: =L20/K20*100 -> 50.53434 | N20: 31798.7 | O20: 14891.7 | P20: =O20/N20*100 -> 46.83116 | W20: 2539.8 | X20: 1396.5 | Y20: =X20/W20*100 -> 54.984644 | Z20: 95.9 | AA20: 37.93442 | AB20: =AA20/Z20*100 -> 39.556225 | AC20: 134829.8 | AD20: 75105.5 | AE20: =AD20/AC20*100 -> 55.703932 | AF20: 0 | AG20: 0 | AI20: 0 | AJ20: 0 | AL20: 383.7 | AM20: 97 | AN20: =AM20/AL20*100 -> 25.280167 | AO20: 0 | AP20: 0 | AR20: 203.9 | AS20: 76.5 | AT20: =AS20/AR20*100 -> 37.518391 | AU20: 4737.6 | AV20: 2293.9 | AW20: =AV20/AU20*100 -> 48.419031 | AX20: 210.7 | AY20: 65.2 | AZ20: =AY20/AX20*100 -> 30.944471 | BA20: 202.1 | BB20: 16.3 | BC20: =BB20/BA20*100 -> 8.0653142 | BD20: 850.7 | BE20: 426 | BF20: =BE20/BD20*100 -> 50.076408 | BG20: 0 | BH20: 0 | BM20: 15.5 | BN20: 0 | BO20: =BN20/BM20*100 -> 0 | BP20: 201.8 | BQ20: 57.4 | BR20: =BQ20/BP20*100 -> 28.444004 | BS20: 213.9 | BT20: 47.4 | BU20: =BT20/BS20*100 -> 22.159888 | BV20: 0.7 | BW20: 0 | BX20: 0 | BY20: 44.6 | BZ20: 0 | CA20: 0
A21: Духовницкий | B21: =E21+H21+K21+N21+Q21+T21+W21+Z21+AC21+AF21+AI21+AL21+AO21+AR21+AU21+AX21+BA21+BD21+BG21+BJ21+BM21+BP21+BS21+BV21+BY21 -> 102404.3 | C21: =F21+I21+L21+O21+R21+U21+X21+AA21+AD21+AG21+AJ21+AM21+AP21+AS21+AV21+AY21+BB21+BE21+BH21+BK21+BN21+BQ21+BT21+BW21+BZ21 -> 58889.65 | D21: =C21/B21*100 -> 57.507009 | E21: 600.5 | F21: 300.3 | G21: =F21/E21*100 -> 50.008326 | H21: 77.3 | I21: 34.3 | J21: =I21/H21*100 -> 44.372574 | K21: 774.9 | L21: 417.7 | M21: =L21/K21*100 -> 53.90373 | N21: 17638.3 | O21: 8747.7 | P21: =O21/N21*100 -> 49.594916 | W21: 1704.4 | X21: 937.4 | Y21: =X21/W21*100 -> 54.998827 | Z21: 48 | AA21: 20.5505 | AB21: =AA21/Z21*100 -> 42.813542 | AC21: 76791.5 | AD21: 46044.6 | AE21: =AD21/AC21*100 -> 59.960543 | AF21: 0 | AG21: 0 | AI21: 0 | AJ21: 0 | AL21: 191.8 | AM21: 92.7 | AN21: =AM21/AL21*100 -> 48.331595 | AO21: 0 | AP21: 0 | AR21: 203.9 | AS21: 98.8 | AT21: =AS21/AR21*100 -> 48.455125 | AU21: 2947.1 | AV21: 1520.4 | AW21: =AV21/AU21*100 -> 51.589698 | AX21: 210.7 | AY21: 99.6 | AZ21: =AY21/AX21*100 -> 47.271001 | BA21: 202.1 | BB21: 98.7 | BC21: =BB21/BA21*100 -> 48.837209 | BD21: 537 | BE21: 270 | BF21: =BE21/BD21*100 -> 50.27933 | BG21: 0 | BH21: 0 | BM21: 9 | BN21: 4.5 | BO21: =BN21/BM21*100 -> 50 | BP21: 201.8 | BQ21: 99.3 | BR21: =BQ21/BP21*100 -> 49.207136 | BS21: 213.9 | BT21: 103.1 | BU21: =BT21/BS21*100 -> 48.200094 | BV21: 0.8 | BW21: 0 | BX21: 0 | BY21: 51.3 | BZ21: 0 | CA21: 0
A22: Екатериновский | B22: =E22+H22+K22+N22+Q22+T22+W22+Z22+AC22+AF22+AI22+AL22+AO22+AR22+AU22+AX22+BA22+BD22+BG22+BJ22+BM22+BP22+BS22+BV22+BY22 -> 162808.8 | C22: =F22+I22+L22+O22+R22+U22+X22+AA22+AD22+AG22+AJ22+AM22+AP22+AS22+AV22+AY22+BB22+BE22+BH22+BK22+BN22+BQ22+BT22+BW22+BZ22 -> 99337.604 | D22: =C22/B22*100 -> 61.014886 | E22: 688.9 | F22: 249.6 | G22: =F22/E22*100 -> 36.231674 | H22: 85.4 | I22: 36.4 | J22: =I22/H22*100 -> 42.622951 | K22: 1391.6 | L22: 690 | M22: =L22/K22*100 -> 49.583214 | N22: 17014.6 | O22: 10119.5 | P22: =O22/N22*100 -> 59.475392 | W22: 3113.8 | X22: 1239.3 | Y22: =X22/W22*100 -> 39.800244 | Z22: 95.9 | AA22: 33.70351 | AB22: =AA22/Z22*100 -> 35.144432 | AC22: 135805 | AD22: 85271.5 | AE22: =AD22/AC22*100 -> 62.789662 | AF22: 0 | AG22: 0 | AI22: 0 | AJ22: 0 | AL22: 191.8 | AM22: 96.4 | AN22: =AM22/AL22*100 -> 50.260688 | AO22: 48.3 | AP22: 0 | AR22: 203.9 | AS22: 89.4 | AT22: =AS22/AR22*100 -> 43.845022 | AU22: 2437.9 | AV22: 782.9 | AW22: =AV22/AU22*100 -> 32.113704 | AX22: 210.7 | AY22: 78 | AZ22: =AY22/AX22*100 -> 37.019459 | BA22: 202.1 | BB22: 47.9 | BC22: =BB22/BA22*100 -> 23.701138 | BD22: 841.7 | BE22: 420 | BF22: =BE22/BD22*100 -> 49.899014 | BG22: 0 | BH22: 0 | BM22: 16.2 | BN22: 16.2 | BO22: =BN22/BM22*100 -> 100 | BP22: 201.8 | BQ22: 86.2 | BR22: =BQ22/BP22*100 -> 42.71556 | BS22: 213.9 | BT22: 80.6 | BU22: =BT22/BS22*100 -> 37.681159 | BV22: 0.7 | BW22: 0 | BX22: 0 | BY22: 44.6 | BZ22: 0 | CA22: 0
A23: Ершовский | B23: =E23+H23+K23+N23+Q23+T23+W23+Z23+AC23+AF23+AI23+AL23+AO23+AR23+AU23+AX23+BA23+BD23+BG23+BJ23+BM23+BP23+BS23+BV23+BY23 -> 393418 | C23: =F23+I23+L23+O23+R23+U23+X23+AA23+AD23+AG23+AJ23+AM23+AP23+AS23+AV23+AY23+BB23+BE23+BH23+BK23+BN23+BQ23+BT23+BW23+BZ23 -> 200067.89 | D23: =C23/B23*100 -> 50.85377 | E23: 1487.6 | F23: 637.3 | G23: =F23/E23*100 -> 42.840817 | H23: 248.9 | I23: 136.6 | J23: =I23/H23*100 -> 54.881479 | K23: 4663.6 | L23: 3331.1 | M23: =L23/K23*100 -> 71.427652 | N23: 79021.2 | O23: 33671.2 | P23: =O23/N23*100 -> 42.610337 | W23: 5508.1 | X23: 2098.1 | Y23: =X23/W23*100 -> 38.091175 | Z23: 335.7 | AA23: 135.68646 | AB23: =AA23/Z23*100 -> 40.418963 | AC23: 291395.2 | AD23: 154456.4 | AE23: =AD23/AC23*100 -> 53.005815 | AF23: 0 | AG23: 0 | AI23: 0 | AJ23: 0 | AL23: 767.3 | AM23: 332.7 | AN23: =AM23/AL23*100 -> 43.359833 | AO23: 0 | AP23: 0 | AR23: 585.8 | AS23: 219.7 | AT23: =AS23/AR23*100 -> 37.504268 | AU23: 5825.8 | AV23: 3511 | AW23: =AV23/AU23*100 -> 60.266401 | AX23: 395.7 | AY23: 127.7 | AZ23: =AY23/AX23*100 -> 32.271923 | BA23: 202.1 | BB23: 92.5 | BC23: =BB23/BA23*100 -> 45.769421 | BD23: 1694.4 | BE23: 846 | BF23: =BE23/BD23*100 -> 49.929178 | BG23: 766.7 | BH23: 309.5 | BI23: =BH23/BG23*100 -> 40.36781 | BM23: 47.6 | BN23: 47.6 | BO23: =BN23/BM23*100 -> 100 | BP23: 201.8 | BQ23: 80.3 | BR23: =BQ23/BP23*100 -> 39.791873 | BS23: 213.9 | BT23: 34.5 | BU23: =BT23/BS23*100 -> 16.129032 | BV23: 0.8 | BW23: 0 | BX23: 0 | BY23: 55.8 | BZ23: 0 | CA23: 0
A24: Ивантеевский | B24: =E24+H24+K24+N24+Q24+T24+W24+Z24+AC24+AF24+AI24+AL24+AO24+AR24+AU24+AX24+BA24+BD24+BG24+BJ24+BM24+BP24+BS24+BV24+BY24 -> 165722 | C24: =F24+I24+L24+O24+R24+U24+X24+AA24+AD24+AG24+AJ24+AM24+AP24+AS24+AV24+AY24+BB24+BE24+BH24+BK24+BN24+BQ24+BT24+BW24+BZ24 -> 96287.672 | D24: =C24/B24*100 -> 58.101925 | E24: 1126.2 | F24: 527 | G24: =F24/E24*100 -> 46.79453 | H24: 117.4 | I24: 43.9 | J24: =I24/H24*100 -> 37.393526 | K24: 1896.6 | L24: 946.6 | M24: =L24/K24*100 -> 49.910366 | N24: 32757.1 | O24: 17420 | P24: =O24/N24*100 -> 53.179311 | W24: 2602.5 | X24: 1083.4 | Y24: =X24/W24*100 -> 41.629203 | Z24: 95.9 | AA24: 34.47176 | AB24: =AA24/Z24*100 -> 35.945527 | AC24: 124104.2 | AD24: 74962.3 | AE24: =AD24/AC24*100 -> 60.40271 | AF24: 0 | AG24: 0 | AI24: 0 | AJ24: 0 | AL24: 191.8 | AM24: 76.2 | AN24: =AM24/AL24*100 -> 39.728884 | AO24: 0 | AP24: 0 | AR24: 203.9 | AS24: 96.4 | AT24: =AS24/AR24*100 -> 47.278077 | AU24: 874.8 | AV24: 406.5 | AW24: =AV24/AU24*100 -> 46.467764 | AX24: 210.7 | AY24: 75.1 | AZ24: =AY24/AX24*100 -> 35.643094 | BA24: 202.1 | BB24: 96.9 | BC24: =BB24/BA24*100 -> 47.946561 | BD24: 624.7 | BE24: 312 | BF24: =BE24/BD24*100 -> 49.943973 | BG24: 0 | BH24: 0 | BM24: 15.3 | BN24: 0 | BO24: =BN24/BM24*100 -> 0 | BP24: 201.8 | BQ24: 77 | BR24: =BQ24/BP24*100 -> 38.156591 | BS24: 213.9 | BT24: 83.7 | BU24: =BT24/BS24*100 -> 39.130435 | BV24: 4.2 | BW24: 2.1 | BX24: =BW24/BV24*100 -> 50 | BY24: 278.9 | BZ24: 44.1 | CA24: =BZ24/BY24*100 -> 15.812119
A25: Калининский | B25: =E25+H25+K25+N25+Q25+T25+W25+Z25+AC25+AF25+AI25+AL25+AO25+AR25+AU25+AX25+BA25+BD25+BG25+BJ25+BM25+BP25+BS25+BV25+BY25 -> 264933.2 | C25: =F25+I25+L25+O25+R25+U25+X25+AA25+AD25+AG25+AJ25+AM25+AP25+AS25+AV25+AY25+BB25+BE25+BH25+BK25+BN25+BQ25+BT25+BW25+BZ25 -> 148010.52 | D25: =C25/B25*100 -> 55.867108 | E25: 1154.4 | F25: 527.6 | G25: =F25/E25*100 -> 45.703396 | H25: 145.6 | I25: 72.8 | J25: =I25/H25*100 -> 50 | K25: 1711.5 | L25: 855.3 | M25: =L25/K25*100 -> 49.973707 | N25: 33974.5 | O25: 15045.2 | P25: =O25/N25*100 -> 44.283801 | W25: 4070.7 | X25: 1598.6 | Y25: =X25/W25*100 -> 39.270887 | Z25: 191.8 | AA25: 96.418 | AB25: =AA25/Z25*100 -> 50.270073 | AC25: 216420.7 | AD25: 126673.9 | AE25: =AD25/AC25*100 -> 58.531323 | AF25: 0 | AG25: 0 | AI25: 0 | AJ25: 0 | AL25: 575.5 | AM25: 268.4 | AN25: =AM25/AL25*100 -> 46.637706 | AO25: 0 | AP25: 0 | AR25: 203.9 | AS25: 98.8 | AT25: =AS25/AR25*100 -> 48.455125 | AU25: 3975.1 | AV25: 1541.3 | AW25: =AV25/AU25*100 -> 38.773867 | AX25: 395.7 | AY25: 190.7 | AZ25: =AY25/AX25*100 -> 48.193076 | BA25: 202.1 | BB25: 96.7 | BC25: =BB25/BA25*100 -> 47.8476 | BD25: 1397.8 | BE25: 696 | BF25: =BE25/BD25*100 -> 49.792531 | BG25: 0 | BH25: 0 | BM25: 52.9 | BN25: 52.9 | BO25: =BN25/BM25*100 -> 100 | BP25: 201.8 | BQ25: 92.1 | BR25: =BQ25/BP25*100 -> 45.639247 | BS25: 213.9 | BT25: 103.8 | BU25: =BT25/BS25*100 -> 48.527349 | BV25: 0.7 | BW25: 0 | BX25: 0 | BY25: 44.6 | BZ25: 0 | CA25: =BZ25/BY25*100 -> 0
A26: Красноармейский | B26: =E26+H26+K26+N26+Q26+T26+W26+Z26+AC26+AF26+AI26+AL26+AO26+AR26+AU26+AX26+BA26+BD26+BG26+BJ26+BM26+BP26+BS26+BV26+BY26 -> 334799 | C26: =F26+I26+L26+O26+R26+U26+X26+AA26+AD26+AG26+AJ26+AM26+AP26+AS26+AV26+AY26+BB26+BE26+BH26+BK26+BN26+BQ26+BT26+BW26+BZ26 -> 175875.66 | D26: =C26/B26*100 -> 52.531717 | E26: 1951.9 | F26: 975.7 | G26: =F26/E26*100 -> 49.987192 | H26: 241.7 | I26: 101.3 | J26: =I26/H26*100 -> 41.91146 | K26: 4483.9 | L26: 1849.3 | M26: =L26/K26*100 -> 41.243114 | N26: 56616.7 | O26: 27249.1 | P26: =O26/N26*100 -> 48.129086 | W26: 4701.9 | X26: 2374.9 | Y26: =X26/W26*100 -> 50.509369 | Z26: 239.8 | AA26: 128.3635 | AB26: =AA26/Z26*100 -> 53.529399 | AC26: 241644 | AD26: 130057.5 | AE26: =AD26/AC26*100 -> 53.821945 | AF26: 0 | AG26: 0 | AI26: 0 | AJ26: 0 | AL26: 767.3 | AM26: 259.9 | AN26: =AM26/AL26*100 -> 33.872019 | AO26: 0 | AP26: 0 | AR26: 1115 | AS26: 535.4 | AT26: =AS26/AR26*100 -> 48.017937 | AU26: 19601.1 | AV26: 10753.5 | AW26: =AV26/AU26*100 -> 54.861717 | AX26: 395.7 | AY26: 186.9 | AZ26: =AY26/AX26*100 -> 47.232752 | BA26: 202.1 | BB26: 93.7 | BC26: =BB26/BA26*100 -> 46.363187 | BD26: 1954.1 | BE26: 991 | BF26: =BE26/BD26*100 -> 50.713884 | BG26: 0 | BH26: 0 | BM26: 72.9 | BN26: 66.7 | BO26: =BN26/BM26*100 -> 91.495199 | BP26: 201.8 | BQ26: 65.1 | BR26: =BQ26/BP26*100 -> 32.259663 | BS26: 427.9 | BT26: 187.3 | BU26: =BT26/BS26*100 -> 43.771909 | BV26: 2.7 | BW26: 0 | BX26: 0 | BY26: 178.5 | BZ26: 0 | CA26: =BZ26/BY26*100 -> 0
A27: Краснокутский | B27: =E27+H27+K27+N27+Q27+T27+W27+Z27+AC27+AF27+AI27+AL27+AO27+AR27+AU27+AX27+BA27+BD27+BG27+BJ27+BM27+BP27+BS27+BV27+BY27 -> 283739.4 | C27: =F27+I27+L27+O27+R27+U27+X27+AA27+AD27+AG27+AJ27+AM27+AP27+AS27+AV27+AY27+BB27+BE27+BH27+BK27+BN27+BQ27+BT27+BW27+BZ27 -> 147367.51 | D27: =C27/B27*100 -> 51.937628 | E27: 2302.8 | F27: 719.9 | G27: =F27/E27*100 -> 31.261942 | H27: 244.2 | I27: 116.6 | J27: =I27/H27*100 -> 47.747748 | K27: 3837.3 | L27: 1589.8 | M27: =L27/K27*100 -> 41.430172 | N27: 68528.7 | O27: 31266.3 | P27: =O27/N27*100 -> 45.625118 | W27: 4984.9 | X27: 2675.8 | Y27: =X27/W27*100 -> 53.678108 | Z27: 239.8 | AA27: 63.71423 | AB27: =AA27/Z27*100 -> 26.569737 | AC27: 183354.1 | AD27: 102128.5 | AE27: =AD27/AC27*100 -> 55.700145 | AF27: 11110.8 | AG27: 4530.2 | AH27: =AG27/AF27*100 -> 40.772942 | AI27: 111.1 | AJ27: 51.8 | AK27: =AJ27/AI27*100 -> 46.624662 | AL27: 575.5 | AM27: 245.6 | AN27: =AM27/AL27*100 -> 42.675934 | AO27: 15.1 | AP27: 9.1 | AQ27: =AP27/AO27*100 -> 60.264901 | AR27: 203.9 | AS27: 96.1 | AT27: =AS27/AR27*100 -> 47.130947 | AU27: 5585.5 | AV27: 2627.7 | AW27: =AV27/AU27*100 -> 47.045027 | AX27: 395.7 | AY27: 127.5 | AZ27: =AY27/AX27*100 -> 32.22138 | BA27: 202.1 | BB27: 95.3 | BC27: =BB27/BA27*100 -> 47.154874 | BD27: 1530.6 | BE27: 768 | BF27: =BE27/BD27*100 -> 50.176401 | BG27: 0 | BH27: 0 | BM27: 56.3 | BN27: 56.3 | BO27: =BN27/BM27*100 -> 100 | BP27: 201.8 | BQ27: 96.3 | BR27: =BQ27/BP27*100 -> 47.720515 | BS27: 213.9 | BT27: 103 | BU27: =BT27/BS27*100 -> 48.153343 | BV27: 0.7 | BW27: 0 | BX27: 0 | BY27: 44.6 | BZ27: 0 | CA27: =BZ27/BY27*100 -> 0
A28: Краснопартизанский | B28: =E28+H28+K28+N28+Q28+T28+W28+Z28+AC28+AF28+AI28+AL28+AO28+AR28+AU28+AX28+BA28+BD28+BG28+BJ28+BM28+BP28+BS28+BV28+BY28 -> 106324 | C28: =F28+I28+L28+O28+R28+U28+X28+AA28+AD28+AG28+AJ28+AM28+AP28+AS28+AV28+AY28+BB28+BE28+BH28+BK28+BN28+BQ28+BT28+BW28+BZ28 -> 61706.239 | D28: =C28/B28*100 -> 58.03604 | E28: 624.8 | F28: 148.9 | G28: =F28/E28*100 -> 23.831626 | H28: 84.9 | I28: 14 | J28: =I28/H28*100 -> 16.489988 | K28: 928.6 | L28: 463.5 | M28: =L28/K28*100 -> 49.913849 | N28: 26864.1 | O28: 13493.2 | P28: =O28/N28*100 -> 50.227627 | W28: 1755.5 | X28: 391.7 | Y28: =X28/W28*100 -> 22.312731 | Z28: 48 | AA28: 14.0391 | AB28: =AA28/Z28*100 -> 29.248125 | AC28: 70817.9 | AD28: 45144.8 | AE28: =AD28/AC28*100 -> 63.747725 | AF28: 0 | AG28: 0 | AI28: 0 | AJ28: 0 | AL28: 191.8 | AM28: 95.1 | AN28: =AM28/AL28*100 -> 49.582899 | AO28: 0 | AP28: 0 | AR28: 203.9 | AS28: 91.3 | AT28: =AS28/AR28*100 -> 44.776851 | AU28: 3498.5 | AV28: 1284 | AW28: =AV28/AU28*100 -> 36.701443 | AX28: 210.7 | AY28: 76.7 | AZ28: =AY28/AX28*100 -> 36.402468 | BA28: 202.1 | BB28: 82.1 | BC28: =BB28/BA28*100 -> 40.623454 | BD28: 419.4 | BE28: 212.3 | BF28: =BE28/BD28*100 -> 50.619933 | BG28: 0 | BH28: 0 | BM28: 12.8 | BN28: 8 | BO28: =BN28/BM28*100 -> 62.5 | BP28: 201.8 | BQ28: 84 | BR28: =BQ28/BP28*100 -> 41.625372 | BS28: 213.9 | BT28: 102.6 | BU28: =BT28/BS28*100 -> 47.966339 | BV28: 0.7 | BW28: 0 | BX28: 0 | BY28: 44.6 | BZ28: 0 | CA28: =BZ28/BY28*100 -> 0
A29: Лысогорский | B29: =E29+H29+K29+N29+Q29+T29+W29+Z29+AC29+AF29+AI29+AL29+AO29+AR29+AU29+AX29+BA29+BD29+BG29+BJ29+BM29+BP29+BS29+BV29+BY29 -> 186176.6 | C29: =F29+I29+L29+O29+R29+U29+X29+AA29+AD29+AG29+AJ29+AM29+AP29+AS29+AV29+AY29+BB29+BE29+BH29+BK29+BN29+BQ29+BT29+BW29+BZ29 -> 90963.547 | D29: =C29/B29*100 -> 48.858743 | E29: 788.4 | F29: 382.9 | G29: =F29/E29*100 -> 48.566717 | H29: 104.5 | I29: 37.2 | J29: =I29/H29*100 -> 35.598086 | K29: 1033.1 | L29: 506 | M29: =L29/K29*100 -> 48.978802 | N29: 27349.2 | O29: 10425.1 | P29: =O29/N29*100 -> 38.118482 | W29: 3542.7 | X29: 1765 | Y29: =X29/W29*100 -> 49.820758 | Z29: 95.9 | AA29: 41.24736 | AB29: =AA29/Z29*100 -> 43.010803 | AC29: 149634.8 | AD29: 76090.7 | AE29: =AD29/AC29*100 -> 50.850938 | AF29: 0 | AG29: 0 | AI29: 0 | AJ29: 0 | AL29: 383.7 | AM29: 144.7 | AN29: =AM29/AL29*100 -> 37.711754 | AO29: 0 | AP29: 0 | AR29: 203.9 | AS29: 96.9 | AT29: =AS29/AR29*100 -> 47.523296 | AU29: 1272.8 | AV29: 626 | AW29: =AV29/AU29*100 -> 49.182904 | AX29: 210.7 | AY29: 101.5 | AZ29: =AY29/AX29*100 -> 48.172757 | BA29: 202.1 | BB29: 95.2 | BC29: =BB29/BA29*100 -> 47.105393 | BD29: 875.4 | BE29: 438 | BF29: =BE29/BD29*100 -> 50.03427 | BG29: 0 | BH29: 0 | BM29: 18.4 | BN29: 18.4 | BO29: =BN29/BM29*100 -> 100 | BP29: 201.8 | BQ29: 98.8 | BR29: =BQ29/BP29*100 -> 48.959366 | BS29: 213.9 | BT29: 95.9 | BU29: =BT29/BS29*100 -> 44.834035 | BV29: 0.7 | BW29: 0 | BX29: 0 | BY29: 44.6 | BZ29: 0 | CA29: =BZ29/BY29*100 -> 0
A30: Марксовский | B30: =E30+H30+K30+N30+Q30+T30+W30+Z30+AC30+AF30+AI30+AL30+AO30+AR30+AU30+AX30+BA30+BD30+BG30+BJ30+BM30+BP30+BS30+BV30+BY30 -> 524653.3 | C30: =F30+I30+L30+O30+R30+U30+X30+AA30+AD30+AG30+AJ30+AM30+AP30+AS30+AV30+AY30+BB30+BE30+BH30+BK30+BN30+BQ30+BT30+BW30+BZ30 -> 279215.03 | D30: =C30/B30*100 -> 53.218959 | E30: 2681 | F30: 1340.5 | G30: =F30/E30*100 -> 50 | H30: 398.3 | I30: 176.3 | J30: =I30/H30*100 -> 44.263118 | K30: 8177.6 | L30: 6315.4 | M30: =L30/K30*100 -> 77.228038 | N30: 82806.6 | O30: 37908.2 | P30: =O30/N30*100 -> 45.779201 | W30: 8276.7 | X30: 4117.5 | Y30: =X30/W30*100 -> 49.748088 | Z30: 487.3 | AA30: 213.12723 | AB30: =AA30/Z30*100 -> 43.736349 | AC30: 402682.5 | AD30: 220703.5 | AE30: =AD30/AC30*100 -> 54.808317 | AF30: 0 | AG30: 0 | AI30: 0 | AJ30: 0 | AL30: 1364.3 | AM30: 581 | AN30: =AM30/AL30*100 -> 42.585942 | AO30: 103.1 | AP30: 23.2 | AQ30: =AP30/AO30*100 -> 22.502425 | AR30: 1130.3 | AS30: 449.1 | AT30: =AS30/AR30*100 -> 39.732814 | AU30: 12360 | AV30: 5365.2 | AW30: =AV30/AU30*100 -> 43.407767 | AX30: 583.4 | AY30: 243.4 | AZ30: =AY30/AX30*100 -> 41.720946 | BA30: 205.1 | BB30: 102.6 | BC30: =BB30/BA30*100 -> 50.024378 | BD30: 2855 | BE30: 1428 | BF30: =BE30/BD30*100 -> 50.017513 | BG30: 0 | BH30: 0 | BM30: 74.9 | BN30: 74.9 | BO30: =BN30/BM30*100 -> 100 | BP30: 204.9 | BQ30: 78.3 | BR30: =BQ30/BP30*100 -> 38.213763 | BS30: 217 | BT30: 94.8 | BU30: =BT30/BS30*100 -> 43.686636 | BV30: 0.7 | BW30: 0 | BX30: 0 | BY30: 44.6 | BZ30: 0 | CA30: =BZ30/BY30*100 -> 0
A31: Новобурасский | B31: =E31+H31+K31+N31+Q31+T31+W31+Z31+AC31+AF31+AI31+AL31+AO31+AR31+AU31+AX31+BA31+BD31+BG31+BJ31+BM31+BP31+BS31+BV31+BY31 -> 147553.4 | C31: =F31+I31+L31+O31+R31+U31+X31+AA31+AD31+AG31+AJ31+AM31+AP31+AS31+AV31+AY31+BB31+BE31+BH31+BK31+BN31+BQ31+BT31+BW31+BZ31 -> 81635.43 | D31: =C31/B31*100 -> 55.326024 | E31: 788.1 | F31: 334.3 | G31: =F31/E31*100 -> 42.418475 | H31: 87.3 | I31: 39.3 | J31: =I31/H31*100 -> 45.017182 | K31: 1285.8 | L31: 710.2 | M31: =L31/K31*100 -> 55.234096 | N31: 34474.4 | O31: 13398.1 | P31: =O31/N31*100 -> 38.863911 | W31: 2381.5 | X31: 1262.2 | Y31: =X31/W31*100 -> 53.00021 | Z31: 95.9 | AA31: 43.23007 | AB31: =AA31/Z31*100 -> 45.078279 | AC31: 103505.1 | AD31: 63289.7 | AE31: =AD31/AC31*100 -> 61.146456 | AF31: 0 | AG31: 0 | AI31: 0 | AJ31: 0 | AL31: 191.8 | AM31: 93 | AN31: =AM31/AL31*100 -> 48.488008 | AO31: 0 | AP31: 0 | AR31: 203.9 | AS31: 78.9 | AT31: =AS31/AR31*100 -> 38.695439 | AU31: 2942.8 | AV31: 1684 | AW31: =AV31/AU31*100 -> 57.224412 | AX31: 210.7 | AY31: 79.1 | AZ31: =AY31/AX31*100 -> 37.541528 | BA31: 202.1 | BB31: 90.5 | BC31: =BB31/BA31*100 -> 44.779812 | BD31: 723.2 | BE31: 360 | BF31: =BE31/BD31*100 -> 49.778761 | BG31: 0 | BH31: 0 | BM31: 20.2 | BN31: 17.1 | BO31: =BN31/BM31*100 -> 84.653465 | BP31: 201.8 | BQ31: 78.5 | BR31: =BQ31/BP31*100 -> 38.899901 | BS31: 213.9 | BT31: 77.3 | BU31: =BT31/BS31*100 -> 36.138382 | BV31: 0.4 | BW31: 0 | BX31: 0 | BY31: 24.5 | BZ31: 0 | CA31: =BZ31/BY31*100 -> 0
A32: Новоузенский | B32: =E32+H32+K32+N32+Q32+T32+W32+Z32+AC32+AF32+AI32+AL32+AO32+AR32+AU32+AX32+BA32+BD32+BG32+BJ32+BM32+BP32+BS32+BV32+BY32 -> 253174.3 | C32: =F32+I32+L32+O32+R32+U32+X32+AA32+AD32+AG32+AJ32+AM32+AP32+AS32+AV32+AY32+BB32+BE32+BH32+BK32+BN32+BQ32+BT32+BW32+BZ32 -> 134223.1 | D32: =C32/B32*100 -> 53.016084 | E32: 1196.2 | F32: 598.1 | G32: =F32/E32*100 -> 50 | H32: 199.1 | I32: 99.6 | J32: =I32/H32*100 -> 50.025113 | K32: 2459.4 | L32: 1229.7 | M32: =L32/K32*100 -> 50 | N32: 65849.4 | O32: 33217.3 | P32: =O32/N32*100 -> 50.444347 | W32: 4451.9 | X32: 2448.5 | Y32: =X32/W32*100 -> 54.998989 | Z32: 239.8 | AA32: 117.1 | AB32: =AA32/Z32*100 -> 48.83236 | AC32: 170724.9 | AD32: 92084.5 | AE32: =AD32/AC32*100 -> 53.937358 | AF32: 0 | AG32: 0 | AI32: 0 | AJ32: 0 | AL32: 575.5 | AM32: 256 | AN32: =AM32/AL32*100 -> 44.483058 | AO32: 37.6 | AP32: 8.8 | AQ32: =AP32/AO32*100 -> 23.404255 | AR32: 203.9 | AS32: 94.2 | AT32: =AS32/AR32*100 -> 46.199117 | AU32: 3895.2 | AV32: 2572.7 | AW32: =AV32/AU32*100 -> 66.047956 | AX32: 395.7 | AY32: 194.8 | AZ32: =AY32/AX32*100 -> 49.229214 | BA32: 202.1 | BB32: 81.3 | BC32: =BB32/BA32*100 -> 40.22761 | BD32: 1348.6 | BE32: 672 | BF32: =BE32/BD32*100 -> 49.829453 | BG32: 766.7 | BH32: 291.4 | BI32: =BH32/BG32*100 -> 38.007043 | BM32: 54 | BN32: 54 | BO32: =BN32/BM32*100 -> 100 | BP32: 201.8 | BQ32: 99.3 | BR32: =BQ32/BP32*100 -> 49.207136 | BS32: 213.9 | BT32: 103.8 | BU32: =BT32/BS32*100 -> 48.527349 | BV32: 2.4 | BW32: 0 | BX32: 0 | BY32: 156.2 | BZ32: 0 | CA32: =BZ32/BY32*100 -> 0
A33: Озинский | B33: =E33+H33+K33+N33+Q33+T33+W33+Z33+AC33+AF33+AI33+AL33+AO33+AR33+AU33+AX33+BA33+BD33+BG33+BJ33+BM33+BP33+BS33+BV33+BY33 -> 186415.1 | C33: =F33+I33+L33+O33+R33+U33+X33+AA33+AD33+AG33+AJ33+AM33+AP33+AS33+AV33+AY33+BB33+BE33+BH33+BK33+BN33+BQ33+BT33+BW33+BZ33 -> 102678.99 | D33: =C33/B33*100 -> 55.080834 | E33: 1144.1 | F33: 398.7 | G33: =F33/E33*100 -> 34.848352 | H33: 150.5 | I33: 49.9 | J33: =I33/H33*100 -> 33.156146 | K33: 2357.6 | L33: 1532 | M33: =L33/K33*100 -> 64.981337 | N33: 39917.4 | O33: 17566.1 | P33: =O33/N33*100 -> 44.006123 | W33: 3520.8 | X33: 1790 | Y33: =X33/W33*100 -> 50.840718 | Z33: 143.9 | AA33: 59.49149 | AB33: =AA33/Z33*100 -> 41.342245 | AC33: 134978.2 | AD33: 79282.6 | AE33: =AD33/AC33*100 -> 58.737337 | AF33: 0 | AG33: 0 | AI33: 0 | AJ33: 0 | AL33: 383.7 | AM33: 182.6 | AN33: =AM33/AL33*100 -> 47.589262 | AO33: 61.3 | AP33: 11.6 | AQ33: =AP33/AO33*100 -> 18.923328 | AR33: 203.9 | AS33: 97.8 | AT33: =AS33/AR33*100 -> 47.964689 | AU33: 1871.1 | AV33: 915.9 | AW33: =AV33/AU33*100 -> 48.949816 | AX33: 210.7 | AY33: 98.6 | AZ33: =AY33/AX33*100 -> 46.796393 | BA33: 202.1 | BB33: 93.2 | BC33: =BB33/BA33*100 -> 46.115784 | BD33: 794.5 | BE33: 396 | BF33: =BE33/BD33*100 -> 49.842668 | BG33: 0 | BH33: 0 | BM33: 14.3 | BN33: 14.3 | BO33: =BN33/BM33*100 -> 100 | BP33: 201.8 | BQ33: 88.5 | BR33: =BQ33/BP33*100 -> 43.855302 | BS33: 213.9 | BT33: 101.7 | BU33: =BT33/BS33*100 -> 47.545582 | BV33: 0.7 | BW33: 0 | BX33: 0 | BY33: 44.6 | BZ33: 0 | CA33: =BZ33/BY33*100 -> 0
A34: Перелюбский | B34: =E34+H34+K34+N34+Q34+T34+W34+Z34+AC34+AF34+AI34+AL34+AO34+AR34+AU34+AX34+BA34+BD34+BG34+BJ34+BM34+BP34+BS34+BV34+BY34 -> 173124.8 | C34: =F34+I34+L34+O34+R34+U34+X34+AA34+AD34+AG34+AJ34+AM34+AP34+AS34+AV34+AY34+BB34+BE34+BH34+BK34+BN34+BQ34+BT34+BW34+BZ34 -> 96127.28 | D34: =C34/B34*100 -> 55.524847 | E34: 987.1 | F34: 431.4 | G34: =F34/E34*100 -> 43.703779 | H34: 100.9 | I34: 40.5 | J34: =I34/H34*100 -> 40.138751 | K34: 1720 | L34: 1075.8 | M34: =L34/K34*100 -> 62.546512 | N34: 35897.7 | O34: 15194.2 | P34: =O34/N34*100 -> 42.326389 | W34: 3655.5 | X34: 1989.9 | Y34: =X34/W34*100 -> 54.435782 | Z34: 95.9 | AA34: 31.5797 | AB34: =AA34/Z34*100 -> 32.929823 | AC34: 128212.7 | AD34: 76397.2 | AE34: =AD34/AC34*100 -> 59.586297 | AF34: 0 | AG34: 0 | AI34: 0 | AJ34: 0 | AL34: 191.8 | AM34: 83.8 | AN34: =AM34/AL34*100 -> 43.691345 | AO34: 0 | AP34: 0 | AR34: 203.9 | AS34: 79.3 | AT34: =AS34/AR34*100 -> 38.891614 | AU34: 562.4 | AV34: 183.6 | AW34: =AV34/AU34*100 -> 32.645804 | AX34: 210.7 | AY34: 79.3 | AZ34: =AY34/AX34*100 -> 37.63645 | BA34: 202.1 | BB34: 66.3 | BC34: =BB34/BA34*100 -> 32.805542 | BD34: 608.1 | BE34: 306 | BF34: =BE34/BD34*100 -> 50.320671 | BG34: 0 | BH34: 0 | BM34: 15 | BN34: 0 | BO34: =BN34/BM34*100 -> 0 | BP34: 201.8 | BQ34: 83.5 | BR34: =BQ34/BP34*100 -> 41.377602 | BS34: 213.9 | BT34: 84.9 | BU34: =BT34/BS34*100 -> 39.691445 | BV34: 0.7 | BW34: 0 | BX34: 0 | BY34: 44.6 | BZ34: 0 | CA34: =BZ34/BY34*100 -> 0
A35: Петровский | B35: =E35+H35+K35+N35+Q35+T35+W35+Z35+AC35+AF35+AI35+AL35+AO35+AR35+AU35+AX35+BA35+BD35+BG35+BJ35+BM35+BP35+BS35+BV35+BY35 -> 286582.8 | C35: =F35+I35+L35+O35+R35+U35+X35+AA35+AD35+AG35+AJ35+AM35+AP35+AS35+AV35+AY35+BB35+BE35+BH35+BK35+BN35+BQ35+BT35+BW35+BZ35 -> 156760.87 | D35: =C35/B35*100 -> 54.700028 | E35: 2335.8 | F35: 761.2 | G35: =F35/E35*100 -> 32.588407 | H35: 232.8 | I35: 110.2 | J35: =I35/H35*100 -> 47.33677 | K35: 3088.5 | L35: 2407.5 | M35: =L35/K35*100 -> 77.950461 | N35: 61198.4 | O35: 31435.2 | P35: =O35/N35*100 -> 51.366049 | W35: 4528.8 | X35: 2054.6 | Y35: =X35/W35*100 -> 45.367426 | Z35: 239.8 | AA35: 105.07251 | AB35: =AA35/Z35*100 -> 43.816726 | AC35: 197851.6 | AD35: 111515.6 | AE35: =AD35/AC35*100 -> 56.363254 | AF35: 0 | AG35: 0 | AI35: 0 | AJ35: 0 | AL35: 767.3 | AM35: 370.2 | AN35: =AM35/AL35*100 -> 48.2471 | AO35: 11.3 | AP35: 0 | AQ35: =AP35/AO35*100 -> 0 | AR35: 585.8 | AS35: 282.8 | AT35: =AS35/AR35*100 -> 48.275862 | AU35: 11737.9 | AV35: 5805.2 | AW35: =AV35/AU35*100 -> 49.456888 | AX35: 395.7 | AY35: 201.9 | AZ35: =AY35/AX35*100 -> 51.023503 | BA35: 202.1 | BB35: 87.7 | BC35: =BB35/BA35*100 -> 43.394359 | BD35: 1925.1 | BE35: 960 | BF35: =BE35/BD35*100 -> 49.867539 | BG35: 766.7 | BH35: 373.5 | BI35: =BH35/BG35*100 -> 48.715273 | BM35: 73 | BN35: 43 | BO35: =BN35/BM35*100 -> 58.90411 | BP35: 201.8 | BQ35: 98.2 | BR35: =BQ35/BP35*100 -> 48.662042 | BS35: 213.9 | BT35: 102.6 | BU35: =BT35/BS35*100 -> 47.966339 | BV35: 3.4 | BW35: 0 | BX35: 0 | BY35: 223.1 | BZ35: 46.4 | CA35: =BZ35/BY35*100 -> 20.797848
A36: Питерский | B36: =E36+H36+K36+N36+Q36+T36+W36+Z36+AC36+AF36+AI36+AL36+AO36+AR36+AU36+AX36+BA36+BD36+BG36+BJ36+BM36+BP36+BS36+BV36+BY36 -> 142526 | C36: =F36+I36+L36+O36+R36+U36+X36+AA36+AD36+AG36+AJ36+AM36+AP36+AS36+AV36+AY36+BB36+BE36+BH36+BK36+BN36+BQ36+BT36+BW36+BZ36 -> 80827.796 | D36: =C36/B36*100 -> 56.710913 | E36: 509.3 | F36: 198.8 | G36: =F36/E36*100 -> 39.033968 | H36: 95.7 | I36: 36.9 | J36: =I36/H36*100 -> 38.557994 | K36: 1014.3 | L36: 439.5 | M36: =L36/K36*100 -> 43.330376 | N36: 35559.5 | O36: 16594.9 | P36: =O36/N36*100 -> 46.667979 | W36: 2678.9 | X36: 1330.4 | Y36: =X36/W36*100 -> 49.662175 | Z36: 95.9 | AA36: 37.5965 | AB36: =AA36/Z36*100 -> 39.203858 | AC36: 98635.2 | AD36: 59980.2 | AE36: =AD36/AC36*100 -> 60.810137 | AF36: 0 | AG36: 0 | AI36: 0 | AJ36: 0 | AL36: 191.8 | AM36: 49.2 | AN36: =AM36/AL36*100 -> 25.651721 | AO36: 0 | AP36: 0 | AR36: 203.9 | AS36: 80.5 | AT36: =AS36/AR36*100 -> 39.480137 | AU36: 1902.6 | AV36: 1321 | AW36: =AV36/AU36*100 -> 69.431305 | AX36: 210.7 | AY36: 99.8 | AZ36: =AY36/AX36*100 -> 47.365923 | BA36: 202.1 | BB36: 92.4 | BC36: =BB36/BA36*100 -> 45.719941 | BD36: 747.7 | BE36: 372 | BF36: =BE36/BD36*100 -> 49.752575 | BG36: 0 | BH36: 0 | BM36: 17.4 | BN36: 0 | BO36: =BN36/BM36*100 -> 0 | BP36: 201.8 | BQ36: 99.3 | BR36: =BQ36/BP36*100 -> 49.207136 | BS36: 213.9 | BT36: 95.3 | BU36: =BT36/BS36*100 -> 44.55353 | BV36: 0.7 | BW36: 0 | BX36: 0 | BY36: 44.6 | BZ36: 0 | CA36: =BZ36/BY36*100 -> 0
A37: Пугачевский | B37: =E37+H37+K37+N37+Q37+T37+W37+Z37+AC37+AF37+AI37+AL37+AO37+AR37+AU37+AX37+BA37+BD37+BG37+BJ37+BM37+BP37+BS37+BV37+BY37 -> 425874 | C37: =F37+I37+L37+O37+R37+U37+X37+AA37+AD37+AG37+AJ37+AM37+AP37+AS37+AV37+AY37+BB37+BE37+BH37+BK37+BN37+BQ37+BT37+BW37+BZ37 -> 236607.48 | D37: =C37/B37*100 -> 55.558094 | E37: 1793.3 | F37: 685.9 | G37: =F37/E37*100 -> 38.247923 | H37: 376.4 | I37: 162.7 | J37: =I37/H37*100 -> 43.225292 | K37: 6604.9 | L37: 4500 | M37: =L37/K37*100 -> 68.131236 | N37: 102710.2 | O37: 46570.2 | P37: =O37/N37*100 -> 45.341359 | W37: 6723.9 | X37: 3082.2 | Y37: =X37/W37*100 -> 45.839468 | Z37: 438.5 | AA37: 151.07701 | AB37: =AA37/Z37*100 -> 34.453138 | AC37: 294093.4 | AD37: 174709.4 | AE37: =AD37/AC37*100 -> 59.406093 | AF37: 0 | AG37: 0 | AI37: 0 | AJ37: 0 | AL37: 1172.6 | AM37: 508.7 | AN37: =AM37/AL37*100 -> 43.382228 | AO37: 0 | AP37: 0 | AR37: 401 | AS37: 182.8 | AT37: =AS37/AR37*100 -> 45.586035 | AU37: 7560.4 | AV37: 4102.1 | AW37: =AV37/AU37*100 -> 54.257711 | AX37: 583.4 | AY37: 260.5 | AZ37: =AY37/AX37*100 -> 44.65204 | BA37: 205.1 | BB37: 90.6 | BC37: =BB37/BA37*100 -> 44.173574 | BD37: 2652.9 | BE37: 1326 | BF37: =BE37/BD37*100 -> 49.983037 | BG37: 0 | BH37: 0 | BM37: 90.8 | BN37: 90.8 | BO37: =BN37/BM37*100 -> 100 | BP37: 204.9 | BQ37: 96.8 | BR37: =BQ37/BP37*100 -> 47.242557 | BS37: 217 | BT37: 87.7 | BU37: =BT37/BS37*100 -> 40.414747 | BV37: 0.7 | BW37: 0 | BX37: 0 | BY37: 44.6 | BZ37: 0 | CA37: =BZ37/BY37*100 -> 0
A38: Ровенский | B38: =E38+H38+K38+N38+Q38+T38+W38+Z38+AC38+AF38+AI38+AL38+AO38+AR38+AU38+AX38+BA38+BD38+BG38+BJ38+BM38+BP38+BS38+BV38+BY38 -> 155887.7 | C38: =F38+I38+L38+O38+R38+U38+X38+AA38+AD38+AG38+AJ38+AM38+AP38+AS38+AV38+AY38+BB38+BE38+BH38+BK38+BN38+BQ38+BT38+BW38+BZ38 -> 77888.884 | D38: =C38/B38*100 -> 49.96474 | E38: 941.5 | F38: 468.1 | G38: =F38/E38*100 -> 49.718534 | H38: 103.7 | I38: 30.8 | J38: =I38/H38*100 -> 29.701061 | K38: 1568.8 | L38: 690.2 | M38: =L38/K38*100 -> 43.995411 | N38: 32338.2 | O38: 12112.4 | P38: =O38/N38*100 -> 37.455393 | W38: 3669.8 | X38: 1709.1 | Y38: =X38/W38*100 -> 46.57202 | Z38: 95.9 | AA38: 36.68355 | AB38: =AA38/Z38*100 -> 38.251877 | AC38: 113556.2 | AD38: 61435.6 | AE38: =AD38/AC38*100 -> 54.101493 | AF38: 0 | AG38: 0 | AI38: 0 | AJ38: 0 | AL38: 383.7 | AM38: 112.2 | AN38: =AM38/AL38*100 -> 29.241595 | AO38: 0 | AP38: 0 | AR38: 203.9 | AS38: 77.6 | AT38: =AS38/AR38*100 -> 38.057872 | AU38: 1370.1 | AV38: 514.5 | AW38: =AV38/AU38*100 -> 37.552004 | AX38: 210.7 | AY38: 75.9 | AZ38: =AY38/AX38*100 -> 36.022781 | BA38: 202.1 | BB38: 78.9 | BC38: =BB38/BA38*100 -> 39.040079 | BD38: 768.6 | BE38: 384 | BF38: =BE38/BD38*100 -> 49.960968 | BG38: 0 | BH38: 0 | BM38: 13.5 | BN38: 0 | BO38: =BN38/BM38*100 -> 0 | BP38: 201.8 | BQ38: 83.2 | BR38: =BQ38/BP38*100 -> 41.22894 | BS38: 213.9 | BT38: 79.7 | BU38: =BT38/BS38*100 -> 37.260402 | BV38: 0.7 | BW38: 0 | BX38: 0 | BY38: 44.6 | BZ38: 0 | CA38: =BZ38/BY38*100 -> 0
A39: Романовский | B39: =E39+H39+K39+N39+Q39+T39+W39+Z39+AC39+AF39+AI39+AL39+AO39+AR39+AU39+AX39+BA39+BD39+BG39+BJ39+BM39+BP39+BS39+BV39+BY39 -> 102800 | C39: =F39+I39+L39+O39+R39+U39+X39+AA39+AD39+AG39+AJ39+AM39+AP39+AS39+AV39+AY39+BB39+BE39+BH39+BK39+BN39+BQ39+BT39+BW39+BZ39 -> 58020.931 | D39: =C39/B39*100 -> 56.440594 | E39: 618.4 | F39: 157.1 | G39: =F39/E39*100 -> 25.404269 | H39: 60.3 | I39: 22.3 | J39: =I39/H39*100 -> 36.981758 | K39: 652.2 | L39: 133.1 | M39: =L39/K39*100 -> 20.40785 | N39: 17215.3 | O39: 7484.9 | P39: =O39/N39*100 -> 43.478185 | W39: 2010.1 | X39: 857.4 | Y39: =X39/W39*100 -> 42.654594 | Z39: 48 | AA39: 16.33113 | AB39: =AA39/Z39*100 -> 34.023187 | AC39: 79058.8 | AD39: 47993.2 | AE39: =AD39/AC39*100 -> 60.705703 | AF39: 0 | AG39: 0 | AI39: 0 | AJ39: 0 | AL39: 191.8 | AM39: 93 | AN39: =AM39/AL39*100 -> 48.488008 | AO39: 0 | AP39: 0 | AR39: 203.9 | AS39: 98.7 | AT39: =AS39/AR39*100 -> 48.406081 | AU39: 1210.4 | AV39: 496.2 | AW39: =AV39/AU39*100 -> 40.994712 | AX39: 210.7 | AY39: 96.8 | AZ39: =AY39/AX39*100 -> 45.942098 | BA39: 202.1 | BB39: 54.1 | BC39: =BB39/BA39*100 -> 26.768926 | BD39: 647.6 | BE39: 324 | BF39: =BE39/BD39*100 -> 50.030883 | BG39: 0 | BH39: 0 | BM39: 11.7 | BN39: 0 | BO39: =BN39/BM39*100 -> 0 | BP39: 201.8 | BQ39: 98.1 | BR39: =BQ39/BP39*100 -> 48.612488 | BS39: 213.9 | BT39: 95.7 | BU39: =BT39/BS39*100 -> 44.740533 | BV39: 0.6 | BW39: 0 | BX39: 0 | BY39: 42.4 | BZ39: 0 | CA39: =BZ39/BY39*100 -> 0
A40: Ртищевский | B40: =E40+H40+K40+N40+Q40+T40+W40+Z40+AC40+AF40+AI40+AL40+AO40+AR40+AU40+AX40+BA40+BD40+BG40+BJ40+BM40+BP40+BS40+BV40+BY40 -> 365322.4 | C40: =F40+I40+L40+O40+R40+U40+X40+AA40+AD40+AG40+AJ40+AM40+AP40+AS40+AV40+AY40+BB40+BE40+BH40+BK40+BN40+BQ40+BT40+BW40+BZ40 -> 198602.06 | D40: =C40/B40*100 -> 54.363504 | E40: 733.1 | F40: 344.6 | G40: =F40/E40*100 -> 47.005866 | H40: 247.9 | I40: 106 | J40: =I40/H40*100 -> 42.759177 | K40: 3851.4 | L40: 3435.4 | M40: =L40/K40*100 -> 89.198733 | N40: 89055.5 | O40: 44394.9 | P40: =O40/N40*100 -> 49.850823 | W40: 5010.1 | X40: 2235.5 | Y40: =X40/W40*100 -> 44.619868 | Z40: 341 | AA40: 176.55652 | AB40: =AA40/Z40*100 -> 51.776106 | AC40: 232078.4 | AD40: 131760.1 | AE40: =AD40/AC40*100 -> 56.773961 | AF40: 14018.9 | AG40: 5841.2 | AH40: =AG40/AF40*100 -> 41.666607 | AI40: 140.2 | AJ40: 52.9 | AK40: =AJ40/AI40*100 -> 37.731812 | AL40: 781.7 | AM40: 391.1 | AN40: =AM40/AL40*100 -> 50.031982 | AO40: 76 | AP40: 2.3 | AQ40: =AP40/AO40*100 -> 3.0263158 | AR40: 595 | AS40: 208.4 | AT40: =AS40/AR40*100 -> 35.02521 | AU40: 14504.2 | AV40: 7907.1 | AW40: =AV40/AU40*100 -> 54.515933 | AX40: 583.4 | AY40: 247 | AZ40: =AY40/AX40*100 -> 42.338019 | BA40: 205.1 | BB40: 86.8 | BC40: =BB40/BA40*100 -> 42.320819 | BD40: 2475.8 | BE40: 1236 | BF40: =BE40/BD40*100 -> 49.923257 | BG40: 0 | BH40: 0 | BM40: 66.9 | BN40: 57.8 | BO40: =BN40/BM40*100 -> 86.397608 | BP40: 204.9 | BQ40: 83.9 | BR40: =BQ40/BP40*100 -> 40.946803 | BS40: 217 | BT40: 34.5 | BU40: =BT40/BS40*100 -> 15.898618 | BV40: 2 | BW40: 0 | BX40: 0 | BY40: 133.9 | BZ40: 0 | CA40: =BZ40/BY40*100 -> 0
A41: Самойловский | B41: =E41+H41+K41+N41+Q41+T41+W41+Z41+AC41+AF41+AI41+AL41+AO41+AR41+AU41+AX41+BA41+BD41+BG41+BJ41+BM41+BP41+BS41+BV41+BY41 -> 153380.8 | C41: =F41+I41+L41+O41+R41+U41+X41+AA41+AD41+AG41+AJ41+AM41+AP41+AS41+AV41+AY41+BB41+BE41+BH41+BK41+BN41+BQ41+BT41+BW41+BZ41 -> 100516.34 | D41: =C41/B41*100 -> 65.533846 | E41: 789.1 | F41: 357.7 | G41: =F41/E41*100 -> 45.330123 | H41: 78.9 | I41: 34.7 | J41: =I41/H41*100 -> 43.979721 | K41: 946.2 | L41: 582.8 | M41: =L41/K41*100 -> 61.593743 | N41: 18916.4 | O41: 10364.6 | P41: =O41/N41*100 -> 54.791609 | W41: 3535.6 | X41: 1125.2 | Y41: =X41/W41*100 -> 31.824867 | Z41: 95.9 | AA41: 32.7375 | AB41: =AA41/Z41*100 -> 34.137122 | AC41: 125751.9 | AD41: 86362.2 | AE41: =AD41/AC41*100 -> 68.676656 | AF41: 0 | AG41: 0 | AI41: 0 | AJ41: 0 | AL41: 191.8 | AM41: 91.3 | AN41: =AM41/AL41*100 -> 47.601668 | AO41: 0 | AP41: 0 | AR41: 203.9 | AS41: 86 | AT41: =AS41/AR41*100 -> 42.177538 | AU41: 1146.2 | AV41: 667.1 | AW41: =AV41/AU41*100 -> 58.201012 | AX41: 210.7 | AY41: 93.7 | AZ41: =AY41/AX41*100 -> 44.470812 | BA41: 202.1 | BB41: 85.2 | BC41: =BB41/BA41*100 -> 42.157348 | BD41: 832.2 | BE41: 414 | BF41: =BE41/BD41*100 -> 49.747657 | BG41: 0 | BH41: 0 | BM41: 18.9 | BN41: 18.9 | BO41: =BN41/BM41*100 -> 100 | BP41: 201.8 | BQ41: 97.1 | BR41: =BQ41/BP41*100 -> 48.116947 | BS41: 213.9 | BT41: 103.1 | BU41: =BT41/BS41*100 -> 48.200094 | BV41: 0.7 | BW41: 0 | BX41: 0 | BY41: 44.6 | BZ41: 0 | CA41: =BZ41/BY41*100 -> 0
A42: Саратовский | B42: =E42+H42+K42+N42+Q42+T42+W42+Z42+AC42+AF42+AI42+AL42+AO42+AR42+AU42+AX42+BA42+BD42+BG42+BJ42+BM42+BP42+BS42+BV42+BY42 -> 370384.7 | C42: =F42+I42+L42+O42+R42+U42+X42+AA42+AD42+AG42+AJ42+AM42+AP42+AS42+AV42+AY42+BB42+BE42+BH42+BK42+BN42+BQ42+BT42+BW42+BZ42 -> 202183.91 | D42: =C42/B42*100 -> 54.587544 | E42: 2049.9 | F42: 562.8 | G42: =F42/E42*100 -> 27.454998 | H42: 178.6 | I42: 89.3 | J42: =I42/H42*100 -> 50 | K42: 4185.5 | L42: 2214.9 | M42: =L42/K42*100 -> 52.918409 | N42: 104427.3 | O42: 52880.1 | P42: =O42/N42*100 -> 50.638195 | W42: 6184.9 | X42: 2709.2 | Y42: =X42/W42*100 -> 43.803457 | Z42: 292.3 | AA42: 136.51004 | AB42: =AA42/Z42*100 -> 46.702032 | AC42: 246243.5 | AD42: 140324.7 | AE42: =AD42/AC42*100 -> 56.986154 | AF42: 0 | AG42: 0 | AI42: 0 | AJ42: 0 | AL42: 781.7 | AM42: 335.8 | AN42: =AM42/AL42*100 -> 42.957656 | AO42: 0 | AP42: 0 | AR42: 206.9 | AS42: 79.5 | AT42: =AS42/AR42*100 -> 38.42436 | AU42: 2223.8 | AV42: 1222.4 | AW42: =AV42/AU42*100 -> 54.968972 | AX42: 583.4 | AY42: 224.6 | AZ42: =AY42/AX42*100 -> 38.498457 | BA42: 205.1 | BB42: 83.5 | BC42: =BB42/BA42*100 -> 40.711848 | BD42: 2263.3 | BE42: 1134 | BF42: =BE42/BD42*100 -> 50.103831 | BG42: 0 | BH42: 0 | BM42: 80 | BN42: 0 | BO42: =BN42/BM42*100 -> 0 | BP42: 204.9 | BQ42: 101.9 | BR42: =BQ42/BP42*100 -> 49.731576 | BS42: 217 | BT42: 84.7 | BU42: =BT42/BS42*100 -> 39.032258 | BV42: 0.8 | BW42: 0 | BX42: 0 | BY42: 55.8 | BZ42: 0 | CA42: =BZ42/BY42*100 -> 0
A43: Советский | B43: =E43+H43+K43+N43+Q43+T43+W43+Z43+AC43+AF43+AI43+AL43+AO43+AR43+AU43+AX43+BA43+BD43+BG43+BJ43+BM43+BP43+BS43+BV43+BY43 -> 177715.4 | C43: =F43+I43+L43+O43+R43+U43+X43+AA43+AD43+AG43+AJ43+AM43+AP43+AS43+AV43+AY43+BB43+BE43+BH43+BK43+BN43+BQ43+BT43+BW43+BZ43 -> 91174.95 | D43: =C43/B43*100 -> 51.303911 | E43: 1165.8 | F43: 542.8 | G43: =F43/E43*100 -> 46.560302 | H43: 248.1 | I43: 98.8 | J43: =I43/H43*100 -> 39.822652 | K43: 3384.6 | L43: 1471.9 | M43: =L43/K43*100 -> 43.488152 | N43: 43833.3 | O43: 20621.4 | P43: =O43/N43*100 -> 47.045055 | W43: 3283 | X43: 1659.6 | Y43: =X43/W43*100 -> 50.551325 | Z43: 191.8 | AA43: 66.05045 | AB43: =AA43/Z43*100 -> 34.437148 | AC43: 119912.8 | AD43: 63690.7 | AE43: =AD43/AC43*100 -> 53.11418 | AF43: 0 | AG43: 0 | AI43: 0 | AJ43: 0 | AL43: 383.7 | AM43: 131 | AN43: =AM43/AL43*100 -> 34.141256 | AO43: 0 | AP43: 0 | AR43: 203.9 | AS43: 97.4 | AT43: =AS43/AR43*100 -> 47.768514 | AU43: 2861.4 | AV43: 1774.8 | AW43: =AV43/AU43*100 -> 62.025582 | AX43: 210.7 | AY43: 103.7 | AZ43: =AY43/AX43*100 -> 49.216896 | BA43: 202.1 | BB43: 88.1 | BC43: =BB43/BA43*100 -> 43.592281 | BD43: 1196.6 | BE43: 600 | BF43: =BE43/BD43*100 -> 50.142069 | BG43: 0 | BH43: 0 | BM43: 40.7 | BN43: 25.8 | BO43: =BN43/BM43*100 -> 63.390663 | BP43: 201.8 | BQ43: 99.1 | BR43: =BQ43/BP43*100 -> 49.108028 | BS43: 213.9 | BT43: 103.8 | BU43: =BT43/BS43*100 -> 48.527349 | BV43: 2.7 | BW43: 0 | BX43: 0 | BY43: 178.5 | BZ43: 0 | CA43: =BZ43/BY43*100 -> 0
A44: Татищевский | B44: =E44+H44+K44+N44+Q44+T44+W44+Z44+AC44+AF44+AI44+AL44+AO44+AR44+AU44+AX44+BA44+BD44+BG44+BJ44+BM44+BP44+BS44+BV44+BY44 -> 242647.7 | C44: =F44+I44+L44+O44+R44+U44+X44+AA44+AD44+AG44+AJ44+AM44+AP44+AS44+AV44+AY44+BB44+BE44+BH44+BK44+BN44+BQ44+BT44+BW44+BZ44 -> 141950.11 | D44: =C44/B44*100 -> 58.500498 | E44: 231.2 | F44: 94 | G44: =F44/E44*100 -> 40.657439 | H44: 153.9 | I44: 64.2 | J44: =I44/H44*100 -> 41.7154 | K44: 3164.8 | L44: 2358.9 | M44: =L44/K44*100 -> 74.535516 | N44: 26200.9 | O44: 14040 | P44: =O44/N44*100 -> 53.585946 | W44: 3113.8 | X44: 1567.2 | Y44: =X44/W44*100 -> 50.330786 | Z44: 191.8 | AA44: 65.21214 | AB44: =AA44/Z44*100 -> 34.000073 | AC44: 205619.8 | AD44: 122139.7 | AE44: =AD44/AC44*100 -> 59.400748 | AF44: 0 | AG44: 0 | AI44: 0 | AJ44: 0 | AL44: 575.5 | AM44: 164.8 | AN44: =AM44/AL44*100 -> 28.635969 | AO44: 24.9 | AP44: 2.4 | AQ44: =AP44/AO44*100 -> 9.6385542 | AR44: 203.9 | AS44: 70.2 | AT44: =AS44/AR44*100 -> 34.428641 | AU44: 563.5 | AV44: 361.7 | AW44: =AV44/AU44*100 -> 64.18811 | AX44: 395.7 | AY44: 167.4 | AZ44: =AY44/AX44*100 -> 42.304776 | BA44: 202.1 | BB44: 73.5 | BC44: =BB44/BA44*100 -> 36.368135 | BD44: 1269.9 | BE44: 640 | BF44: =BE44/BD44*100 -> 50.397669 | BG44: 0 | BH44: 0 | BM44: 37.2 | BN44: 37.2 | BO44: =BN44/BM44*100 -> 100 | BP44: 201.8 | BQ44: 70.3 | BR44: =BQ44/BP44*100 -> 34.836472 | BS44: 213.9 | BT44: 27.1 | BU44: =BT44/BS44*100 -> 12.669472 | BV44: 4.2 | BW44: 0 | BX44: 0 | BY44: 278.9 | BZ44: 6.3 | CA44: =BZ44/BY44*100 -> 2.2588741
A45: Турковский | B45: =E45+H45+K45+N45+Q45+T45+W45+Z45+AC45+AF45+AI45+AL45+AO45+AR45+AU45+AX45+BA45+BD45+BG45+BJ45+BM45+BP45+BS45+BV45+BY45 -> 98106.7 | C45: =F45+I45+L45+O45+R45+U45+X45+AA45+AD45+AG45+AJ45+AM45+AP45+AS45+AV45+AY45+BB45+BE45+BH45+BK45+BN45+BQ45+BT45+BW45+BZ45 -> 50013.09 | D45: =C45/B45*100 -> 50.978262 | E45: 399.5 | F45: 199.8 | G45: =F45/E45*100 -> 50.012516 | H45: 29.5 | I45: 12.4 | J45: =I45/H45*100 -> 42.033898 | K45: 330.8 | L45: 165.4 | M45: =L45/K45*100 -> 50 | N45: 15442.5 | O45: 6462.3 | P45: =O45/N45*100 -> 41.847499 | W45: 1633.1 | X45: 673.3 | Y45: =X45/W45*100 -> 41.228339 | Z45: 48 | AA45: 10.89033 | AB45: =AA45/Z45*100 -> 22.688188 | AC45: 76225.8 | AD45: 41023.8 | AE45: =AD45/AC45*100 -> 53.818786 | AF45: 0 | AG45: 0 | AI45: 0 | AJ45: 0 | AL45: 191.8 | AM45: 86 | AN45: =AM45/AL45*100 -> 44.838373 | AO45: 0 | AP45: 0 | AR45: 203.9 | AS45: 76.5 | AT45: =AS45/AR45*100 -> 37.518391 | AU45: 2207.7 | AV45: 675.9 | AW45: =AV45/AU45*100 -> 30.615573 | AX45: 210.7 | AY45: 94.1 | AZ45: =AY45/AX45*100 -> 44.660655 | BA45: 202.1 | BB45: 96.4 | BC45: =BB45/BA45*100 -> 47.699159 | BD45: 501.9 | BE45: 251.8 | BF45: =BE45/BD45*100 -> 50.169356 | BG45: 0 | BH45: 0 | BM45: 18.4 | BN45: 0 | BO45: =BN45/BM45*100 -> 0 | BP45: 201.8 | BQ45: 91.4 | BR45: =BQ45/BP45*100 -> 45.292369 | BS45: 213.9 | BT45: 93.1 | BU45: =BT45/BS45*100 -> 43.525012 | BV45: 0.7 | BW45: 0 | BX45: 0 | BY45: 44.6 | BZ45: 0 | CA45: =BZ45/BY45*100 -> 0
